Workbook
Name \A: #REF!
Name \A: #REF!
Name \g: #REF!
Name \g: #REF!
Name \S: #REF!
Name \S: #REF!
Name ACTIVATE: #REF!
Name ACTIVATE: #REF!
Name ASSUMPT: #REF!
Name ASSUMPT: #REF!
Name ASSUMPTIONS: #REF!
Name ASSUMPTIONS: #REF!
Name basicdata1: #REF!
Name basicdata1: #REF!
Name basicdata2: #REF!
Name basicdata2: #REF!
Name BCA_NGDP: [5]Q6!$E$10:$AH$10
Name BMG: [5]Q6!$E$27:$AH$27
Name BOP: #REF!
Name BOP: #REF!
Name BXG: [5]Q6!$E$19:$AH$19
Name CAPITAL: #REF!
Name CAPITAL: #REF!
Name CARGO_BY_TYPE: '[6]Table No.18-Exports goods+servi'!#REF!
Name CARGO_BY_TYPE: '[6]Table No.18-Exports goods+servi'!#REF!
Name CCode: [7]Codes!$A$2
Name CENTRALG: #REF!
Name CENTRALG: #REF!
Name CFLOW: #REF!
Name CFLOW: #REF!
Name chart1: #REF!
Name chart1: #REF!
Name Chart11: #REF!
Name Chart11: #REF!
Name chart2: #REF!
Name chart2: #REF!
Name Chart22: #REF!
Name Chart22: #REF!
Name COUNTER: #REF!
Name COUNTER: #REF!
Name CurrVintage: [8]Current!$D$66
Name Date: [7]Current!$D$67
Name DEBT: #REF!
Name DEBT: #REF!
Name Discount_NC: [9]NPV_base!#REF!
Name Discount_NC: [9]NPV_base!#REF!
Name DiscountRate: #REF!
Name DiscountRate: #REF!
Name empty: [1]Micro!#REF!
Name empty: [1]Micro!#REF!
Name EX_IMP: #REF!
Name EX_IMP: #REF!
Name GCB_NGDP: [5]Q4!$E$19:$AH$19
Name GGB_NGDP: [5]Q4!$E$41:$AH$41
Name Grace_NC: [9]NPV_base!#REF!
Name Grace_NC: [9]NPV_base!#REF!
Name IMPORT: #REF!
Name IMPORT: #REF!
Name IN_OUT: #REF!
Name IN_OUT: #REF!

Sheet GobFed
A1: Versión 05 | B1: Variables a actualizar manualmente si hay cambios en la BDH | I1: Ingresos del Gobierno Federal de diversas fuentes | Z1: Egresos del Gobierno Federal de diversas fuentes | AQ1: Balances del Gobierno Federal de diversas fuentes | BI1: Balances del GF VS BdeM financiamiento
A2: Año | B2: PIB real | C2: Deflactor del PIB | D2: PIB Nominal | E2: Inflación promedio | F2: PIB potencial | G2: Tipo de cambio | I2: Año | J2: CHPF inicial | K2: CHPF revisada | L2: CHPF revisada ajustada por margen | M2: INEGI (2015) | N2: Cárdenas (1994) | O2: Cárdenas (2015) | P2: Santillan y Rosas (1962) Brutos | Q2: Santillan y Rosas (1962) Netos | R2: Santillan y Rosas (1962) Margen financiero | S2: NAFIN 1984 y1986 | T2: De Beers (1953) | U2: Izquierdo (1995) | V2: Aguilar (1947) Texto | W2: DGPH | X2: Ingresos GF Fusión | Z2: Año | AA2: CHPF inicial | AB2: CHPF revisada | AC2: CHPF revisada ajustada por margen | AD2: INEGI (2015) | AE2: Cárdenas (1994) | AF2: Cárdenas (2015) | AG2: Santillan y Rosas (1962) Brutos | AH2: Santillan y Rosas (1962) Netos | AI2: Santillan y Rosas (1962) Margen financiero | AJ2: NAFIN 1984 y1986 | AK2: De Beers (1953) | AL2: Izquierdo (1995) | AM2: Aguilar (1947) Texto | AN2: DGPH | AO2: Egresos GF Fusión | AQ2: Año | AR2: CHPF inicial | AS2: CHPF revisada | AT2: CHPF revisada ajustada por margen | AU2: INEGI (2015) | AV2: Cárdenas (1994) | AW2: Cárdenas (2015) | AX2: Santillan y Rosas (1962) Brutos | AY2: Santillan y Rosas (1962) Netos | AZ2: Santillan y Rosas (1962) Margen financiero | BA2: NAFIN 1984 y1986 | BB2: De Beers (1953) | BC2: Izquierdo (1995) | BD2: Aguilar (1947) Texto | BE2: DGPH | BF2: BdeM Vía financiamiento | BG2: Balance GF Fusión | BI2: Año | BJ2: CHPF inicial | BK2: CHPF revisada | BL2: CHPF revisada ajustada por margen | BM2: INEGI (2015) | BN2: Cárdenas (1994) | BO2: Cárdenas (2015) | BP2: Santillan y Rosas (1962) Brutos | BQ2: Santillan y Rosas (1962) Netos | BR2: Santillan y Rosas (1962) Margen financiero | BS2: NAFIN 1984 y1986 | BT2: De Beers (1953) | BU2: Izquierdo (1995) | BV2: Aguilar (1947) Texto | BW2: DGPH | BY2: Egresos total GF | BZ2: Egreso corriente GF | CA2: Inversión GF | CB2: Ingresos | CC2: Ahorro del GF
CB3: del GF
A5: 1920 | D5: - | E5: 4.8 | I5: 1920 | J5: - | K5: - | M5: - | N5: - | O5: - | Q5: - | S5: - | T5: - | U5: - | V5: - | W5: - | X5: - | Z5: 1920 | AA5: - | AB5: - | AD5: - | AE5: - | AF5: - | AG5: - | AH5: - | AI5: - | AJ5: - | AK5: - | AL5: - | AM5: - | AN5: - | AQ5: 1920 | AR5: - | AS5: - | AT5: - | AU5: - | AV5: - | AW5: - | AX5: - | AY5: - | AZ5: - | BA5: - | BB5: - | BC5: - | BD5: - | BE5: - | BF5: - | BG5: - | BI5: 1920 | BJ5: - | BK5: - | BL5: - | BM5: - | BN5: - | BO5: - | BP5: - | BQ5: - | BR5: - | BS5: - | BT5: - | BU5: - | BV5: - | BW5: - | BY5: - | BZ5: - | CA5: - | CB5: - | CC5: -
A6: 1921 | B6: 17117.41 | C6: 31.86814 | D6: 5455 | E6: -8.7060923 | G6: 2.04 | I6: 1921 | J6: - | K6: - | M6: - | N6: - | O6: - | Q6: - | S6: - | T6: - | U6: - | V6: - | W6: - | X6: - | Z6: 1921 | AA6: - | AB6: - | AD6: - | AE6: - | AF6: - | AG6: - | AH6: - | AI6: - | AJ6: - | AK6: - | AL6: - | AM6: - | AN6: - | AQ6: 1921 | AR6: - | AS6: - | AT6: - | AU6: - | AV6: - | AW6: - | AX6: - | AY6: - | AZ6: - | BA6: - | BB6: - | BC6: - | BD6: - | BE6: - | BF6: - | BG6: - | BI6: 1921 | BJ6: - | BK6: - | BL6: - | BM6: - | BN6: - | BO6: - | BP6: - | BQ6: - | BR6: - | BS6: - | BT6: - | BU6: - | BV6: - | BW6: - | BY6: - | BZ6: - | CA6: - | CB6: - | CC6: -
A7: 1922 | B7: 17516.471 | C7: 26.203908 | D7: 4590 | E7: -16.086235 | G7: 2.05 | I7: 1922 | J7: - | K7: - | M7: - | N7: - | O7: - | Q7: - | S7: - | T7: - | U7: - | V7: - | W7: - | X7: - | Z7: 1922 | AA7: - | AB7: - | AD7: - | AE7: - | AF7: - | AG7: - | AH7: - | AI7: - | AJ7: - | AK7: - | AL7: - | AM7: - | AN7: - | AQ7: 1922 | AR7: - | AS7: - | AT7: - | AU7: - | AV7: - | AW7: - | AX7: - | AY7: - | AZ7: - | BA7: - | BB7: - | BC7: - | BD7: - | BE7: - | BF7: - | BG7: - | BI7: 1922 | BJ7: - | BK7: - | BL7: - | BM7: - | BN7: - | BO7: - | BP7: - | BQ7: - | BR7: - | BS7: - | BT7: - | BU7: - | BV7: - | BW7: - | BY7: - | BZ7: - | CA7: - | CB7: - | CC7: -
A8: 1923 | B8: 18118.274 | C8: 27.673718 | D8: 5014 | E8: 7.1146245 | G8: 2.06 | I8: 1923 | J8: - | K8: - | M8: 265 | N8: - | O8: - | Q8: - | S8: - | T8: - | U8: - | V8: - | W8: - | X8: =M8 -> 265 | Z8: 1923 | AA8: - | AB8: - | AD8: 348 | AE8: - | AF8: - | AG8: - | AH8: - | AI8: - | AJ8: - | AK8: - | AL8: - | AM8: - | AN8: - | AO8: =X8-BG8 -> 348 | AQ8: 1923 | AR8: - | AS8: - | AT8: - | AU8: =M8-AD8 -> -83 | AV8: - | AW8: - | AX8: - | AY8: - | AZ8: - | BA8: - | BB8: - | BC8: - | BD8: - | BE8: - | BF8: - | BG8: =AU8 -> -83 | BI8: 1923 | BJ8: - | BK8: - | BL8: - | BM8: - | BN8: - | BO8: - | BP8: - | BQ8: - | BR8: - | BS8: - | BT8: - | BU8: - | BV8: - | BW8: - | BY8: - | BZ8: - | CA8: - | CB8: - | CC8: -
A9: 1924 | B9: 17825.313 | C9: 25.991128 | D9: 4633 | E9: -4.1512915 | G9: 2.07 | I9: 1924 | J9: - | K9: - | M9: 284 | N9: - | O9: - | Q9: - | S9: - | T9: - | U9: - | V9: - | W9: - | X9: =M9 -> 284 | Z9: 1924 | AA9: - | AB9: - | AD9: 276 | AE9: - | AF9: - | AG9: - | AH9: - | AI9: - | AJ9: - | AK9: - | AL9: - | AM9: - | AN9: - | AO9: =X9-BG9 -> 276 | AQ9: 1924 | AR9: - | AS9: - | AT9: - | AU9: =M9-AD9 -> 8 | AV9: - | AW9: - | AX9: - | AY9: - | AZ9: - | BA9: - | BB9: - | BC9: - | BD9: - | BE9: - | BF9: - | BG9: =AU9 -> 8 | BI9: 1924 | BJ9: - | BK9: - | BL9: - | BM9: - | BN9: - | BO9: - | BP9: - | BQ9: - | BR9: - | BS9: - | BT9: - | BU9: - | BV9: - | BW9: - | BY9: - | BZ9: - | CA9: - | CB9: - | CC9: -
A10: 1925 | B10: 18930.589 | C10: 27.674787 | D10: 5239 | E10: 4.9085659 | G10: 2.0483333 | I10: 1925 | J10: - | K10: - | M10: 322 | N10: 322 | O10: - | Q10: - | S10: - | T10: - | U10: - | V10: - | W10: - | X10: =M10 -> 322 | Z10: 1925 | AA10: - | AB10: - | AD10: 293 | AE10: 298 | AF10: - | AG10: - | AH10: - | AI10: - | AJ10: - | AK10: - | AL10: - | AM10: - | AN10: - | AO10: =X10-BG10 -> 293 | AQ10: 1925 | AR10: - | AS10: - | AT10: - | AU10: =M10-AD10 -> 29 | AV10: =N10-AE10 -> 24 | AW10: - | AX10: - | AY10: - | AZ10: - | BA10: - | BB10: - | BC10: - | BD10: - | BE10: - | BF10: - | BG10: =AU10 -> 29 | BI10: 1925 | BJ10: - | BK10: - | BL10: - | BM10: - | BN10: - | BO10: - | BP10: - | BQ10: - | BR10: - | BS10: - | BT10: - | BU10: - | BV10: - | BW10: - | BY10: - | BZ10: - | CA10: - | CB10: - | CC10: -
A11: 1926 | B11: 20066.275 | C11: 27.254684 | D11: 5469 | E11: -1.8348624 | G11: 2.1308333 | I11: 1926 | J11: - | K11: - | M11: 309 | N11: 309 | O11: - | Q11: - | S11: - | T11: - | U11: - | V11: - | W11: - | X11: =M11 -> 309 | Z11: 1926 | AA11: - | AB11: - | AD11: 307 | AE11: 325 | AF11: - | AG11: - | AH11: - | AI11: - | AJ11: - | AK11: - | AL11: - | AM11: - | AN11: - | AO11: =X11-BG11 -> 307 | AQ11: 1926 | AR11: - | AS11: - | AT11: - | AU11: =M11-AD11 -> 2 | AV11: =N11-AE11 -> -16 | AW11: - | AX11: - | AY11: - | AZ11: - | BA11: - | BB11: - | BC11: - | BD11: - | BE11: - | BF11: - | BG11: =AU11 -> 2 | BI11: 1926 | BJ11: - | BK11: - | BL11: - | BM11: - | BN11: - | BO11: - | BP11: - | BQ11: - | BR11: - | BS11: - | BT11: - | BU11: - | BV11: - | BW11: - | BY11: - | BZ11: - | CA11: - | CB11: - | CC11: -
A12: 1927 | B12: 19183.677 | C12: 25.996059 | D12: 4987 | E12: -2.3364486 | G12: 2.2883333 | I12: 1927 | J12: - | K12: - | M12: 307 | N12: 295 | O12: - | Q12: - | S12: - | T12: - | U12: - | V12: - | W12: - | X12: =M12 -> 307 | Z12: 1927 | AA12: - | AB12: - | AD12: 310 | AE12: 310 | AF12: - | AG12: - | AH12: - | AI12: - | AJ12: - | AK12: - | AL12: - | AM12: - | AN12: - | AO12: =X12-BG12 -> 310 | AQ12: 1927 | AR12: - | AS12: - | AT12: - | AU12: =M12-AD12 -> -3 | AV12: =N12-AE12 -> -15 | AW12: - | AX12: - | AY12: - | AZ12: - | BA12: - | BB12: - | BC12: - | BD12: - | BE12: - | BF12: - | BG12: =AU12 -> -3 | BI12: 1927 | BJ12: - | BK12: - | BL12: - | BM12: - | BN12: - | BO12: - | BP12: - | BQ12: - | BR12: - | BS12: - | BT12: - | BU12: - | BV12: - | BW12: - | BY12: - | BZ12: - | CA12: - | CB12: - | CC12: -
A13: 1928 | B13: 19302.618 | C13: 25.996474 | D13: 5018 | E13: -4.0191388 | G13: 2.1541667 | I13: 1928 | J13: - | K13: - | M13: 311 | N13: 300 | O13: - | Q13: - | S13: - | T13: - | U13: - | V13: - | W13: - | X13: =M13 -> 311 | Z13: 1928 | AA13: - | AB13: - | AD13: 287 | AE13: 288 | AF13: - | AG13: - | AH13: - | AI13: - | AJ13: - | AK13: - | AL13: - | AM13: - | AN13: - | AO13: =X13-BG13 -> 287 | AQ13: 1928 | AR13: - | AS13: - | AT13: - | AU13: =M13-AD13 -> 24 | AV13: =N13-AE13 -> 12 | AW13: - | AX13: - | AY13: - | AZ13: - | BA13: - | BB13: - | BC13: - | BD13: - | BE13: - | BF13: - | BG13: =AU13 -> 24 | BI13: 1928 | BJ13: - | BK13: - | BL13: - | BM13: - | BN13: - | BO13: - | BP13: - | BQ13: - | BR13: - | BS13: - | BT13: - | BU13: - | BV13: - | BW13: - | BY13: - | BZ13: - | CA13: - | CB13: - | CC13: -
A14: 1929 | B14: 18555.856 | C14: 26.20736 | D14: 4863 | E14: -0.29910269 | G14: 2.1458333 | I14: 1929 | J14: - | K14: - | M14: 322 | N14: 322 | O14: - | Q14: - | S14: - | T14: - | U14: - | V14: - | W14: - | X14: =M14 -> 322 | Z14: 1929 | AA14: - | AB14: - | AD14: 276 | AE14: 276 | AF14: - | AG14: - | AH14: - | AI14: - | AJ14: - | AK14: - | AL14: - | AM14: - | AN14: - | AO14: =X14-BG14 -> 276 | AQ14: 1929 | AR14: - | AS14: - | AT14: - | AU14: =M14-AD14 -> 46 | AV14: =N14-AE14 -> 46 | AW14: - | AX14: - | AY14: - | AZ14: - | BA14: - | BB14: - | BC14: - | BD14: - | BE14: - | BF14: - | BG14: =AU14 -> 46 | BI14: 1929 | BJ14: - | BK14: - | BL14: - | BM14: - | BN14: - | BO14: - | BP14: - | BQ14: - | BR14: - | BS14: - | BT14: - | BU14: - | BV14: - | BW14: - | BY14: - | BZ14: - | CA14: - | CB14: - | CC14: -
A15: 1930 | B15: 17392.799 | C15: 26.838693 | D15: 4668 | E15: 0.2 | G15: 2.2483333 | I15: 1930 | J15: - | K15: - | M15: 289 | N15: 289 | O15: - | Q15: - | S15: - | T15: - | U15: - | V15: - | W15: - | X15: =M15 -> 289 | Z15: 1930 | AA15: - | AB15: - | AD15: 279 | AE15: 279 | AF15: - | AG15: - | AH15: - | AI15: - | AJ15: - | AK15: - | AL15: - | AM15: - | AN15: - | AO15: =X15-BG15 -> 279 | AQ15: 1930 | AR15: - | AS15: - | AT15: - | AU15: =M15-AD15 -> 10 | AV15: =N15-AE15 -> 10 | AW15: - | AX15: - | AY15: - | AZ15: - | BA15: - | BB15: - | BC15: - | BD15: - | BE15: - | BF15: - | BG15: =AU15 -> 10 | BI15: 1930 | BJ15: - | BK15: - | BL15: - | BM15: - | BN15: - | BO15: - | BP15: - | BQ15: - | BR15: - | BS15: - | BT15: - | BU15: - | BV15: - | BW15: - | BY15: - | BZ15: - | CA15: - | CB15: - | CC15: -
A16: 1931 | B16: 17969.259 | C16: 23.473422 | D16: 4218 | E16: -10.179641 | G16: 2.6933333 | I16: 1931 | J16: - | K16: - | M16: 256 | N16: 256 | O16: - | Q16: - | S16: - | T16: - | U16: - | V16: - | W16: - | X16: =M16 -> 256 | Z16: 1931 | AA16: - | AB16: - | AD16: 227 | AE16: 226 | AF16: - | AG16: - | AH16: - | AI16: - | AJ16: - | AK16: - | AL16: - | AM16: - | AN16: - | AO16: =X16-BG16 -> 227 | AQ16: 1931 | AR16: - | AS16: - | AT16: - | AU16: =M16-AD16 -> 29 | AV16: =N16-AE16 -> 30 | AW16: - | AX16: - | AY16: - | AZ16: - | BA16: - | BB16: - | BC16: - | BD16: - | BE16: - | BF16: - | BG16: =AU16 -> 29 | BI16: 1931 | BJ16: - | BK16: - | BL16: - | BM16: - | BN16: - | BO16: - | BP16: - | BQ16: - | BR16: - | BS16: - | BT16: - | BU16: - | BV16: - | BW16: - | BY16: - | BZ16: - | CA16: - | CB16: - | CC16: -
A17: 1932 | B17: 15289.025 | C17: 20.96929 | D17: 3206 | E17: 11.2 | G17: 3.1625 | I17: 1932 | J17: - | K17: - | M17: 212 | N17: 212 | O17: 212 | Q17: - | S17: - | T17: - | U17: - | V17: - | W17: - | X17: =M17 -> 212 | Z17: 1932 | AA17: - | AB17: - | AD17: 212 | AE17: 212 | AF17: 212 | AG17: - | AH17: - | AI17: - | AJ17: - | AK17: - | AL17: - | AM17: - | AN17: - | AO17: =X17-BG17 -> 212 | AQ17: 1932 | AR17: - | AS17: - | AT17: - | AU17: =M17-AD17 -> 0 | AV17: =N17-AE17 -> 0 | AW17: =O17-AF17 -> 0 | AX17: - | AY17: - | AZ17: - | BA17: - | BB17: - | BC17: - | BD17: - | BE17: - | BF17: - | BG17: =AU17 -> 0 | BI17: 1932 | BJ17: - | BK17: - | BL17: - | BM17: - | BN17: - | BO17: - | BP17: - | BQ17: - | BR17: - | BS17: - | BT17: - | BU17: - | BV17: - | BW17: - | BY17: - | BZ17: - | CA17: - | CB17: - | CC17: -
A18: 1933 | B18: 17016.377 | C18: 22.225648 | D18: 3782 | E18: 6.1053668 | F18: 18222.729 | G18: 3.5258333 | I18: 1933 | J18: - | K18: - | M18: 223 | N18: 223 | O18: 223 | Q18: - | S18: - | T18: - | U18: - | V18: - | W18: - | X18: =M18 -> 223 | Z18: 1933 | AA18: - | AB18: - | AD18: 246 | AE18: 245 | AF18: 246 | AG18: - | AH18: - | AI18: - | AJ18: - | AK18: - | AL18: - | AM18: - | AN18: - | AO18: =X18-BG18 -> 246 | AQ18: 1933 | AR18: - | AS18: - | AT18: - | AU18: =M18-AD18 -> -23 | AV18: =N18-AE18 -> -22 | AW18: =O18-AF18 -> -23 | AX18: - | AY18: - | AZ18: - | BA18: - | BB18: - | BC18: - | BD18: - | BE18: - | BF18: - | BG18: =AU18 -> -23 | BI18: 1933 | BJ18: - | BK18: - | BL18: - | BM18: - | BN18: - | BO18: - | BP18: - | BQ18: - | BR18: - | BS18: - | BT18: - | BU18: - | BV18: - | BW18: - | BY18: - | BZ18: - | CA18: - | CB18: - | CC18: -
A19: 1934 | B19: 18164.566 | C19: 22.852184 | D19: 4151 | E19: 5.512761 | F19: 18892.171 | G19: 3.6 | I19: 1934 | J19: 266.1 | K19: 287.1 | M19: 295 | N19: 295 | O19: 295 | Q19: - | S19: - | T19: - | U19: - | V19: 295.9 | W19: - | X19: =M19 -> 295 | Z19: 1934 | AA19: 253.8 | AB19: 259.1 | AD19: 265 | AE19: 265 | AF19: 265 | AG19: - | AH19: - | AI19: - | AJ19: - | AK19: - | AL19: - | AM19: 264.7 | AN19: - | AO19: =X19-BG19 -> 266.6 | AQ19: 1934 | AR19: =J19-AA19 -> 12.3 | AS19: =K19-AB19 -> 28 | AT19: - | AU19: =M19-AD19 -> 30 | AV19: =N19-AE19 -> 30 | AW19: =O19-AF19 -> 30 | AX19: - | AY19: - | AZ19: - | BA19: - | BB19: - | BC19: - | BD19: =V19-AM19 -> 31.2 | BF19: 28.4 | BG19: =BF19 -> 28.4 | BI19: 1934 | BJ19: =$BF19-AR19 -> 16.1 | BK19: =$BF19-AS19 -> 0.4 | BL19: - | BM19: =$BF19-AU19 -> -1.6 | BN19: =$BF19-AV19 -> -1.6 | BO19: =$BF19-AW19 -> -1.6 | BP19: - | BQ19: - | BR19: - | BS19: - | BT19: - | BU19: - | BV19: =$BF19-BD19 -> -2.8 | BW19: - | BY19: =AO88 -> 6.4225488 | BZ19: =BY19-CA19 -> 5.5891065 | CA19: 0.83344228 | CB19: =X88 -> 7.1067213 | CC19: =CB19-BZ19 -> 1.5176148
A20: 1935 | B20: 19514.482 | C20: 23.264773 | D20: 4540 | E20: -0.30785469 | F20: 19669.276 | G20: 3.6 | I20: 1935 | J20: 336.9 | K20: 355.9 | L20: =K20-R20 -> 338.3 | M20: 313 | N20: 313 | O20: 313 | P20: 330.6 | Q20: 313 | R20: =P20-Q20 -> 17.6 | S20: - | T20: - | U20: - | V20: 329.7 | W20: - | X20: =L20 -> 338.3 | Z20: 1935 | AA20: 278.9 | AB20: 285.5 | AC20: =AB20-AI20 -> 284.9 | AD20: 301 | AE20: 301 | AF20: 301 | AG20: 301.4 | AH20: 300.8 | AI20: =AG20-AH20 -> 0.6 | AJ20: - | AK20: - | AL20: - | AM20: 300.7 | AN20: - | AO20: =X20-BG20 -> 296.1 | AQ20: 1935 | AR20: =J20-AA20 -> 58 | AS20: =K20-AB20 -> 70.4 | AT20: =AS20-AZ20 -> 53.4 | AU20: =M20-AD20 -> 12 | AV20: =N20-AE20 -> 12 | AW20: =O20-AF20 -> 12 | AX20: =P20-AG20 -> 29.2 | AY20: =Q20-AH20 -> 12.2 | AZ20: =R20-AI20 -> 17 | BA20: - | BB20: - | BC20: - | BD20: =V20-AM20 -> 29 | BF20: 42.2 | BG20: =BF20 -> 42.2 | BI20: 1935 | BJ20: =$BF20-AR20 -> -15.8 | BK20: =$BF20-AS20 -> -28.2 | BL20: =$BF20-AT20 -> -11.2 | BM20: =$BF20-AU20 -> 30.2 | BN20: =$BF20-AV20 -> 30.2 | BO20: =$BF20-AW20 -> 30.2 | BP20: =$BF20-AX20 -> 13 | BQ20: =$BF20-AY20 -> 30 | BR20: - | BS20: - | BT20: - | BU20: - | BV20: =$BF20-BD20 -> 13.2 | BW20: - | BY20: =AO89 -> 6.5220264 | BZ20: =BY20-CA20 -> 5.2312775 | CA20: 1.2907489 | CB20: =X89 -> 7.4515419 | CC20: =CB20-BZ20 -> 2.2202643
A21: 1936 | B21: 21071.87 | C21: 25.370316 | D21: 5346 | E21: 6.2908064 | F21: 20539.54 | G21: 3.6 | I21: 1936 | J21: 385.2 | K21: 407.4 | L21: =K21-R21 -> 402.1 | M21: 385 | N21: 385 | O21: 385 | P21: 385.2 | Q21: 379.9 | R21: =P21-Q21 -> 5.3 | S21: - | T21: - | U21: - | V21: 381.7 | W21: - | X21: =L21 -> 402.1 | Z21: 1936 | AA21: 406.1 | AB21: 380.2 | AC21: =AB21-AI21 -> 376.4 | AD21: 406 | AE21: 406 | AF21: 406 | AG21: 406.1 | AH21: 402.3 | AI21: =AG21-AH21 -> 3.8 | AJ21: - | AK21: - | AL21: - | AM21: 402.5 | AN21: - | AO21: =X21-BG21 -> 474.1 | AQ21: 1936 | AR21: =J21-AA21 -> -20.9 | AS21: =K21-AB21 -> 27.2 | AT21: =AS21-AZ21 -> 25.7 | AU21: =M21-AD21 -> -21 | AV21: =N21-AE21 -> -21 | AW21: =O21-AF21 -> -21 | AX21: =P21-AG21 -> -20.9 | AY21: =Q21-AH21 -> -22.4 | AZ21: =R21-AI21 -> 1.5 | BA21: - | BB21: - | BC21: - | BD21: =V21-AM21 -> -20.8 | BF21: -72 | BG21: =BF21 -> -72 | BI21: 1936 | BJ21: =$BF21-AR21 -> -51.1 | BK21: =$BF21-AS21 -> -99.2 | BL21: =$BF21-AT21 -> -97.7 | BM21: =$BF21-AU21 -> -51 | BN21: =$BF21-AV21 -> -51 | BO21: =$BF21-AW21 -> -51 | BP21: =$BF21-AX21 -> -51.1 | BQ21: =$BF21-AY21 -> -49.6 | BR21: - | BS21: - | BT21: - | BU21: - | BV21: =$BF21-BD21 -> -51.2 | BW21: - | BY21: =AO90 -> 8.8683128 | BZ21: =BY21-CA21 -> 7.3419379 | CA21: 1.5263749 | CB21: =X90 -> 7.5215114 | CC21: =CB21-BZ21 -> 0.17957351
A22: 1937 | B22: 21769.298 | C22: 31.236652 | D22: 6800 | E22: 18.419524 | F22: 21488.39 | G22: 3.6 | I22: 1937 | J22: 451.1 | K22: 449.9 | L22: =K22-R22 -> 433.9 | M22: 451 | N22: 451 | O22: 451 | P22: 451.1 | Q22: 435.1 | R22: =P22-Q22 -> 16 | S22: - | T22: - | U22: - | V22: 446 | W22: - | X22: =L22 -> 433.9 | Z22: 1937 | AA22: 478.8 | AB22: 525.9 | AC22: =AB22-AI22 -> 513.3 | AD22: 479 | AE22: 479 | AF22: 479 | AG22: 478.8 | AH22: 466.2 | AI22: =AG22-AH22 -> 12.6 | AJ22: - | AK22: - | AL22: - | AM22: 470.3 | AN22: - | AO22: =X22-BG22 -> 502.9 | AQ22: 1937 | AR22: =J22-AA22 -> -27.7 | AS22: =K22-AB22 -> -76 | AT22: =AS22-AZ22 -> -79.4 | AU22: =M22-AD22 -> -28 | AV22: =N22-AE22 -> -28 | AW22: =O22-AF22 -> -28 | AX22: =P22-AG22 -> -27.7 | AY22: =Q22-AH22 -> -31.1 | AZ22: =R22-AI22 -> 3.4 | BA22: - | BB22: - | BC22: - | BD22: =V22-AM22 -> -24.3 | BF22: -69 | BG22: =BF22 -> -69 | BI22: 1937 | BJ22: =$BF22-AR22 -> -41.3 | BK22: =$BF22-AS22 -> 7 | BL22: =$BF22-AT22 -> 10.4 | BM22: =$BF22-AU22 -> -41 | BN22: =$BF22-AV22 -> -41 | BO22: =$BF22-AW22 -> -41 | BP22: =$BF22-AX22 -> -41.3 | BQ22: =$BF22-AY22 -> -37.9 | BR22: - | BS22: - | BT22: - | BU22: - | BV22: =$BF22-BD22 -> -44.7 | BW22: - | BY22: =AO91 -> 7.3955882 | BZ22: =BY22-CA22 -> 6.2926471 | CA22: 1.1029412 | CB22: =X91 -> 6.3808824 | CC22: =CB22-BZ22 -> 0.088235294
A23: 1938 | B23: 22122.067 | C23: 32.912837 | D23: 7281 | E23: 6.2736576 | F23: 22513.68 | G23: 4.5175 | I23: 1938 | J23: 438.3 | K23: 466.8 | L23: =K23-R23 -> 438.8 | M23: 438 | N23: 438 | O23: 438 | P23: 466.3 | Q23: 438.3 | R23: =P23-Q23 -> 28 | S23: - | T23: - | U23: - | V23: 434.8 | W23: 438.3 | X23: =L23 -> 438.8 | Z23: 1938 | AA23: 503.8 | AB23: 548.7 | AC23: =AB23-AI23 -> 518.5 | AD23: 504 | AE23: 504 | AF23: 504 | AG23: 537 | AH23: 506.8 | AI23: =AG23-AH23 -> 30.2 | AJ23: - | AK23: - | AL23: - | AM23: 503.8 | AN23: 424.2 | AO23: =X23-BG23 -> 456.1 | AQ23: 1938 | AR23: =J23-AA23 -> -65.5 | AS23: =K23-AB23 -> -81.9 | AT23: =AS23-AZ23 -> -79.7 | AU23: =M23-AD23 -> -66 | AV23: =N23-AE23 -> -66 | AW23: =O23-AF23 -> -66 | AX23: =P23-AG23 -> -70.7 | AY23: =Q23-AH23 -> -68.5 | AZ23: =R23-AI23 -> -2.2 | BA23: - | BB23: - | BC23: - | BD23: =V23-AM23 -> -69 | BE23: =W23-AN23 -> 14.1 | BF23: -17.3 | BG23: =BF23 -> -17.3 | BI23: 1938 | BJ23: =$BF23-AR23 -> 48.2 | BK23: =$BF23-AS23 -> 64.6 | BL23: =$BF23-AT23 -> 62.4 | BM23: =$BF23-AU23 -> 48.7 | BN23: =$BF23-AV23 -> 48.7 | BO23: =$BF23-AW23 -> 48.7 | BP23: =$BF23-AX23 -> 53.4 | BQ23: =$BF23-AY23 -> 51.2 | BR23: - | BS23: - | BT23: - | BU23: - | BV23: =$BF23-BD23 -> 51.7 | BW23: =$BF23-BE23 -> -31.4 | BY23: =AO92 -> 6.2642494 | BZ23: =BY23-CA23 -> 4.4609257 | CA23: 1.8033237 | CB23: =X92 -> 6.0266447 | CC23: =CB23-BZ23 -> 1.565719
A24: 1939 | B24: 23311.48 | C24: 33.395563 | D24: 7785 | E24: 0.54745729 | F24: 23618.074 | G24: 5.4041667 | I24: 1939 | J24: 565.7 | K24: 564.6 | L24: =K24-R24 -> 463.4 | M24: 566 | N24: 566 | O24: 566 | P24: 596.1 | Q24: 494.9 | R24: =P24-Q24 -> 101.2 | S24: - | T24: - | U24: - | V24: 565.7 | W24: 565.7 | X24: =L24 -> 463.4 | Z24: 1939 | AA24: 570.9 | AB24: 611.1 | AC24: =AB24-AI24 -> 506.6 | AD24: 571 | AE24: 571 | AF24: 582 | AG24: 620.3 | AH24: 515.8 | AI24: =AG24-AH24 -> 104.5 | AJ24: - | AL24: - | AM24: 570.9 | AN24: 485.9 | AO24: =X24-BG24 -> 505.4 | AQ24: 1939 | AR24: =J24-AA24 -> -5.2 | AS24: =K24-AB24 -> -46.5 | AT24: =AS24-AZ24 -> -43.2 | AU24: =M24-AD24 -> -5 | AV24: =N24-AE24 -> -5 | AW24: =O24-AF24 -> -16 | AX24: =P24-AG24 -> -24.2 | AY24: =Q24-AH24 -> -20.9 | AZ24: =R24-AI24 -> -3.3 | BA24: - | BB24: - | BC24: - | BD24: =V24-AM24 -> -5.2 | BE24: =W24-AN24 -> 79.8 | BF24: -42 | BG24: =BF24 -> -42 | BI24: 1939 | BJ24: =$BF24-AR24 -> -36.8 | BK24: =$BF24-AS24 -> 4.5 | BL24: =$BF24-AT24 -> 1.2 | BM24: =$BF24-AU24 -> -37 | BN24: =$BF24-AV24 -> -37 | BO24: =$BF24-AW24 -> -26 | BP24: =$BF24-AX24 -> -17.8 | BQ24: =$BF24-AY24 -> -21.1 | BR24: - | BS24: - | BT24: - | BU24: - | BV24: =$BF24-BD24 -> -36.8 | BW24: =$BF24-BE24 -> -121.8 | BY24: =AO93 -> 6.4919717 | BZ24: =BY24-CA24 -> 3.0931278 | CA24: 3.3988439 | CB24: =X93 -> 5.9524727 | CC24: =CB24-BZ24 -> 2.8593449
A25: 1940 | B25: 23633.162 | C25: 34.904343 | D25: 8249 | E25: 1.5378641 | F25: 24798.696 | G25: 4.8575 | I25: 1940 | J25: 564.9 | K25: 565 | L25: =K25-R25 -> 463 | M25: 577 | N25: 577 | O25: 577 | P25: 612 | Q25: 510 | R25: =P25-Q25 -> 102 | S25: - | T25: 744 | U25: - | V25: 564.9 | W25: 598.3 | X25: =L25 -> 463 | Z25: 1940 | AA25: 603.8 | AB25: 682.4 | AC25: =AB25-AI25 -> 581.7 | AD25: 610 | AE25: 610 | AF25: 604 | AG25: 658.3 | AH25: 557.6 | AI25: =AG25-AH25 -> 100.7 | AJ25: - | AK25: 821 | AL25: - | AM25: 603.8 | AN25: 522.3 | AO25: =X25-BG25 -> 535 | AQ25: 1940 | AR25: =J25-AA25 -> -38.9 | AS25: =K25-AB25 -> -117.4 | AT25: =AS25-AZ25 -> -118.7 | AU25: =M25-AD25 -> -33 | AV25: =N25-AE25 -> -33 | AW25: =O25-AF25 -> -27 | AX25: =P25-AG25 -> -46.3 | AY25: =Q25-AH25 -> -47.6 | AZ25: =R25-AI25 -> 1.3 | BA25: - | BB25: =T25-AK25 -> -77 | BC25: - | BD25: =V25-AM25 -> -38.9 | BE25: =W25-AN25 -> 76 | BF25: -72 | BG25: =BF25 -> -72 | BI25: 1940 | BJ25: =$BF25-AR25 -> -33.1 | BK25: =$BF25-AS25 -> 45.4 | BL25: =$BF25-AT25 -> 46.7 | BM25: =$BF25-AU25 -> -39 | BN25: =$BF25-AV25 -> -39 | BO25: =$BF25-AW25 -> -45 | BP25: =$BF25-AX25 -> -25.7 | BQ25: =$BF25-AY25 -> -24.4 | BR25: - | BS25: - | BT25: =$BF25-BB25 -> 5 | BU25: - | BV25: =$BF25-BD25 -> -33.1 | BW25: =$BF25-BE25 -> -148 | BY25: =AO94 -> 6.4856346 | BZ25: =BY25-CA25 -> 2.4099891 | CA25: 4.0756455 | CB25: =X94 -> 5.6128016 | CC25: =CB25-BZ25 -> 3.2028125
A26: 1941 | B26: 25934.947 | C26: 35.596757 | D26: 9232 | E26: 6.583225 | F26: 26059.246 | G26: 4.8516667 | I26: 1941 | J26: 780.5 | K26: 667 | L26: =K26-R26 -> 430.7 | M26: 665 | N26: 665 | O26: nd | P26: 780.4 | Q26: 544.1 | R26: =P26-Q26 -> 236.3 | S26: - | T26: 821 | U26: - | V26: 664.9 | W26: 712.1 | X26: =L26 -> 430.7 | Z26: 1941 | AA26: 777.6 | AB26: 704.9 | AC26: =AB26-AI26 -> 472.2 | AD26: 689 | AE26: 689 | AF26: - | AG26: 777.6 | AH26: 544.9 | AI26: =AG26-AH26 -> 232.7 | AJ26: - | AK26: 928 | AL26: - | AM26: 681.9 | AN26: 614.8 | AO26: =X26-BG26 -> 507.2 | AQ26: 1941 | AR26: =J26-AA26 -> 2.9 | AS26: =K26-AB26 -> -37.9 | AT26: =AS26-AZ26 -> -41.5 | AU26: =M26-AD26 -> -24 | AV26: =N26-AE26 -> -24 | AX26: =P26-AG26 -> 2.8 | AY26: =Q26-AH26 -> -0.8 | AZ26: =R26-AI26 -> 3.6 | BA26: - | BB26: =T26-AK26 -> -107 | BC26: - | BD26: =V26-AM26 -> -17 | BE26: =W26-AN26 -> 97.3 | BF26: -76.5 | BG26: =BF26 -> -76.5 | BI26: 1941 | BJ26: =$BF26-AR26 -> -79.4 | BK26: =$BF26-AS26 -> -38.6 | BL26: =$BF26-AT26 -> -35 | BM26: =$BF26-AU26 -> -52.5 | BN26: =$BF26-AV26 -> -52.5 | BO26: - | BP26: =$BF26-AX26 -> -79.3 | BQ26: =$BF26-AY26 -> -75.7 | BR26: - | BT26: =$BF26-BB26 -> 30.5 | BV26: =$BF26-BD26 -> -59.5 | BW26: =$BF26-BE26 -> -173.8 | BY26: =AO95 -> 5.4939341 | BZ26: =BY26-CA26 -> 1.3377383 | CA26: 4.1561958 | CB26: =X95 -> 4.6652946 | CC26: =CB26-BZ26 -> 3.3275563
A27: 1942 | B27: 27389.95 | C27: 38.996055 | D27: 10681 | E27: 10.362971 | F27: 27398.399 | G27: 4.85 | I27: 1942 | J27: 940.7 | K27: 755.7 | L27: =K27-R27 -> 447.6 | M27: 746 | N27: 746 | O27: nd | P27: 940.7 | Q27: 632.6 | R27: =P27-Q27 -> 308.1 | S27: - | T27: 942 | U27: - | V27: 774.2 | W27: 802 | X27: =L27 -> 447.6 | Z27: 1942 | AA27: 1005.7 | AB27: 864.2 | AC27: =AB27-AI27 -> 556.4 | AD27: 845 | AE27: 845 | AF27: - | AG27: 1005.7 | AH27: 697.9 | AI27: =AG27-AH27 -> 307.8 | AJ27: - | AK27: 1103 | AL27: - | AM27: 836.8 | AN27: 732.7 | AO27: =X27-BG27 -> 640.4 | AQ27: 1942 | AR27: =J27-AA27 -> -65 | AS27: =K27-AB27 -> -108.5 | AT27: =AS27-AZ27 -> -108.8 | AU27: =M27-AD27 -> -99 | AV27: =N27-AE27 -> -99 | AX27: =P27-AG27 -> -65 | AY27: =Q27-AH27 -> -65.3 | AZ27: =R27-AI27 -> 0.3 | BA27: - | BB27: =T27-AK27 -> -161 | BC27: - | BD27: =V27-AM27 -> -62.6 | BE27: =W27-AN27 -> 69.3 | BF27: -192.8 | BG27: =BF27 -> -192.8 | BI27: 1942 | BJ27: =$BF27-AR27 -> -127.8 | BK27: =$BF27-AS27 -> -84.3 | BL27: =$BF27-AT27 -> -84 | BM27: =$BF27-AU27 -> -93.8 | BN27: =$BF27-AV27 -> -93.8 | BO27: - | BP27: =$BF27-AX27 -> -127.8 | BQ27: =$BF27-AY27 -> -127.5 | BR27: - | BT27: =$BF27-BB27 -> -31.8 | BV27: =$BF27-BD27 -> -130.2 | BW27: =$BF27-BE27 -> -262.1 | BY27: =AO96 -> 5.9956933 | BZ27: =BY27-CA27 -> 1.3847018 | CA27: 4.6109915 | CB27: =X96 -> 4.1906189 | CC27: =CB27-BZ27 -> 2.805917
A28: 1943 | B28: 28404.33 | C28: 45.89089 | D28: 13035 | E28: 20.804256 | F28: 28822.989 | G28: 4.855 | I28: 1943 | J28: 1275.7 | K28: 1092.6 | L28: =K28-R28 -> 732.9 | M28: 1092 | N28: 1092 | O28: nd | P28: 1275.7 | Q28: 916 | R28: =P28-Q28 -> 359.7 | S28: - | T28: 1269 | U28: - | V28: 1091.6 | W28: 1150.5 | X28: =L28 -> 732.9 | Z28: 1943 | AA28: 1195.5 | AB28: 1115.4 | AC28: =AB28-AI28 -> 799.6 | AD28: 1085 | AE28: 1085 | AF28: - | AG28: 1195.5 | AH28: 879.7 | AI28: =AG28-AH28 -> 315.8 | AJ28: - | AK28: 1306 | AL28: - | AM28: 1075.5 | AN28: 830.3 | AO28: =X28-BG28 -> 706.4 | AQ28: 1943 | AR28: =J28-AA28 -> 80.2 | AS28: =K28-AB28 -> -22.8 | AT28: =AS28-AZ28 -> -66.7 | AU28: =M28-AD28 -> 7 | AV28: =N28-AE28 -> 7 | AX28: =P28-AG28 -> 80.2 | AY28: =Q28-AH28 -> 36.3 | AZ28: =R28-AI28 -> 43.9 | BA28: - | BB28: =T28-AK28 -> -37 | BC28: - | BD28: =V28-AM28 -> 16.1 | BE28: =W28-AN28 -> 320.2 | BF28: 26.5 | BG28: =BF28 -> 26.5 | BI28: 1943 | BJ28: =$BF28-AR28 -> -53.7 | BK28: =$BF28-AS28 -> 49.3 | BL28: =$BF28-AT28 -> 93.2 | BM28: =$BF28-AU28 -> 19.5 | BN28: =$BF28-AV28 -> 19.5 | BO28: - | BP28: =$BF28-AX28 -> -53.7 | BQ28: =$BF28-AY28 -> -9.8 | BR28: - | BT28: =$BF28-BB28 -> 63.5 | BV28: =$BF28-BD28 -> 10.4 | BW28: =$BF28-BE28 -> -293.7 | BY28: =AO97 -> 5.4192558 | BZ28: =BY28-CA28 -> 0.61603376 | CA28: 4.8032221 | CB28: =X97 -> 5.6225547 | CC28: =CB28-BZ28 -> 5.0065209
A29: 1944 | B29: 30723.01 | C29: 61.195176 | D29: 18801 | E29: 22.512011 | F29: 30335.017 | G29: 4.8533333 | I29: 1944 | J29: 1295.4 | K29: 1296.4 | L29: =K29-R29 -> 1093.4 | M29: 1295 | N29: 1295 | O29: nd | P29: 1313.4 | Q29: 1110.4 | R29: =P29-Q29 -> 203 | S29: - | T29: 1479 | U29: - | V29: 1295.3 | W29: 1285.1 | X29: =L29 -> 1093.4 | Z29: 1944 | AA29: 1463.8 | AB29: 1538.8 | AC29: =AB29-AI29 -> 1163.9 | AD29: 1505 | AE29: 1505 | AF29: - | AG29: 1463.8 | AH29: 1088.9 | AI29: =AG29-AH29 -> 374.9 | AJ29: - | AK29: 1566 | AL29: - | AM29: 1453.3 | AN29: 946.3 | AO29: =X29-BG29 -> 1135.9 | AQ29: 1944 | AR29: =J29-AA29 -> -168.4 | AS29: =K29-AB29 -> -242.4 | AT29: =AS29-AZ29 -> -70.5 | AU29: =M29-AD29 -> -210 | AV29: =N29-AE29 -> -210 | AX29: =P29-AG29 -> -150.4 | AY29: =Q29-AH29 -> 21.5 | AZ29: =R29-AI29 -> -171.9 | BA29: - | BB29: =T29-AK29 -> -87 | BC29: - | BD29: =V29-AM29 -> -158 | BE29: =W29-AN29 -> 338.8 | BF29: -42.5 | BG29: =BF29 -> -42.5 | BI29: 1944 | BJ29: =$BF29-AR29 -> 125.9 | BK29: =$BF29-AS29 -> 199.9 | BL29: =$BF29-AT29 -> 28 | BM29: =$BF29-AU29 -> 167.5 | BN29: =$BF29-AV29 -> 167.5 | BO29: - | BP29: =$BF29-AX29 -> 107.9 | BQ29: =$BF29-AY29 -> -64 | BR29: - | BT29: =$BF29-BB29 -> 44.5 | BV29: =$BF29-BD29 -> 115.5 | BW29: =$BF29-BE29 -> -381.3 | BY29: =AO98 -> 6.0416999 | BZ29: =BY29-CA29 -> 2.1935003 | CA29: 3.8481996 | CB29: =X98 -> 5.8156481 | CC29: =CB29-BZ29 -> 3.6221478
A30: 1945 | B30: 31688.056 | C30: 64.901425 | D30: 20566 | E30: 11.30719 | F30: 31946.019 | G30: 4.8541667 | I30: 1945 | J30: 1585 | K30: 1452.9 | L30: =K30-R30 -> 1052.8 | M30: 1404 | N30: 1404 | O30: nd | P30: 1585 | Q30: 1184.9 | R30: =P30-Q30 -> 400.1 | S30: - | T30: 1669 | U30: - | V30: 1404 | W30: 1403 | X30: =L30 -> 1052.8 | Z30: 1945 | AA30: 1660.1 | AB30: 1687 | AC30: =AB30-AI30 -> 1343.7 | AD30: 1573 | AE30: 1633 | AF30: - | AG30: 1660.1 | AH30: 1316.8 | AI30: =AG30-AH30 -> 343.3 | AJ30: - | AK30: 1915 | AL30: - | AM30: 1572.8 | AN30: 1050.6 | AO30: =X30-BG30 -> 1201.6 | AQ30: 1945 | AR30: =J30-AA30 -> -75.1 | AS30: =K30-AB30 -> -234.1 | AT30: =AS30-AZ30 -> -290.9 | AU30: =M30-AD30 -> -169 | AV30: =N30-AE30 -> -229 | AX30: =P30-AG30 -> -75.1 | AY30: =Q30-AH30 -> -131.9 | AZ30: =R30-AI30 -> 56.8 | BA30: - | BB30: =T30-AK30 -> -246 | BC30: - | BD30: =V30-AM30 -> -168.8 | BE30: =W30-AN30 -> 352.4 | BF30: -148.8 | BG30: =BF30 -> -148.8 | BI30: 1945 | BJ30: =$BF30-AR30 -> -73.7 | BK30: =$BF30-AS30 -> 85.3 | BL30: =$BF30-AT30 -> 142.1 | BM30: =$BF30-AU30 -> 20.2 | BN30: =$BF30-AV30 -> 80.2 | BO30: - | BP30: =$BF30-AX30 -> -73.7 | BQ30: =$BF30-AY30 -> -16.9 | BR30: - | BT30: =$BF30-BB30 -> 97.2 | BV30: =$BF30-BD30 -> 20 | BW30: =$BF30-BE30 -> -501.2 | BY30: =AO99 -> 5.8426529 | BZ30: =BY30-CA30 -> 1.2107362 | CA30: 4.6319168 | CB30: =X99 -> 5.1191287 | CC30: =CB30-BZ30 -> 3.9083925
A31: 1946 | B31: 33770.543 | C31: 82.705215 | D31: 27930 | E31: 15.099404 | F31: 33662.414 | G31: 4.8583333 | I31: 1946 | J31: 2016.5 | K31: 2050.3 | L31: =K31-R31 -> 1476.9 | M31: 2012 | N31: 2012 | O31: nd | P31: 2227.9 | Q31: 1654.5 | R31: =P31-Q31 -> 573.4 | S31: - | T31: 2160 | U31: - | V31: - | W31: 1948 | X31: =L31 -> 1476.9 | Z31: 1946 | AA31: 1770.5 | AB31: 1935.7 | AC31: =AB31-AI31 -> 1372.2 | AD31: 1829 | AE31: 1829 | AF31: - | AG31: 1920.8 | AH31: 1357.3 | AI31: =AG31-AH31 -> 563.5 | AJ31: - | AK31: 2102 | AL31: - | AM31: - | AN31: 1280.7 | AO31: =X31-BG31 -> 1472.9 | AQ31: 1946 | AR31: =J31-AA31 -> 246 | AS31: =K31-AB31 -> 114.6 | AT31: =AS31-AZ31 -> 104.7 | AU31: =M31-AD31 -> 183 | AV31: =N31-AE31 -> 183 | AX31: =P31-AG31 -> 307.1 | AY31: =Q31-AH31 -> 297.2 | AZ31: =R31-AI31 -> 9.9 | BA31: - | BB31: =T31-AK31 -> 58 | BC31: - | BD31: - | BE31: =W31-AN31 -> 667.3 | BF31: 4 | BG31: =BF31 -> 4 | BI31: 1946 | BJ31: =$BF31-AR31 -> -242 | BK31: =$BF31-AS31 -> -110.6 | BL31: =$BF31-AT31 -> -100.7 | BM31: =$BF31-AU31 -> -179 | BN31: =$BF31-AV31 -> -179 | BO31: - | BP31: =$BF31-AX31 -> -303.1 | BQ31: =$BF31-AY31 -> -293.2 | BR31: - | BT31: =$BF31-BB31 -> -54 | BW31: =$BF31-BE31 -> -663.3 | BY31: =AO100 -> 5.273541 | BZ31: =BY31-CA31 -> 1.2259219 | CA31: 4.047619 | CB31: =X100 -> 5.2878625 | CC31: =CB31-BZ31 -> 4.0619406
A32: 1947 | B32: 34933.599 | C32: 88.805621 | D32: 31023 | E32: 5.9361563 | F32: 35501.033 | G32: 4.86 | I32: 1947 | J32: 2245 | K32: 2027.5 | L32: =K32-R32 -> 1510.5 | M32: 2055 | N32: 2055 | O32: nd | P32: 2245 | Q32: 1728 | R32: =P32-Q32 -> 517 | S32: - | T32: 2294 | U32: - | V32: - | W32: 2010.8 | X32: =L32 -> 1510.5 | Z32: 1947 | AA32: 2208.6 | AB32: 2327.5 | AC32: =AB32-AI32 -> 1837 | AD32: 2343 | AE32: 2343 | AF32: - | AG32: 2208.6 | AH32: 1718.1 | AI32: =AG32-AH32 -> 490.5 | AJ32: - | AK32: 2669 | AL32: - | AM32: - | AN32: 1514.5 | AO32: =X32-BG32 -> 1423.6 | AQ32: 1947 | AR32: =J32-AA32 -> 36.4 | AS32: =K32-AB32 -> -300 | AT32: =AS32-AZ32 -> -326.5 | AU32: =M32-AD32 -> -288 | AV32: =N32-AE32 -> -288 | AX32: =P32-AG32 -> 36.4 | AY32: =Q32-AH32 -> 9.9 | AZ32: =R32-AI32 -> 26.5 | BA32: - | BB32: =T32-AK32 -> -375 | BC32: - | BD32: - | BE32: =W32-AN32 -> 496.3 | BF32: 86.9 | BG32: =BF32 -> 86.9 | BI32: 1947 | BJ32: =$BF32-AR32 -> 50.5 | BK32: =$BF32-AS32 -> 386.9 | BL32: =$BF32-AT32 -> 413.4 | BM32: =$BF32-AU32 -> 374.9 | BN32: =$BF32-AV32 -> 374.9 | BO32: - | BP32: =$BF32-AX32 -> 50.5 | BQ32: =$BF32-AY32 -> 77 | BR32: - | BT32: =$BF32-BB32 -> 461.9 | BW32: =$BF32-BE32 -> -409.4 | BY32: =AO101 -> 4.5888534 | BZ32: =BY32-CA32 -> -0.024175612 | CA32: 4.613029 | CB32: =X101 -> 4.8689682 | CC32: =CB32-BZ32 -> 4.8931438
A33: 1948 | B33: 36373.059 | C33: 91.004168 | D33: 33101 | E33: 7.3234495 | F33: 37472.299 | G33: 5.6641667 | I33: 1948 | J33: 2654.6 | K33: 2262.1 | L33: =K33-R33 -> 1538 | M33: 2268 | N33: 2268 | O33: nd | P33: 2654.6 | Q33: 1930.5 | R33: =P33-Q33 -> 724.1 | S33: - | T33: 2612 | U33: - | V33: - | W33: 2281.4 | X33: =L33 -> 1538 | Z33: 1948 | AA33: 2773.4 | AB33: 2943.7 | AC33: =AB33-AI33 -> 2417.4 | AD33: 2773 | AE33: 2773 | AF33: - | AG33: 2773.4 | AH33: 2247.1 | AI33: =AG33-AH33 -> 526.3 | AJ33: - | AK33: 2892 | AL33: - | AM33: - | AN33: 2133 | AO33: =X33-BG33 -> 1879.3 | AQ33: 1948 | AR33: =J33-AA33 -> -118.8 | AS33: =K33-AB33 -> -681.6 | AT33: =AS33-AZ33 -> -879.4 | AU33: =M33-AD33 -> -505 | AV33: =N33-AE33 -> -505 | AX33: =P33-AG33 -> -118.8 | AY33: =Q33-AH33 -> -316.6 | AZ33: =R33-AI33 -> 197.8 | BA33: - | BB33: =T33-AK33 -> -280 | BC33: - | BD33: - | BE33: =W33-AN33 -> 148.4 | BF33: -341.3 | BG33: =BF33 -> -341.3 | BI33: 1948 | BJ33: =$BF33-AR33 -> -222.5 | BK33: =$BF33-AS33 -> 340.3 | BL33: =$BF33-AT33 -> 538.1 | BM33: =$BF33-AU33 -> 163.7 | BN33: =$BF33-AV33 -> 163.7 | BO33: - | BP33: =$BF33-AX33 -> -222.5 | BQ33: =$BF33-AY33 -> -24.7 | BR33: - | BT33: =$BF33-BB33 -> -61.3 | BW33: =$BF33-BE33 -> -489.7 | BY33: =AO102 -> 5.677472 | BZ33: =BY33-CA33 -> 0.74922208 | CA33: 4.9282499 | CB33: =X102 -> 4.6463853 | CC33: =CB33-BZ33 -> 3.8971632
A34: 1949 | B34: 38366.678 | C34: 94.905273 | D34: 36412 | E34: 9.5544872 | F34: 39596.628 | G34: 7.9918333 | I34: 1949 | J34: 3891.2 | K34: 3891.5 | L34: =K34-R34 -> 2685.9 | M34: 3891 | N34: 3891 | O34: 3891 | P34: 3891.2 | Q34: 2685.6 | R34: =P34-Q34 -> 1205.6 | S34: - | T34: 3648 | U34: - | V34: - | W34: 3815.5 | X34: =L34 -> 2685.9 | Z34: 1949 | AA34: 3740.6 | AB34: 3893.7 | AC34: =AB34-AI34 -> 3305.6 | AD34: 3741 | AE34: 3741 | AF34: 3294 | AG34: 3740.6 | AH34: 3152.5 | AI34: =AG34-AH34 -> 588.1 | AJ34: - | AK34: 3572 | AL34: - | AM34: - | AN34: 2904.9 | AO34: =X34-BG34 -> 2585.1 | AQ34: 1949 | AR34: =J34-AA34 -> 150.6 | AS34: =K34-AB34 -> -2.2 | AT34: =AS34-AZ34 -> -619.7 | AU34: =M34-AD34 -> 150 | AV34: =N34-AE34 -> 150 | AW34: =O34-AF34 -> 597 | AX34: =P34-AG34 -> 150.6 | AY34: =Q34-AH34 -> -466.9 | AZ34: =R34-AI34 -> 617.5 | BA34: - | BB34: =T34-AK34 -> 76 | BC34: - | BD34: - | BE34: =W34-AN34 -> 910.6 | BF34: 100.8 | BG34: =BF34 -> 100.8 | BI34: 1949 | BJ34: =$BF34-AR34 -> -49.8 | BK34: =$BF34-AS34 -> 103 | BL34: =$BF34-AT34 -> 720.5 | BM34: =$BF34-AU34 -> -49.2 | BN34: =$BF34-AV34 -> -49.2 | BO34: =$BF34-AW34 -> -496.2 | BP34: =$BF34-AX34 -> -49.8 | BQ34: =$BF34-AY34 -> 567.7 | BR34: - | BT34: =$BF34-BB34 -> 24.8 | BW34: =$BF34-BE34 -> -809.8 | BY34: =AO103 -> 7.0995826 | BZ34: =BY34-CA34 -> 1.7052071 | CA34: 5.3943755 | CB34: =X103 -> 7.3764144 | CC34: =CB34-BZ34 -> 5.6712073
A35: 1950 | B35: 42163 | C35: 100 | D35: 42163 | E35: 9.6945662 | F35: 41884.494 | G35: 8.6416667 | I35: 1950 | J35: 3640.8 | K35: 3614.7 | L35: =K35-R35 -> 3023.5 | M35: 3641 | N35: 3641 | O35: =N35 -> 3641 | P35: 3640.8 | Q35: 3049.6 | R35: =P35-Q35 -> 591.2 | S35: - | T35: - | U35: - | V35: - | W35: 3562.2 | X35: =L35 -> 3023.5 | Z35: 1950 | AA35: 3463.3 | AB35: 3724.1 | AC35: =AB35-AI35 -> 3036.1 | AD35: 3463 | AE35: 3463 | AF35: 3463 | AG35: 3463.3 | AH35: 2775.3 | AI35: =AG35-AH35 -> 688 | AJ35: - | AK35: - | AL35: - | AM35: - | AN35: 3099.6 | AO35: =X35-BG35 -> 2755.4 | AQ35: 1950 | AR35: =J35-AA35 -> 177.5 | AS35: =K35-AB35 -> -109.4 | AT35: =AS35-AZ35 -> -12.6 | AU35: =M35-AD35 -> 178 | AV35: =N35-AE35 -> 178 | AW35: =O35-AF35 -> 178 | AX35: =P35-AG35 -> 177.5 | AY35: =Q35-AH35 -> 274.3 | AZ35: =R35-AI35 -> -96.8 | BA35: - | BB35: - | BC35: - | BD35: - | BE35: =W35-AN35 -> 462.6 | BF35: 268.1 | BG35: =BF35 -> 268.1 | BI35: 1950 | BJ35: =$BF35-AR35 -> 90.6 | BK35: =$BF35-AS35 -> 377.5 | BL35: =$BF35-AT35 -> 280.7 | BM35: =$BF35-AU35 -> 90.1 | BN35: =$BF35-AV35 -> 90.1 | BO35: =$BF35-AW35 -> 90.1 | BP35: =$BF35-AX35 -> 90.6 | BQ35: =$BF35-AY35 -> -6.2 | BR35: - | BW35: =$BF35-BE35 -> -194.5 | BY35: =AO104 -> 6.5351137 | BZ35: =BY35-CA35 -> -0.20064986 | CA35: 6.7357636 | CB35: =X104 -> 7.1709793 | CC35: =CB35-BZ35 -> 7.3716292
A36: 1951 | B36: 45423.749 | C36: 119.7061 | D36: 54375 | E36: 24.399461 | F36: 44352.99 | G36: 8.6283333 | I36: 1951 | J36: 4883.7 | K36: 4940.8 | L36: =K36-R36 -> 4388 | M36: 4884 | N36: 4884 | O36: =N36 -> 4884 | P36: 4883.7 | Q36: 4330.9 | R36: =P36-Q36 -> 552.8 | S36: - | T36: - | U36: - | V36: - | W36: 4874.4 | X36: =L36 -> 4388 | Z36: 1951 | AA36: 4670.1 | AB36: 5091.2 | AC36: =AB36-AI36 -> 4381.3 | AD36: 4670 | AE36: 4670 | AF36: 4670 | AG36: 4670.1 | AH36: 3960.2 | AI36: =AG36-AH36 -> 709.9 | AJ36: - | AK36: - | AL36: - | AM36: - | AN36: 3577.2 | AO36: =X36-BG36 -> 3896.4 | AQ36: 1951 | AR36: =J36-AA36 -> 213.6 | AS36: =K36-AB36 -> -150.4 | AT36: =AS36-AZ36 -> 6.7 | AU36: =M36-AD36 -> 214 | AV36: =N36-AE36 -> 214 | AW36: =O36-AF36 -> 214 | AX36: =P36-AG36 -> 213.6 | AY36: =Q36-AH36 -> 370.7 | AZ36: =R36-AI36 -> -157.1 | BA36: - | BB36: - | BC36: - | BD36: - | BE36: =W36-AN36 -> 1297.2 | BF36: 491.6 | BG36: =BF36 -> 491.6 | BI36: 1951 | BJ36: =$BF36-AR36 -> 278 | BK36: =$BF36-AS36 -> 642 | BL36: =$BF36-AT36 -> 484.9 | BM36: =$BF36-AU36 -> 277.6 | BN36: =$BF36-AV36 -> 277.6 | BO36: =$BF36-AW36 -> 277.6 | BP36: =$BF36-AX36 -> 278 | BQ36: =$BF36-AY36 -> 120.9 | BR36: - | BW36: =$BF36-BE36 -> -805.6 | BY36: =AO105 -> 7.1657931 | BZ36: =BY36-CA36 -> 1.6283218 | CA36: 5.5374713 | CB36: =X105 -> 8.0698851 | CC36: =CB36-BZ36 -> 6.4415632
A37: 1952 | B37: 47230.17 | C37: 129.13991 | D37: 60993 | E37: 3.6157582 | F37: 47001.22 | G37: 8.6083333 | I37: 1952 | J37: 6338.1 | K37: 6320.2 | L37: =K37-R37 -> 4818.8 | M37: 6338 | N37: 6338 | O37: =N37 -> 6338 | P37: 6338.1 | Q37: 4836.7 | R37: =P37-Q37 -> 1501.4 | S37: - | T37: - | U37: - | V37: - | W37: 5640.2 | X37: =L37 -> 4818.8 | Z37: 1952 | AA37: 6464.2 | AB37: 6628.9 | AC37: =AB37-AI37 -> 5132.4 | AD37: 6464 | AE37: 6464 | AF37: 6464 | AG37: 6464.2 | AH37: 4967.7 | AI37: =AG37-AH37 -> 1496.5 | AJ37: - | AK37: - | AL37: - | AM37: - | AN37: 4725.3 | AO37: =X37-BG37 -> 4981.3 | AQ37: 1952 | AR37: =J37-AA37 -> -126.1 | AS37: =K37-AB37 -> -308.7 | AT37: =AS37-AZ37 -> -313.6 | AU37: =M37-AD37 -> -126 | AV37: =N37-AE37 -> -126 | AW37: =O37-AF37 -> -126 | AX37: =P37-AG37 -> -126.1 | AY37: =Q37-AH37 -> -131 | AZ37: =R37-AI37 -> 4.9 | BA37: - | BB37: - | BC37: - | BD37: - | BE37: =W37-AN37 -> 914.9 | BF37: -162.5 | BG37: =BF37 -> -162.5 | BI37: 1952 | BJ37: =$BF37-AR37 -> -36.4 | BK37: =$BF37-AS37 -> 146.2 | BL37: =$BF37-AT37 -> 151.1 | BM37: =$BF37-AU37 -> -36.5 | BN37: =$BF37-AV37 -> -36.5 | BO37: =$BF37-AW37 -> -36.5 | BP37: =$BF37-AX37 -> -36.4 | BQ37: =$BF37-AY37 -> -31.5 | BR37: - | BW37: =$BF37-BE37 -> -1077.4 | BY37: =AO106 -> 8.1670028 | BZ37: =BY37-CA37 -> 2.4647091 | CA37: 5.7022937 | CB37: =X106 -> 7.9005788 | CC37: =CB37-BZ37 -> 5.4358697
A38: 1953 | B38: 47359.586 | C38: 128.09234 | D38: 60664 | E38: -1.8729167 | F38: 49825.796 | G38: 8.6083333 | I38: 1953 | J38: 5023.1 | K38: 5195.2 | L38: =K38-R38 -> 4492.3 | M38: 5023 | N38: 5023 | O38: =N38 -> 5023 | P38: 5023.1 | Q38: 4320.2 | R38: =P38-Q38 -> 702.9 | S38: - | T38: - | U38: - | V38: - | W38: 4827.2 | X38: =L38 -> 4492.3 | Z38: 1953 | AA38: 5490.4 | AB38: 5842.8 | AC38: =AB38-AI38 -> 4903.6 | AD38: 5490 | AE38: 5490 | AF38: 5490 | AG38: 5490.4 | AH38: 4551.2 | AI38: =AG38-AH38 -> 939.2 | AJ38: - | AK38: - | AL38: - | AM38: - | AN38: 5273.8 | AO38: =X38-BG38 -> 4781 | AQ38: 1953 | AR38: =J38-AA38 -> -467.3 | AS38: =K38-AB38 -> -647.6 | AT38: =AS38-AZ38 -> -411.3 | AU38: =M38-AD38 -> -467 | AV38: =N38-AE38 -> -467 | AW38: =O38-AF38 -> -467 | AX38: =P38-AG38 -> -467.3 | AY38: =Q38-AH38 -> -231 | AZ38: =R38-AI38 -> -236.3 | BA38: - | BB38: - | BC38: - | BD38: - | BE38: =W38-AN38 -> -446.6 | BF38: -288.7 | BG38: =BF38 -> -288.7 | BI38: 1953 | BJ38: =$BF38-AR38 -> 178.6 | BK38: =$BF38-AS38 -> 358.9 | BL38: =$BF38-AT38 -> 122.6 | BM38: =$BF38-AU38 -> 178.3 | BN38: =$BF38-AV38 -> 178.3 | BO38: =$BF38-AW38 -> 178.3 | BP38: =$BF38-AX38 -> 178.6 | BQ38: =$BF38-AY38 -> -57.7 | BR38: - | BW38: =$BF38-BE38 -> 157.9 | BY38: =AO107 -> 7.8811157 | BZ38: =BY38-CA38 -> 2.5105499 | CA38: 5.3705657 | CB38: =X107 -> 7.4052156 | CC38: =CB38-BZ38 -> 4.8946657
A39: 1954 | B39: 52093.585 | C39: 141.92919 | D39: 73936 | E39: 9.1823953 | F39: 52842.491 | G39: 11.661667 | I39: 1954 | J39: 7713.8 | K39: 7770.9 | L39: =K39-R39 -> 5237 | M39: 7714 | N39: 7714 | O39: =N39 -> 7714 | P39: 7713.8 | Q39: 5179.9 | R39: =P39-Q39 -> 2533.9 | S39: - | T39: - | U39: - | V39: - | W39: 6462.2 | X39: =L39 -> 5237 | Z39: 1954 | AA39: 7916.8 | AB39: 8489.4 | AC39: =AB39-AI39 -> 6309.8 | AD39: 7917 | AE39: 7917 | AF39: 7917 | AG39: 7916.8 | AH39: 5737.2 | AI39: =AG39-AH39 -> 2179.6 | AJ39: - | AK39: - | AL39: - | AM39: - | AN39: 7304.3 | AO39: =X39-BG39 -> 5686.8 | AQ39: 1954 | AR39: =J39-AA39 -> -203 | AS39: =K39-AB39 -> -718.5 | AT39: =AS39-AZ39 -> -1072.8 | AU39: =M39-AD39 -> -203 | AV39: =N39-AE39 -> -203 | AW39: =O39-AF39 -> -203 | AX39: =P39-AG39 -> -203 | AY39: =Q39-AH39 -> -557.3 | AZ39: =R39-AI39 -> 354.3 | BA39: - | BB39: - | BC39: - | BD39: - | BE39: =W39-AN39 -> -842.1 | BF39: -449.8 | BG39: =BF39 -> -449.8 | BI39: 1954 | BJ39: =$BF39-AR39 -> -246.8 | BK39: =$BF39-AS39 -> 268.7 | BL39: =$BF39-AT39 -> 623 | BM39: =$BF39-AU39 -> -246.8 | BN39: =$BF39-AV39 -> -246.8 | BO39: =$BF39-AW39 -> -246.8 | BP39: =$BF39-AX39 -> -246.8 | BQ39: =$BF39-AY39 -> 107.5 | BR39: - | BW39: =$BF39-BE39 -> 392.3 | BY39: =AO108 -> 7.691517 | BZ39: =BY39-CA39 -> 1.7052586 | CA39: 5.9862584 | CB39: =X108 -> 7.083153 | CC39: =CB39-BZ39 -> 5.3778944
A40: 1955 | B40: 56520.769 | C40: 159.32727 | D40: 90053 | E40: 13.823165 | F40: 56059.668 | G40: 12.5 | I40: 1955 | J40: 9023.5 | K40: 9017.9 | L40: =K40-R40 -> 7112.6 | M40: 9024 | N40: 9024 | O40: =N40 -> 9024 | P40: 9023.5 | Q40: 7118.2 | R40: =P40-Q40 -> 1905.3 | S40: - | T40: - | U40: - | V40: - | W40: 7896 | X40: =L40 -> 7112.6 | Z40: 1955 | AA40: 8883.1 | AB40: 9256.1 | AC40: =AB40-AI40 -> 6797.6 | AD40: 8883 | AE40: 8883 | AF40: 8883 | AG40: 8883.1 | AH40: 6424.6 | AI40: =AG40-AH40 -> 2458.5 | AJ40: - | AK40: - | AL40: - | AM40: - | AN40: 8083.2 | AO40: =X40-BG40 -> 6432.6 | AQ40: 1955 | AR40: =J40-AA40 -> 140.4 | AS40: =K40-AB40 -> -238.2 | AT40: =AS40-AZ40 -> 315 | AU40: =M40-AD40 -> 141 | AV40: =N40-AE40 -> 141 | AW40: =O40-AF40 -> 141 | AX40: =P40-AG40 -> 140.4 | AY40: =Q40-AH40 -> 693.6 | AZ40: =R40-AI40 -> -553.2 | BA40: - | BB40: - | BC40: - | BD40: - | BE40: =W40-AN40 -> -187.2 | BF40: 680 | BG40: =BF40 -> 680 | BI40: 1955 | BJ40: =$BF40-AR40 -> 539.6 | BK40: =$BF40-AS40 -> 918.2 | BL40: =$BF40-AT40 -> 365 | BM40: =$BF40-AU40 -> 539 | BN40: =$BF40-AV40 -> 539 | BO40: =$BF40-AW40 -> 539 | BP40: =$BF40-AX40 -> 539.6 | BQ40: =$BF40-AY40 -> -13.6 | BR40: - | BW40: =$BF40-BE40 -> 867.2 | BY40: =AO109 -> 7.1431268 | BZ40: =BY40-CA40 -> 1.9683964 | CA40: 5.1747304 | CB40: =X109 -> 7.8982377 | CC40: =CB40-BZ40 -> 5.9298413
A41: 1956 | B41: 60385.009 | C41: 170.43965 | D41: 102920 | E41: 4.6508216 | F41: 59500.211 | G41: 12.5 | I41: 1956 | J41: 10193.5 | K41: 10202.4 | L41: =K41-R41 -> 7902.8 | M41: 10194 | N41: 10194 | O41: =N41 -> 10194 | P41: 10193.5 | Q41: 7893.9 | R41: =P41-Q41 -> 2299.6 | S41: - | T41: - | U41: - | V41: - | W41: 8989.1 | X41: =L41 -> 7902.8 | Z41: 1956 | AA41: 10270.1 | AB41: 10580.9 | AC41: =AB41-AI41 -> 7759.5 | AD41: 10270 | AE41: 10270 | AF41: 10270 | AG41: 10270.1 | AH41: 7448.7 | AI41: =AG41-AH41 -> 2821.4 | AJ41: - | AK41: - | AL41: - | AM41: - | AN41: 9105.8 | AO41: =X41-BG41 -> 7507.8 | AQ41: 1956 | AR41: =J41-AA41 -> -76.6 | AS41: =K41-AB41 -> -378.5 | AT41: =AS41-AZ41 -> 143.3 | AU41: =M41-AD41 -> -76 | AV41: =N41-AE41 -> -76 | AW41: =O41-AF41 -> -76 | AX41: =P41-AG41 -> -76.6 | AY41: =Q41-AH41 -> 445.2 | AZ41: =R41-AI41 -> -521.8 | BA41: - | BB41: - | BC41: - | BD41: - | BE41: =W41-AN41 -> -116.7 | BF41: 395 | BG41: =BF41 -> 395 | BI41: 1956 | BJ41: =$BF41-AR41 -> 471.6 | BK41: =$BF41-AS41 -> 773.5 | BL41: =$BF41-AT41 -> 251.7 | BM41: =$BF41-AU41 -> 471 | BN41: =$BF41-AV41 -> 471 | BO41: =$BF41-AW41 -> 471 | BP41: =$BF41-AX41 -> 471.6 | BQ41: =$BF41-AY41 -> -50.2 | BR41: - | BW41: =$BF41-BE41 -> 511.7 | BY41: =AO110 -> 7.2947921 | BZ41: =BY41-CA41 -> 2.6047415 | CA41: 4.6900505 | CB41: =X110 -> 7.6785853 | CC41: =CB41-BZ41 -> 5.0738438
A42: 1957 | B42: 64959.181 | C42: 181.96966 | D42: 118206 | E42: 4.3459975 | F42: 63168.617 | G42: 12.5 | I42: 1957 | J42: 10870 | K42: 10842.6 | L42: =K42-R42 -> 8254.9 | M42: 10870 | N42: 10870 | O42: =N42 -> 10870 | P42: 10669.9 | Q42: 8082.2 | R42: =P42-Q42 -> 2587.7 | S42: - | T42: - | U42: - | V42: - | W42: 9335.4 | X42: =L42 -> 8254.9 | Z42: 1957 | AA42: 11103.2 | AB42: 11828.2 | AC42: =AB42-AI42 -> 9181.2 | AD42: 11303 | AE42: 11303 | AF42: 11303 | AG42: 11103.2 | AH42: 8456.2 | AI42: =AG42-AH42 -> 2647 | AJ42: - | AK42: - | AL42: - | AM42: - | AN42: 10263.5 | AO42: =X42-BG42 -> 8659.9 | AQ42: 1957 | AR42: =J42-AA42 -> -233.2 | AS42: =K42-AB42 -> -985.6 | AT42: =AS42-AZ42 -> -926.3 | AU42: =M42-AD42 -> -433 | AV42: =N42-AE42 -> -433 | AW42: =O42-AF42 -> -433 | AX42: =P42-AG42 -> -433.3 | AY42: =Q42-AH42 -> -374 | AZ42: =R42-AI42 -> -59.3 | BA42: - | BB42: - | BC42: - | BD42: - | BE42: =W42-AN42 -> -928.1 | BF42: -405 | BG42: =BF42 -> -405 | BI42: 1957 | BJ42: =$BF42-AR42 -> -171.8 | BK42: =$BF42-AS42 -> 580.6 | BL42: =$BF42-AT42 -> 521.3 | BM42: =$BF42-AU42 -> 28 | BN42: =$BF42-AV42 -> 28 | BO42: =$BF42-AW42 -> 28 | BP42: =$BF42-AX42 -> 28.3 | BQ42: =$BF42-AY42 -> -31 | BR42: =$BF42-AZ42 -> -345.7 | BW42: =$BF42-BE42 -> 523.1 | BY42: =AO111 -> 7.3261087 | BZ42: =BY42-CA42 -> 2.303521 | CA42: 5.0225877 | CB42: =X111 -> 6.9834865 | CC42: =CB42-BZ42 -> 4.6799655
A43: 1958 | B43: 68413.885 | C43: 192.03266 | D43: 131377 | E43: 4.4336961 | F43: 67071.879 | G43: 12.5 | I43: 1958 | J43: 13183.3 | K43: 12997.3 | L43: =K43-R43 -> 8615.7 | M43: 13183 | N43: 13183 | O43: =N43 -> 13183 | P43: 13183.3 | Q43: 8801.7 | R43: =P43-Q43 -> 4381.6 | S43: - | T43: - | U43: - | V43: - | W43: 11750.9 | X43: =L43 -> 8615.7 | Z43: 1958 | AA43: 13287.7 | AB43: 13851.2 | AC43: =AB43-AI43 -> 10106.6 | AD43: 12019 | AE43: 12019 | AF43: 12019 | AG43: 13287.7 | AH43: 9543.1 | AI43: =AG43-AH43 -> 3744.6 | AJ43: - | AK43: - | AL43: - | AM43: - | AN43: 12287 | AO43: =X43-BG43 -> 9490.7 | AQ43: 1958 | AR43: =J43-AA43 -> -104.4 | AS43: =K43-AB43 -> -853.9 | AT43: =AS43-AZ43 -> -1490.9 | AU43: =M43-AD43 -> 1164 | AV43: =N43-AE43 -> 1164 | AW43: =O43-AF43 -> 1164 | AX43: =P43-AG43 -> -104.4 | AY43: =Q43-AH43 -> -741.4 | AZ43: =R43-AI43 -> 637 | BA43: - | BB43: - | BC43: - | BD43: - | BE43: =W43-AN43 -> -536.1 | BF43: -875 | BG43: =BF43 -> -875 | BI43: 1958 | BJ43: =$BF43-AR43 -> -770.6 | BK43: =$BF43-AS43 -> -21.1 | BL43: =$BF43-AT43 -> 615.9 | BM43: =$BF43-AU43 -> -2039 | BN43: =$BF43-AV43 -> -2039 | BO43: =$BF43-AW43 -> -2039 | BP43: =$BF43-AX43 -> -770.6 | BQ43: =$BF43-AY43 -> -133.6 | BR43: - | BW43: =$BF43-BE43 -> -338.9 | BY43: =AO112 -> 7.2240194 | BZ43: =BY43-CA43 -> 2.258919 | CA43: 4.9651004 | CB43: =X112 -> 6.5579972 | CC43: =CB43-BZ43 -> 4.2990782
A44: 1959 | B44: 70460.216 | C44: 199.78934 | D44: 140772 | E44: 1.1514216 | F44: 71249.011 | G44: 12.5 | I44: 1959 | J44: - | K44: - | L44: - | M44: 14163 | N44: 14163 | O44: 11720 | P44: 14163.4 | Q44: 9204 | R44: =P44-Q44 -> 4959.4 | S44: - | T44: - | U44: 10446 | V44: - | W44: - | X44: =U44 -> 10446 | Z44: 1959 | AA44: - | AB44: - | AC44: - | AD44: 14158 | AE44: 14158 | AF44: 11103 | AG44: 14157.7 | AH44: 9846 | AI44: =AG44-AH44 -> 4311.7 | AJ44: - | AK44: - | AL44: 11352 | AM44: - | AN44: - | AO44: =X44-BG44 -> 11352 | AQ44: 1959 | AR44: - | AS44: - | AT44: - | AU44: =M44-AD44 -> 5 | AV44: =N44-AE44 -> 5 | AW44: =O44-AF44 -> 617 | AX44: =P44-AG44 -> 5.7 | AY44: =Q44-AH44 -> -642 | AZ44: =R44-AI44 -> 647.7 | BA44: - | BB44: - | BC44: =U44-AL44 -> -906 | BD44: - | BE44: - | BF44: - | BG44: =BC44 -> -906 | BI44: 1959 | BJ44: - | BK44: - | BL44: - | BM44: - | BN44: - | BO44: - | BP44: - | BQ44: - | BR44: - | BS44: - | BT44: - | BU44: - | BV44: - | BW44: - | BY44: =AO113 -> 8.0641037 | BZ44: =BY44-CA44 -> 3.1817407 | CA44: 4.882363 | CB44: =X113 -> 7.4205098 | CC44: =CB44-BZ44 -> 4.2387691
A45: 1960 | B45: 76179.197 | C45: 209.64122 | D45: 159703 | E45: 4.90938 | F45: 75735.721 | G45: 12.5 | I45: 1960 | J45: - | K45: - | L45: - | M45: 19458 | N45: 19458 | O45: 14449 | P45: 19457.6 | Q45: 10966.6 | R45: =P45-Q45 -> 8491 | S45: - | T45: - | U45: 12878 | V45: - | W45: - | X45: =U45 -> 12878 | Z45: 1960 | AA45: - | AB45: - | AC45: - | AD45: 20150 | AE45: 20150 | AF45: 15046 | AG45: 20150.3 | AH45: 11794.8 | AI45: =AG45-AH45 -> 8355.5 | AJ45: - | AK45: - | AL45: 15382 | AM45: - | AN45: - | AO45: =X45-BG45 -> 15382 | AQ45: 1960 | AR45: - | AS45: - | AT45: - | AU45: =M45-AD45 -> -692 | AV45: =N45-AE45 -> -692 | AW45: =O45-AF45 -> -597 | AX45: =P45-AG45 -> -692.7 | AY45: =Q45-AH45 -> -828.2 | AZ45: =R45-AI45 -> 135.5 | BA45: - | BB45: - | BC45: =U45-AL45 -> -2504 | BD45: - | BE45: - | BF45: - | BG45: =BC45 -> -2504 | BI45: 1960 | BJ45: - | BK45: - | BL45: - | BM45: - | BN45: - | BO45: - | BP45: - | BQ45: - | BR45: - | BS45: - | BT45: - | BU45: - | BV45: - | BW45: - | BY45: =AO114 -> 9.6316287 | BZ45: =BY45-CA45 -> 4.1414375 | CA45: 5.4901912 | CB45: =X114 -> 8.0637183 | CC45: =CB45-BZ45 -> 3.9222807
A46: 1961 | B46: 79469.587 | C46: 217.99031 | D46: 173236 | E46: 0.9638116 | F46: 80594.194 | G46: 12.5 | I46: 1961 | J46: - | K46: - | L46: - | M46: 19941 | N46: - | O46: 13711 | P46: 19122.3 | Q46: 11282.8 | R46: =P46-Q46 -> 7839.5 | S46: - | T46: - | U46: 12221 | V46: - | W46: - | X46: =U46 -> 12221 | Z46: 1961 | AA46: - | AB46: - | AC46: - | AD46: 20362 | AE46: 14472 | AF46: 14472 | AG46: 19966.8 | AH46: 12919.6 | AI46: =AG46-AH46 -> 7047.2 | AJ46: - | AK46: - | AL46: 14795 | AM46: - | AN46: - | AO46: =X46-BG46 -> 14795 | AQ46: 1961 | AR46: - | AS46: - | AT46: - | AU46: =M46-AD46 -> -421 | AV46: - | AW46: =O46-AF46 -> -761 | AX46: =P46-AG46 -> -844.5 | AY46: =Q46-AH46 -> -1636.8 | AZ46: =R46-AI46 -> 792.3 | BA46: - | BB46: - | BC46: =U46-AL46 -> -2574 | BD46: - | BE46: - | BF46: - | BG46: =BC46 -> -2574 | BI46: 1961 | BJ46: - | BK46: - | BL46: - | BM46: - | BN46: - | BO46: - | BP46: - | BQ46: - | BR46: - | BS46: - | BT46: - | BU46: - | BV46: - | BW46: - | BY46: =AO115 -> 8.5403727 | BZ46: =BY46-CA46 -> 2.3084116 | CA46: 6.231961 | CB46: =X115 -> 7.0545383 | CC46: =CB46-BZ46 -> 4.7461267
A47: 1962 | B47: 83012.916 | C47: 225.00234 | D47: 186781 | E47: 1.8011527 | F47: 85868.382 | G47: 12.5 | I47: 1962 | J47: - | K47: - | M47: 20398 | N47: - | O47: 15657 | P47: - | Q47: - | S47: - | T47: - | U47: 13955 | V47: - | W47: - | X47: =U47 -> 13955 | Z47: 1962 | AA47: - | AB47: - | AC47: - | AD47: 20219 | AE47: 16131 | AF47: 16131 | AG47: - | AH47: - | AI47: - | AJ47: - | AK47: - | AL47: 16491 | AM47: - | AN47: - | AO47: =X47-BG47 -> 16491 | AQ47: 1962 | AR47: - | AS47: - | AT47: - | AU47: =M47-AD47 -> 179 | AV47: - | AW47: =O47-AF47 -> -474 | AX47: - | AY47: - | AZ47: - | BA47: - | BB47: - | BC47: =U47-AL47 -> -2536 | BD47: - | BE47: - | BF47: - | BG47: =BC47 -> -2536 | BI47: 1962 | BJ47: - | BK47: - | BL47: - | BM47: - | BN47: - | BO47: - | BP47: - | BQ47: - | BR47: - | BS47: - | BT47: - | BU47: - | BV47: - | BW47: - | BY47: =AO116 -> 8.8290565 | BZ47: =BY47-CA47 -> 2.5537929 | CA47: 6.2752635 | CB47: =X116 -> 7.4713167 | CC47: =CB47-BZ47 -> 4.9175237
A48: 1963 | B48: 89279.927 | C48: 232.92134 | D48: 207952 | E48: 0.5779665 | F48: 91610.88 | G48: 12.5 | I48: 1963 | J48: - | K48: - | M48: 19704 | N48: - | O48: - | P48: - | Q48: - | S48: - | T48: - | U48: 16379 | V48: - | W48: - | X48: =U48 -> 16379 | Z48: 1963 | AA48: - | AB48: - | AC48: - | AD48: 20295 | AE48: - | AF48: - | AG48: - | AH48: - | AI48: - | AJ48: - | AK48: - | AL48: 19721 | AM48: - | AN48: - | AO48: =X48-BG48 -> 19721 | AQ48: 1963 | AR48: - | AS48: - | AT48: - | AU48: =M48-AD48 -> -591 | AV48: - | AW48: - | AX48: - | AY48: - | AZ48: - | BA48: - | BB48: - | BC48: =U48-AL48 -> -3342 | BD48: - | BE48: - | BF48: - | BG48: =BC48 -> -3342 | BI48: 1963 | BJ48: - | BK48: - | BL48: - | BM48: - | BN48: - | BO48: - | BP48: - | BQ48: - | BR48: - | BS48: - | BT48: - | BU48: - | BV48: - | BW48: - | BY48: =AO117 -> 9.4834385 | BZ48: =BY48-CA48 -> 2.5693429 | CA48: 6.9140956 | CB48: =X117 -> 7.8763368 | CC48: =CB48-BZ48 -> 5.3069939
A49: 1964 | B49: 99104.135 | C49: 247.72024 | D49: 245501 | E49: 4.2394746 | F49: 97822.719 | G49: 12.5 | I49: 1964 | J49: - | K49: - | M49: 28976 | N49: - | O49: - | P49: - | Q49: - | S49: - | T49: - | U49: 18575 | V49: - | W49: - | X49: =U49 -> 18575 | Z49: 1964 | AA49: - | AB49: - | AC49: - | AD49: 28286 | AE49: - | AF49: - | AG49: - | AH49: - | AI49: - | AJ49: - | AK49: - | AL49: 23044 | AM49: - | AN49: - | AO49: =X49-BG49 -> 23044 | AQ49: 1964 | AR49: - | AS49: - | AT49: - | AU49: =M49-AD49 -> 690 | AV49: - | AW49: - | AX49: - | AY49: - | AZ49: - | BA49: - | BB49: - | BC49: =U49-AL49 -> -4469 | BD49: - | BE49: - | BF49: - | BG49: =BC49 -> -4469 | BI49: 1964 | BJ49: - | BK49: - | BL49: - | BM49: - | BN49: - | BO49: - | BP49: - | BQ49: - | BR49: - | BS49: - | BT49: - | BU49: - | BV49: - | BW49: - | BY49: =AO118 -> 9.3865198 | BZ49: =BY49-CA49 -> 2.5295213 | CA49: 6.8569985 | CB49: =X118 -> 7.5661606 | CC49: =CB49-BZ49 -> 5.0366394
A50: 1965 | B50: 105197.84 | C50: 254.20675 | D50: 267420 | E50: 1.828205 | F50: 104471.08 | G50: 12.5 | I50: 1965 | J50: - | K50: - | M50: 64283 | N50: - | O50: - | P50: - | Q50: - | S50: - | T50: - | U50: 21928 | V50: - | W50: - | X50: =U50 -> 21928 | Z50: 1965 | AA50: - | AB50: - | AC50: - | AD50: 64020 | AE50: - | AF50: - | AG50: - | AH50: - | AI50: - | AJ50: - | AK50: - | AL50: 26305 | AM50: - | AN50: - | AO50: =X50-BG50 -> 26305 | AQ50: 1965 | AR50: - | AS50: - | AT50: - | AU50: =M50-AD50 -> 263 | AV50: - | AW50: - | AX50: - | AY50: - | AZ50: - | BA50: - | BB50: - | BC50: =U50-AL50 -> -4377 | BD50: - | BE50: - | BF50: - | BG50: =BC50 -> -4377 | BI50: 1965 | BJ50: - | BK50: - | BL50: - | BM50: - | BN50: - | BO50: - | BP50: - | BQ50: - | BR50: - | BS50: - | BT50: - | BU50: - | BV50: - | BW50: - | BY50: =AO119 -> 9.8365866 | BZ50: =BY50-CA50 -> 4.9573704 | CA50: 4.8792162 | CB50: =X119 -> 8.1998355 | CC50: =CB50-BZ50 -> 3.242465
A51: 1966 | B51: 111610.84 | C51: 266.27879 | D51: 297196 | E51: 1.3092476 | F51: 111516.8 | G51: 12.5 | I51: 1966 | J51: - | K51: - | M51: 66619 | N51: - | O51: - | P51: - | Q51: - | S51: - | T51: - | U51: 24411 | V51: - | W51: - | X51: =U51 -> 24411 | Z51: 1966 | AA51: - | AB51: - | AC51: - | AD51: 66054 | AE51: - | AF51: - | AG51: - | AH51: - | AI51: - | AJ51: - | AK51: - | AL51: 27013 | AM51: - | AN51: - | AO51: =X51-BG51 -> 27013 | AQ51: 1966 | AR51: - | AS51: - | AT51: - | AU51: =M51-AD51 -> 565 | AV51: - | AW51: - | AX51: - | AY51: - | AZ51: - | BA51: - | BB51: - | BC51: =U51-AL51 -> -2602 | BD51: - | BE51: - | BF51: - | BG51: =BC51 -> -2602 | BI51: 1966 | BJ51: - | BK51: - | BL51: - | BM51: - | BN51: - | BO51: - | BP51: - | BQ51: - | BR51: - | BS51: - | BT51: - | BU51: - | BV51: - | BW51: - | BY51: =AO120 -> 9.0892879 | BZ51: =BY51-CA51 -> 3.8822864 | CA51: 5.2070014 | CB51: =X120 -> 8.2137714 | CC51: =CB51-BZ51 -> 4.3314849
A52: 1967 | B52: 118145.57 | C52: 275.10552 | D52: 325025 | E52: 2.8518458 | F52: 118955.58 | G52: 12.5 | I52: 1967 | J52: - | K52: - | M52: 79459 | N52: - | O52: - | P52: - | Q52: - | S52: - | T52: - | U52: 27243 | V52: - | W52: - | X52: =U52 -> 27243 | Z52: 1967 | AA52: - | AB52: - | AC52: - | AD52: 79452 | AE52: - | AF52: - | AG52: - | AH52: - | AI52: - | AJ52: - | AK52: - | AL52: 32350 | AM52: - | AN52: - | AO52: =X52-BG52 -> 32350 | AQ52: 1967 | AR52: - | AS52: - | AT52: - | AU52: =M52-AD52 -> 7 | AV52: - | AW52: - | AX52: - | AY52: - | AZ52: - | BA52: - | BB52: - | BC52: =U52-AL52 -> -5107 | BD52: - | BE52: - | BF52: - | BG52: =BC52 -> -5107 | BI52: 1967 | BJ52: - | BK52: - | BL52: - | BM52: - | BN52: - | BO52: - | BP52: - | BQ52: - | BR52: - | BS52: - | BT52: - | BU52: - | BV52: - | BW52: - | BY52: =AO121 -> 9.9530805 | BZ52: =BY52-CA52 -> 3.474502 | CA52: 6.4785786 | CB52: =X121 -> 8.3818168 | CC52: =CB52-BZ52 -> 4.9073148
A53: 1968 | B53: 129278.76 | C53: 278.35818 | D53: 359858 | E53: 1.9351076 | F53: 126749.67 | G53: 12.5 | I53: 1968 | J53: - | K53: - | M53: 85279 | N53: - | O53: - | P53: - | Q53: - | S53: - | T53: - | U53: 31732 | V53: - | W53: - | X53: =U53 -> 31732 | Z53: 1968 | AA53: - | AB53: - | AC53: - | AD53: 83422 | AE53: - | AF53: - | AG53: - | AH53: - | AI53: - | AJ53: - | AK53: - | AL53: 35373 | AM53: - | AN53: - | AO53: =X53-BG53 -> 35373 | AQ53: 1968 | AR53: - | AS53: - | AT53: - | AU53: =M53-AD53 -> 1857 | AV53: - | AW53: - | AX53: - | AY53: - | AZ53: - | BA53: - | BB53: - | BC53: =U53-AL53 -> -3641 | BD53: - | BE53: - | BF53: - | BG53: =BC53 -> -3641 | BI53: 1968 | BJ53: - | BK53: - | BL53: - | BM53: - | BN53: - | BO53: - | BP53: - | BQ53: - | BR53: - | BS53: - | BT53: - | BU53: - | BV53: - | BW53: - | BY53: =AO122 -> 9.8297106 | BZ53: =BY53-CA53 -> 3.351044 | CA53: 6.4786666 | CB53: =X122 -> 8.8179226 | CC53: =CB53-BZ53 -> 5.4668786
A54: 1969 | B54: 133698.31 | C54: 297.53256 | D54: 397796 | E54: 2.5268086 | F54: 134865.9 | G54: 12.5 | I54: 1969 | J54: - | K54: - | M54: 97509 | N54: - | O54: - | P54: - | Q54: - | S54: - | T54: - | U54: 35712 | V54: - | W54: - | X54: =U54 -> 35712 | Z54: 1969 | AA54: - | AB54: - | AC54: - | AD54: 98001 | AE54: - | AF54: - | AG54: - | AH54: - | AI54: - | AJ54: - | AK54: - | AL54: 40591 | AM54: - | AN54: - | AO54: =X54-BG54 -> 40591 | AQ54: 1969 | AR54: - | AS54: - | AT54: - | AU54: =M54-AD54 -> -492 | AV54: - | AW54: - | AX54: - | AY54: - | AZ54: - | BA54: - | BB54: - | BC54: =U54-AL54 -> -4879 | BD54: - | BE54: - | BF54: - | BG54: =BC54 -> -4879 | BI54: 1969 | BJ54: - | BK54: - | BL54: - | BM54: - | BN54: - | BO54: - | BP54: - | BQ54: - | BR54: - | BS54: - | BT54: - | BU54: - | BV54: - | BW54: - | BY54: =AO123 -> 10.203974 | BZ54: =BY54-CA54 -> 3.5827409 | CA54: 6.621233 | CB54: =X123 -> 8.9774658 | CC54: =CB54-BZ54 -> 5.3947249
A55: 1970 | B55: 142392.02 | C55: 312.02591 | D55: 444300 | E55: 5.0033969 | F55: 143332.2 | G55: 12.5 | I55: 1970 | J55: - | K55: - | M55: 109064 | N55: - | O55: - | P55: - | Q55: - | S55: 41300 | T55: - | U55: 40217 | V55: - | W55: - | X55: =S55 -> 41300 | Z55: 1970 | AA55: - | AB55: - | AC55: - | AD55: 109261 | AE55: - | AF55: - | AG55: - | AH55: - | AI55: - | AJ55: 48000 | AK55: - | AL55: 48392 | AM55: - | AN55: - | AO55: =X55-BG55 -> 48000 | AQ55: 1970 | AR55: - | AS55: - | AT55: - | AU55: =M55-AD55 -> -197 | AV55: - | AW55: - | AX55: - | AY55: - | AZ55: - | BA55: =S55-AJ55 -> -6700 | BB55: - | BC55: =U55-AL55 -> -8175 | BD55: - | BE55: - | BF55: - | BG55: =BA55 -> -6700 | BI55: 1970 | BJ55: - | BK55: - | BL55: - | BM55: - | BN55: - | BO55: - | BP55: - | BQ55: - | BR55: - | BS55: - | BT55: - | BU55: - | BV55: - | BW55: - | BY55: =AO124 -> 10.803511 | BZ55: =BY55-CA55 -> 4.2201215 | CA55: 6.5833896 | CB55: =X124 -> 9.295521 | CC55: =CB55-BZ55 -> 5.0753995
A56: 1971 | B56: 147749.48 | C56: 331.64991 | D56: 490011 | E56: 5.469021 | F56: 152164.22 | G56: 12.5 | I56: 1971 | J56: - | K56: - | M56: 120549 | N56: - | O56: - | P56: - | Q56: - | S56: 44400 | T56: - | U56: - | V56: - | W56: - | X56: =S56 -> 44400 | Z56: 1971 | AA56: - | AB56: - | AC56: - | AD56: 121360 | AE56: - | AF56: - | AG56: - | AH56: - | AI56: - | AJ56: 50800 | AK56: - | AL56: - | AM56: - | AN56: - | AO56: =X56-BG56 -> 50800 | AQ56: 1971 | AR56: - | AS56: - | AT56: - | AU56: =M56-AD56 -> -811 | AV56: - | AW56: - | AX56: - | AY56: - | AZ56: - | BA56: =S56-AJ56 -> -6400 | BB56: - | BC56: - | BD56: - | BE56: - | BF56: - | BG56: =BA56 -> -6400 | BI56: 1971 | BJ56: - | BK56: - | BL56: - | BM56: - | BN56: - | BO56: - | BP56: - | BQ56: - | BR56: - | BS56: - | BT56: - | BU56: - | BV56: - | BW56: - | BY56: =AO125 -> 10.367114 | BZ56: =BY56-CA56 -> 5.7331366 | CA56: 4.6339776 | CB56: =X125 -> 9.0610211 | CC56: =CB56-BZ56 -> 3.3278845
A57: 1972 | B57: 159907.49 | C57: 353.15793 | D57: 564726 | E57: 4.9436884 | F57: 161423.54 | G57: 12.5 | I57: 1972 | J57: - | K57: - | M57: 148445 | N57: - | O57: - | P57: - | Q57: - | S57: 54300 | T57: - | U57: - | V57: - | W57: - | X57: =S57 -> 54300 | Z57: 1972 | AA57: - | AB57: - | AC57: - | AD57: 148806 | AE57: - | AF57: - | AG57: - | AH57: - | AI57: - | AJ57: 71500 | AK57: - | AL57: - | AM57: - | AN57: - | AO57: =X57-BG57 -> 71500 | AQ57: 1972 | AR57: - | AS57: - | AT57: - | AU57: =M57-AD57 -> -361 | AV57: - | AW57: - | AX57: - | AY57: - | AZ57: - | BA57: =S57-AJ57 -> -17200 | BB57: - | BC57: - | BD57: - | BE57: - | BF57: - | BG57: =BA57 -> -17200 | BI57: 1972 | BJ57: - | BK57: - | BL57: - | BM57: - | BN57: - | BO57: - | BP57: - | BQ57: - | BR57: - | BS57: - | BT57: - | BU57: - | BV57: - | BW57: - | BY57: =AO126 -> 12.661007 | BZ57: =BY57-CA57 -> 6.5766407 | CA57: 6.0843666 | CB57: =X126 -> 9.6152825 | CC57: =CB57-BZ57 -> 3.0386417
A58: 1973 | B58: 172478.01 | C58: 400.56757 | D58: 690891 | E58: 12.081945 | F58: 171128.77 | G58: 12.5 | I58: 1973 | J58: - | K58: - | M58: 205661 | N58: - | O58: - | P58: - | Q58: - | S58: 69100 | T58: - | U58: - | V58: - | W58: - | X58: =S58 -> 69100 | Z58: 1973 | AA58: - | AB58: - | AC58: - | AD58: 204083 | AE58: - | AF58: - | AG58: - | AH58: - | AI58: - | AJ58: 96200 | AK58: - | AL58: - | AM58: - | AN58: - | AO58: =X58-BG58 -> 96200 | AQ58: 1973 | AR58: - | AS58: - | AT58: - | AU58: =M58-AD58 -> 1578 | AV58: - | AW58: - | AX58: - | AY58: - | AZ58: - | BA58: =S58-AJ58 -> -27100 | BB58: - | BC58: - | BD58: - | BE58: - | BF58: - | BG58: =BA58 -> -27100 | BI58: 1973 | BJ58: - | BK58: - | BL58: - | BM58: - | BN58: - | BO58: - | BP58: - | BQ58: - | BR58: - | BS58: - | BT58: - | BU58: - | BV58: - | BW58: - | BY58: =AO127 -> 13.924049 | BZ58: =BY58-CA58 -> 6.4409581 | CA58: 7.4830907 | CB58: =X127 -> 10.001578 | CC58: =CB58-BZ58 -> 3.5606195
A59: 1974 | B59: 182441.77 | C59: 493.14748 | D59: 899707 | E59: 23.784025 | F59: 181314.71 | G59: 12.5 | I59: 1974 | J59: - | K59: - | M59: 281626 | N59: - | O59: - | P59: - | Q59: - | S59: 94000 | T59: - | U59: - | V59: - | W59: - | X59: =S59 -> 94000 | Z59: 1974 | AA59: - | AB59: - | AC59: - | AD59: 276538 | AE59: - | AF59: - | AG59: - | AH59: - | AI59: - | AJ59: 128400 | AK59: - | AL59: - | AM59: - | AN59: - | AO59: =X59-BG59 -> 128400 | AQ59: 1974 | AR59: - | AS59: - | AT59: - | AU59: =M59-AD59 -> 5088 | AV59: - | AW59: - | AX59: - | AY59: - | AZ59: - | BA59: =S59-AJ59 -> -34400 | BB59: - | BC59: - | BD59: - | BE59: - | BF59: - | BG59: =BA59 -> -34400 | BI59: 1974 | BJ59: - | BK59: - | BL59: - | BM59: - | BN59: - | BO59: - | BP59: - | BQ59: - | BR59: - | BS59: - | BT59: - | BU59: - | BV59: - | BW59: - | BY59: =AO128 -> 14.271313 | BZ59: =BY59-CA59 -> 6.7255229 | CA59: 7.5457899 | CB59: =X128 -> 10.447846 | CC59: =CB59-BZ59 -> 3.7223229
A60: 1975 | B60: 192922.11 | C60: 570.20421 | D60: 1100050 | E60: 14.944526 | F60: 192116.77 | G60: 12.5 | I60: 1975 | J60: - | K60: - | M60: 403616 | N60: - | O60: - | P60: - | Q60: - | S60: 132500 | T60: - | U60: - | V60: - | W60: - | X60: =S60 -> 132500 | Z60: 1975 | AA60: - | AB60: - | AC60: - | AD60: 400725 | AE60: - | AF60: - | AG60: - | AH60: - | AI60: - | AJ60: 190500 | AK60: - | AL60: - | AM60: - | AN60: - | AO60: =X60-BG60 -> 190500 | AQ60: 1975 | AR60: - | AS60: - | AT60: - | AU60: =M60-AD60 -> 2891 | AV60: - | AW60: - | AX60: - | AY60: - | AZ60: - | BA60: =S60-AJ60 -> -58000 | BB60: - | BC60: - | BD60: - | BE60: - | BF60: - | BG60: =BA60 -> -58000 | BI60: 1975 | BJ60: - | BK60: - | BL60: - | BM60: - | BN60: - | BO60: - | BP60: - | BQ60: - | BR60: - | BS60: - | BT60: - | BU60: - | BV60: - | BW60: - | BY60: =AO129 -> 17.317395 | BZ60: =BY60-CA60 -> 8.3429844 | CA60: 8.9744103 | CB60: =X129 -> 12.044907 | CC60: =CB60-BZ60 -> 3.7019226
A61: 1976 | B61: 201444.34 | C61: 680.56914 | D61: 1370968 | E61: 15.82472 | F61: 203682.37 | G61: 15.4 | I61: 1976 | J61: - | K61: - | M61: 528451 | N61: - | O61: - | P61: - | Q61: - | S61: 163100 | T61: - | U61: - | V61: - | W61: - | X61: =S61 -> 163100 | Z61: 1976 | AA61: - | AB61: - | AC61: - | AD61: 520193 | AE61: - | AF61: - | AG61: - | AH61: - | AI61: - | AJ61: 228700 | AK61: - | AL61: - | AM61: - | AN61: - | AO61: =X61-BG61 -> 228700 | AQ61: 1976 | AR61: - | AS61: - | AT61: - | AU61: =M61-AD61 -> 8258 | AV61: - | AW61: - | AX61: - | AY61: - | AZ61: - | BA61: =S61-AJ61 -> -65600 | BB61: - | BC61: - | BD61: - | BE61: - | BF61: - | BG61: =BA61 -> -65600 | BI61: 1976 | BJ61: - | BK61: - | BL61: - | BM61: - | BN61: - | BO61: - | BP61: - | BQ61: - | BR61: - | BS61: - | BT61: - | BU61: - | BV61: - | BW61: - | BY61: =AO130 -> 16.681644 | BZ61: =BY61-CA61 -> 8.5059608 | CA61: 8.1756832 | CB61: =X130 -> 11.896704 | CC61: =CB61-BZ61 -> 3.3907429
A62: 1977 | B62: 208274.59 | C62: 887.8966 | D62: 1849263 | E62: 29.064126 | F62: 216261.64 | G62: 22.566667 | I62: 1977 | J62: - | K62: - | M62: 734180 | N62: - | O62: - | P62: - | Q62: - | S62: 230500 | T62: - | U62: - | V62: - | W62: - | X62: =S62 -> 230500 | Z62: 1977 | AA62: - | AB62: - | AC62: - | AD62: 730593 | AE62: - | AF62: - | AG62: - | AH62: - | AI62: - | AJ62: 292200 | AK62: - | AL62: - | AM62: - | AN62: - | AO62: =X62-BG62 -> 292200 | AQ62: 1977 | AR62: - | AS62: - | AT62: - | AU62: =M62-AD62 -> 3587 | AV62: - | AW62: - | AX62: - | AY62: - | AZ62: - | BA62: =S62-AJ62 -> -61700 | BB62: - | BC62: - | BD62: - | BE62: - | BF62: - | BG62: =BA62 -> -61700 | BI62: 1977 | BJ62: - | BK62: - | BL62: - | BM62: - | BN62: - | BO62: - | BP62: - | BQ62: - | BR62: - | BS62: - | BT62: - | BU62: - | BV62: - | BW62: - | BY62: =AO131 -> 15.800889 | BZ62: =BY62-CA62 -> 7.9747986 | CA62: 7.8260907 | CB62: =X131 -> 12.464425 | CC62: =CB62-BZ62 -> 4.4896264
A63: 1978 | B63: 226929.62 | C63: 1030.0101 | D63: 2337398 | E63: 17.457295 | F63: 230101.68 | G63: 22.7 | I63: 1978 | J63: - | K63: - | M63: 950647 | N63: - | O63: - | P63: - | Q63: - | S63: 303800 | T63: - | U63: - | V63: - | W63: - | X63: =S63 -> 303800 | Z63: 1978 | AA63: - | AB63: - | AC63: - | AD63: 937834 | AE63: - | AF63: - | AG63: - | AH63: - | AI63: - | AJ63: 370900 | AK63: - | AL63: - | AM63: - | AN63: - | AO63: =X63-BG63 -> 370900 | AQ63: 1978 | AR63: - | AS63: - | AT63: - | AU63: =M63-AD63 -> 12813 | AV63: - | AW63: - | AX63: - | AY63: - | AZ63: - | BA63: =S63-AJ63 -> -67100 | BB63: - | BC63: - | BD63: - | BE63: - | BF63: - | BG63: =BA63 -> -67100 | BI63: 1978 | BJ63: - | BK63: - | BL63: - | BM63: - | BN63: - | BO63: - | BP63: - | BQ63: - | BR63: - | BS63: - | BT63: - | BU63: - | BV63: - | BW63: - | BY63: =AO132 -> 15.868072 | BZ63: =BY63-CA63 -> 6.3657109 | CA63: 9.5023612 | CB63: =X132 -> 12.997359 | CC63: =CB63-BZ63 -> 6.6316477
A64: 1979 | B64: 248937.65 | C64: 1232.2467 | D64: 3067526 | E64: 18.19125 | F64: 245292.81 | G64: 22.766667 | I64: 1979 | J64: - | K64: - | M64: 1293073 | N64: - | O64: - | P64: - | Q64: - | S64: 412800 | T64: - | U64: - | V64: - | W64: - | X64: =S64 -> 412800 | Z64: 1979 | AA64: - | AB64: - | AC64: - | AD64: 1170796 | AE64: - | AF64: - | AG64: - | AH64: - | AI64: - | AJ64: 514300 | AK64: - | AL64: - | AM64: - | AN64: - | AO64: =X64-BG64 -> 514300 | AQ64: 1979 | AR64: - | AS64: - | AT64: - | AU64: =M64-AD64 -> 122277 | AV64: - | AW64: - | AX64: - | AY64: - | AZ64: - | BA64: =S64-AJ64 -> -101500 | BB64: - | BC64: - | BD64: - | BE64: - | BF64: - | BG64: =BA64 -> -101500 | BI64: 1979 | BJ64: - | BK64: - | BL64: - | BM64: - | BN64: - | BO64: - | BP64: - | BQ64: - | BR64: - | BS64: - | BT64: - | BU64: - | BV64: - | BW64: - | BY64: =AO133 -> 16.765954 | BZ64: =BY64-CA64 -> 6.5127402 | CA64: 10.253214 | CB64: =X133 -> 13.457099 | CC64: =CB64-BZ64 -> 6.9443584
A65: 1980 | B65: 271922.69 | C65: 1615.1308 | D65: 4391907 | E65: 26.351647 | F65: 261808.71 | G65: 22.941667 | I65: 1980 | J65: - | K65: - | M65: - | N65: - | O65: - | P65: - | Q65: - | S65: 683800 | T65: - | U65: - | V65: - | W65: - | X65: =S65 -> 683800 | Z65: 1980 | AA65: - | AB65: - | AC65: - | AD65: - | AE65: - | AF65: - | AG65: - | AH65: - | AI65: - | AJ65: 817500 | AK65: - | AL65: - | AM65: - | AN65: - | AO65: =X65-BG65 -> 817500 | AQ65: 1980 | AR65: - | AS65: - | AT65: - | AU65: - | AV65: - | AW65: - | AX65: - | AY65: - | AZ65: - | BA65: =S65-AJ65 -> -133700 | BB65: - | BC65: - | BD65: - | BE65: - | BF65: - | BG65: =BA65 -> -133700 | BI65: 1980 | BJ65: - | BK65: - | BL65: - | BM65: - | BN65: - | BO65: - | BP65: - | BQ65: - | BR65: - | BS65: - | BT65: - | BU65: - | BV65: - | BW65: - | BY65: =AO134 -> 18.613782 | BZ65: =BY65-CA65 -> 8.0408579 | CA65: 10.572924 | CB65: =X134 -> 15.569546 | CC65: =CB65-BZ65 -> 7.5286886
A66: 1981 | B66: 297723.56 | C66: 2026.1297 | D66: 6032265.5 | E66: 27.933761 | F66: 279564.99 | G66: 24.483333 | I66: 1981 | J66: - | K66: - | M66: - | N66: - | O66: - | P66: - | Q66: - | S66: 935300 | T66: - | U66: - | V66: - | W66: - | X66: =S66 -> 935300 | Z66: 1981 | AA66: - | AB66: - | AC66: - | AD66: - | AE66: - | AF66: - | AG66: - | AH66: - | AI66: - | AJ66: 1335100 | AK66: - | AL66: - | AM66: - | AN66: - | AO66: =X66-BG66 -> 1335100 | AQ66: 1981 | AR66: - | AS66: - | AT66: - | AU66: - | AV66: - | AW66: - | AX66: - | AY66: - | AZ66: - | BA66: =S66-AJ66 -> -399800 | BB66: - | BC66: - | BD66: - | BE66: - | BF66: - | BG66: =BA66 -> -399800 | BI66: 1981 | BJ66: - | BK66: - | BL66: - | BM66: - | BN66: - | BO66: - | BP66: - | BQ66: - | BR66: - | BS66: - | BT66: - | BU66: - | BV66: - | BW66: - | BY66: =AO135 -> 22.132647 | BZ66: =BY66-CA66 -> 10.714863 | CA66: 11.417783 | CB66: =X135 -> 15.504954 | CC66: =CB66-BZ66 -> 4.7900909
A67: 1982 | B67: 297700.98 | C67: 3223.2851 | D67: 9595751.5 | E67: 58.913427 | F67: 298074.88 | G67: 54.316667 | I67: 1982 | J67: - | K67: - | M67: - | N67: - | O67: - | P67: - | Q67: - | S67: 1532300 | T67: - | U67: - | V67: - | W67: - | X67: =S67 -> 1532300 | Z67: 1982 | AA67: - | AB67: - | AC67: - | AD67: - | AE67: - | AF67: - | AG67: - | AH67: - | AI67: - | AJ67: 2698900 | AK67: - | AL67: - | AM67: - | AN67: - | AO67: =X67-BG67 -> 2698900 | AQ67: 1982 | AR67: - | AS67: - | AT67: - | AU67: - | AV67: - | AW67: - | AX67: - | AY67: - | AZ67: - | BA67: =S67-AJ67 -> -1166600 | BB67: - | BC67: - | BD67: - | BE67: - | BF67: - | BG67: =BA67 -> -1166600 | BI67: 1982 | BJ67: - | BK67: - | BL67: - | BM67: - | BN67: - | BO67: - | BP67: - | BQ67: - | BR67: - | BS67: - | BT67: - | BU67: - | BV67: - | BW67: - | BY67: =AO136 -> 28.125989 | BZ67: =BY67-CA67 -> 18.069601 | CA67: 10.056388 | CB67: =X136 -> 15.968525 | CC67: =CB67-BZ67 -> -2.1010757
D71: PIB Nominal | I71: Año | J71: CHPF inicial | K71: CHPF revisada | L71: CHPF revisada ajustada por margen | M71: INEGI (2015) | N71: Cárdenas (1994) | O71: Cárdenas (2015) | P71: Santillan y Rosas (1962) Brutos | Q71: Santillan y Rosas (1962) | R71: Santillan y Rosas (1962) Margen financiero | S71: NAFIN 1984 y1986 | T71: De Beers (1953) | U71: Izquierdo (1995) | V71: Aguilar (1947) Texto | W71: DGPH | X71: Ingresos GF Fusión | Z71: Año | AA71: CHPF inicial | AB71: CHPF revisada | AC71: CHPF revisada ajustada por margen | AD71: INEGI (2015) | AE71: Cárdenas (1994) | AF71: Cárdenas (2015) | AG71: Santillan y Rosas (1962) Brutos | AH71: Santillan y Rosas (1962) Netos | AI71: Santillan y Rosas (1962) Margen financiero | AJ71: NAFIN 1984 y1986 | AK71: De Beers (1953) | AL71: Izquierdo (1995) | AM71: Aguilar (1947) Texto | AN71: DGPH | AO71: Egresos GF Fusión | AQ71: Año | AR71: CHPF inicial | AS71: CHPF revisada | AT71: CHPF revisada ajustada por margen | AU71: INEGI (2015) | AV71: Cárdenas (1994) | AW71: Cárdenas (2015) | AX71: Santillan y Rosas (1962) Brutos | AY71: Santillan y Rosas (1962) Netos | AZ71: Santillan y Rosas (1962) Margen financiero | BA71: NAFIN 1984 y1986 | BB71: De Beers (1953) | BC71: Izquierdo (1995) | BD71: Aguilar (1947) Texto | BE71: DGPH | BF71: BdeM Vía financiamiento | BG71: Balance GF Fusión | BI71: Año | BJ71: CHPF inicial | BK71: CHPF revisada | BL71: CHPF revisada ajustada por margen | BM71: INEGI (2015) | BN71: Cárdenas (1994) | BO71: Cárdenas (2015) | BP71: Santillan y Rosas (1962) Brutos | BQ71: Santillan y Rosas (1962) Netos | BR71: Santillan y Rosas (1962) Margen financiero | BS71: NAFIN 1984 y1986 | BT71: De Beers (1953) | BU71: Izquierdo (1995) | BV71: Aguilar (1947) Texto | BW71: DGPH
I74: 1920 | J74: - | K74: - | L74: - | M74: - | N74: - | O74: - | P74: - | Q74: - | R74: - | S74: - | T74: - | U74: - | V74: - | W74: - | X74: - | Z74: 1920 | AA74: - | AB74: - | AC74: - | AD74: - | AE74: - | AF74: - | AG74: - | AH74: - | AI74: - | AJ74: - | AK74: - | AL74: - | AM74: - | AN74: - | AO74: - | AQ74: 1920 | AR74: - | AS74: - | AT74: - | AU74: - | AV74: - | AW74: - | AX74: - | AY74: - | AZ74: - | BA74: - | BB74: - | BC74: - | BD74: - | BE74: - | BF74: - | BG74: - | BI74: 1920
D75: 5455 | I75: 1921 | J75: - | K75: - | L75: - | M75: - | N75: - | O75: - | P75: - | Q75: - | R75: - | S75: - | T75: - | U75: - | V75: - | W75: - | X75: - | Z75: 1921 | AA75: - | AB75: - | AC75: - | AD75: - | AE75: - | AF75: - | AG75: - | AH75: - | AI75: - | AJ75: - | AK75: - | AL75: - | AM75: - | AN75: - | AO75: - | AQ75: 1921 | AR75: - | AS75: - | AT75: - | AU75: - | AV75: - | AW75: - | AX75: - | AY75: - | AZ75: - | BA75: - | BB75: - | BC75: - | BD75: - | BE75: - | BF75: - | BG75: - | BI75: 1921 | BJ75: - | BK75: - | BL75: - | BM75: - | BN75: - | BO75: - | BP75: - | BQ75: - | BR75: - | BS75: - | BT75: - | BU75: - | BV75: - | BW75: -
D76: 4590 | I76: 1922 | J76: - | K76: - | L76: - | N76: - | O76: - | P76: - | Q76: - | R76: - | S76: - | T76: - | U76: - | V76: - | W76: - | X76: - | Z76: 1922 | AA76: - | AB76: - | AC76: - | AD76: - | AE76: - | AF76: - | AG76: - | AH76: - | AI76: - | AJ76: - | AK76: - | AL76: - | AM76: - | AN76: - | AO76: - | AQ76: 1922 | AR76: - | AS76: - | AT76: - | AU76: - | AV76: - | AW76: - | AX76: - | AY76: - | AZ76: - | BA76: - | BB76: - | BC76: - | BD76: - | BE76: - | BF76: - | BG76: - | BI76: 1922 | BJ76: - | BK76: - | BL76: - | BM76: - | BN76: - | BO76: - | BP76: - | BQ76: - | BR76: - | BS76: - | BT76: - | BU76: - | BV76: - | BW76: -
D77: 5014 | I77: 1923 | J77: - | K77: - | L77: - | M77: =(M8/$D77)*100 -> 5.2852014 | N77: - | O77: - | P77: - | Q77: - | R77: - | S77: - | T77: - | U77: - | V77: - | W77: - | X77: =(X8/$D77)*100 -> 5.2852014 | Z77: 1923 | AA77: - | AB77: - | AC77: - | AD77: =(AD8/$D77)*100 -> 6.9405664 | AF77: - | AG77: - | AH77: - | AI77: - | AJ77: - | AK77: - | AL77: - | AM77: - | AN77: - | AO77: =(AO8/$D77)*100 -> 6.9405664 | AQ77: 1923 | AR77: - | AS77: - | AT77: - | AU77: =(AU8/$D77)*100 -> -1.655365 | AV77: - | AW77: - | AX77: - | AY77: - | AZ77: - | BA77: - | BB77: - | BC77: - | BD77: - | BE77: - | BF77: - | BG77: =(BG8/$D77)*100 -> -1.655365 | BI77: 1923 | BJ77: - | BK77: - | BL77: - | BM77: - | BN77: - | BO77: - | BP77: - | BQ77: - | BR77: - | BS77: - | BT77: - | BU77: - | BV77: - | BW77: -
D78: 4633 | I78: 1924 | J78: - | K78: - | L78: - | M78: =(M9/$D78)*100 -> 6.1299374 | N78: - | O78: - | P78: - | Q78: - | R78: - | S78: - | T78: - | U78: - | V78: - | W78: - | X78: =(X9/$D78)*100 -> 6.1299374 | Z78: 1924 | AA78: - | AB78: - | AC78: - | AD78: =(AD9/$D78)*100 -> 5.9572631 | AF78: - | AG78: - | AH78: - | AI78: - | AJ78: - | AK78: - | AL78: - | AM78: - | AN78: - | AO78: =(AO9/$D78)*100 -> 5.9572631 | AQ78: 1924 | AR78: - | AS78: - | AT78: - | AU78: =(AU9/$D78)*100 -> 0.17267429 | AV78: - | AW78: - | AX78: - | AY78: - | AZ78: - | BA78: - | BB78: - | BC78: - | BD78: - | BE78: - | BF78: - | BG78: =(BG9/$D78)*100 -> 0.17267429 | BI78: 1924 | BJ78: - | BK78: - | BL78: - | BM78: - | BN78: - | BO78: - | BP78: - | BQ78: - | BR78: - | BS78: - | BT78: - | BU78: - | BV78: - | BW78: -
D79: 5239 | I79: 1925 | J79: - | K79: - | L79: - | M79: =(M10/$D79)*100 -> 6.1462111 | N79: =(N10/$D79)*100 -> 6.1462111 | O79: - | P79: - | Q79: - | R79: - | S79: - | T79: - | U79: - | V79: - | W79: - | X79: =(X10/$D79)*100 -> 6.1462111 | Z79: 1925 | AA79: - | AB79: - | AC79: - | AD79: =(AD10/$D79)*100 -> 5.5926704 | AE79: =(AE10/$D79)*100 -> 5.6881084 | AF79: - | AG79: - | AH79: - | AI79: - | AJ79: - | AK79: - | AL79: - | AM79: - | AN79: - | AO79: =(AO10/$D79)*100 -> 5.5926704 | AQ79: 1925 | AR79: - | AS79: - | AT79: - | AU79: =(AU10/$D79)*100 -> 0.55354075 | AV79: =(AV10/$D79)*100 -> 0.45810269 | AW79: - | AX79: - | AY79: - | AZ79: - | BA79: - | BB79: - | BC79: - | BD79: - | BE79: - | BF79: - | BG79: =(BG10/$D79)*100 -> 0.55354075 | BI79: 1925 | BJ79: - | BK79: - | BL79: - | BM79: - | BN79: - | BO79: - | BP79: - | BQ79: - | BR79: - | BS79: - | BT79: - | BU79: - | BV79: - | BW79: -
D80: 5469 | I80: 1926 | J80: - | K80: - | L80: - | M80: =(M11/$D80)*100 -> 5.6500274 | N80: =(N11/$D80)*100 -> 5.6500274 | O80: - | P80: - | Q80: - | R80: - | S80: - | T80: - | U80: - | V80: - | W80: - | X80: =(X11/$D80)*100 -> 5.6500274 | Z80: 1926 | AA80: - | AB80: - | AC80: - | AD80: =(AD11/$D80)*100 -> 5.6134577 | AE80: =(AE11/$D80)*100 -> 5.9425855 | AF80: - | AG80: - | AH80: - | AI80: - | AJ80: - | AK80: - | AL80: - | AM80: - | AN80: - | AO80: =(AO11/$D80)*100 -> 5.6134577 | AQ80: 1926 | AR80: - | AS80: - | AT80: - | AU80: =(AU11/$D80)*100 -> 0.036569757 | AV80: =(AV11/$D80)*100 -> -0.29255805 | AW80: - | AX80: - | AY80: - | AZ80: - | BA80: - | BB80: - | BC80: - | BD80: - | BE80: - | BF80: - | BG80: =(BG11/$D80)*100 -> 0.036569757 | BI80: 1926 | BJ80: - | BK80: - | BL80: - | BM80: - | BN80: - | BO80: - | BP80: - | BQ80: - | BR80: - | BS80: - | BT80: - | BU80: - | BV80: - | BW80: -
D81: 4987 | I81: 1927 | J81: - | K81: - | L81: - | M81: =(M12/$D81)*100 -> 6.1560056 | N81: =(N12/$D81)*100 -> 5.91538 | O81: - | P81: - | Q81: - | R81: - | S81: - | T81: - | U81: - | V81: - | W81: - | X81: =(X12/$D81)*100 -> 6.1560056 | Z81: 1927 | AA81: - | AB81: - | AC81: - | AD81: =(AD12/$D81)*100 -> 6.216162 | AE81: =(AE12/$D81)*100 -> 6.216162 | AF81: - | AG81: - | AH81: - | AI81: - | AJ81: - | AK81: - | AL81: - | AM81: - | AN81: - | AO81: =(AO12/$D81)*100 -> 6.216162 | AQ81: 1927 | AR81: - | AS81: - | AT81: - | AU81: =(AU12/$D81)*100 -> -0.060156407 | AV81: =(AV12/$D81)*100 -> -0.30078203 | AW81: - | AX81: - | AY81: - | AZ81: - | BA81: - | BB81: - | BC81: - | BD81: - | BE81: - | BF81: - | BG81: =(BG12/$D81)*100 -> -0.060156407 | BI81: 1927 | BJ81: - | BK81: - | BL81: - | BM81: - | BN81: - | BO81: - | BP81: - | BQ81: - | BR81: - | BS81: - | BT81: - | BU81: - | BV81: - | BW81: -
D82: 5018 | I82: 1928 | J82: - | K82: - | L82: - | M82: =(M13/$D82)*100 -> 6.1976883 | N82: =(N13/$D82)*100 -> 5.9784775 | O82: - | P82: - | Q82: - | R82: - | S82: - | T82: - | U82: - | V82: - | W82: - | X82: =(X13/$D82)*100 -> 6.1976883 | Z82: 1928 | AA82: - | AB82: - | AC82: - | AD82: =(AD13/$D82)*100 -> 5.7194101 | AE82: =(AE13/$D82)*100 -> 5.7393384 | AF82: - | AG82: - | AH82: - | AI82: - | AJ82: - | AK82: - | AL82: - | AM82: - | AN82: - | AO82: =(AO13/$D82)*100 -> 5.7194101 | AQ82: 1928 | AR82: - | AS82: - | AT82: - | AU82: =(AU13/$D82)*100 -> 0.4782782 | AV82: =(AV13/$D82)*100 -> 0.2391391 | AW82: - | AX82: - | AY82: - | AZ82: - | BA82: - | BB82: - | BC82: - | BD82: - | BE82: - | BF82: - | BG82: =(BG13/$D82)*100 -> 0.4782782 | BI82: 1928 | BJ82: - | BK82: - | BL82: - | BM82: - | BN82: - | BO82: - | BP82: - | BQ82: - | BR82: - | BS82: - | BT82: - | BU82: - | BV82: - | BW82: -
D83: 4863 | I83: 1929 | J83: - | K83: - | L83: - | M83: =(M14/$D83)*100 -> 6.6214271 | N83: =(N14/$D83)*100 -> 6.6214271 | O83: - | P83: - | Q83: - | R83: - | S83: - | T83: - | U83: - | V83: - | W83: - | X83: =(X14/$D83)*100 -> 6.6214271 | Z83: 1929 | AA83: - | AB83: - | AC83: - | AD83: =(AD14/$D83)*100 -> 5.6755089 | AE83: =(AE14/$D83)*100 -> 5.6755089 | AF83: - | AG83: - | AH83: - | AI83: - | AJ83: - | AK83: - | AL83: - | AM83: - | AN83: - | AO83: =(AO14/$D83)*100 -> 5.6755089 | AQ83: 1929 | AR83: - | AS83: - | AT83: - | AU83: =(AU14/$D83)*100 -> 0.94591816 | AV83: =(AV14/$D83)*100 -> 0.94591816 | AW83: - | AX83: - | AY83: - | AZ83: - | BA83: - | BB83: - | BC83: - | BD83: - | BE83: - | BF83: - | BG83: =(BG14/$D83)*100 -> 0.94591816 | BI83: 1929 | BJ83: - | BK83: - | BL83: - | BM83: - | BN83: - | BO83: - | BP83: - | BQ83: - | BR83: - | BS83: - | BT83: - | BU83: - | BV83: - | BW83: -
D84: 4668 | I84: 1930 | J84: - | K84: - | L84: - | M84: =(M15/$D84)*100 -> 6.1910883 | N84: =(N15/$D84)*100 -> 6.1910883 | O84: - | P84: - | Q84: - | R84: - | S84: - | T84: - | U84: - | V84: - | W84: - | X84: =(X15/$D84)*100 -> 6.1910883 | Z84: 1930 | AA84: - | AB84: - | AC84: - | AD84: =(AD15/$D84)*100 -> 5.9768638 | AE84: =(AE15/$D84)*100 -> 5.9768638 | AF84: - | AG84: - | AH84: - | AI84: - | AJ84: - | AK84: - | AL84: - | AM84: - | AN84: - | AO84: =(AO15/$D84)*100 -> 5.9768638 | AQ84: 1930 | AR84: - | AS84: - | AT84: - | AU84: =(AU15/$D84)*100 -> 0.21422451 | AV84: =(AV15/$D84)*100 -> 0.21422451 | AW84: - | AX84: - | AY84: - | AZ84: - | BA84: - | BB84: - | BC84: - | BD84: - | BE84: - | BF84: - | BG84: =(BG15/$D84)*100 -> 0.21422451 | BI84: 1930 | BJ84: - | BK84: - | BL84: - | BM84: - | BN84: - | BO84: - | BP84: - | BQ84: - | BR84: - | BS84: - | BT84: - | BU84: - | BV84: - | BW84: -
D85: 4218 | I85: 1931 | J85: - | K85: - | L85: - | M85: =(M16/$D85)*100 -> 6.0692271 | N85: =(N16/$D85)*100 -> 6.0692271 | O85: - | P85: - | Q85: - | R85: - | S85: - | T85: - | U85: - | V85: - | W85: - | X85: =(X16/$D85)*100 -> 6.0692271 | Z85: 1931 | AA85: - | AB85: - | AC85: - | AD85: =(AD16/$D85)*100 -> 5.3816975 | AE85: =(AE16/$D85)*100 -> 5.3579896 | AF85: - | AG85: - | AH85: - | AI85: - | AJ85: - | AK85: - | AL85: - | AM85: - | AN85: - | AO85: =(AO16/$D85)*100 -> 5.3816975 | AQ85: 1931 | AR85: - | AS85: - | AT85: - | AU85: =(AU16/$D85)*100 -> 0.68752963 | AV85: =(AV16/$D85)*100 -> 0.71123755 | AW85: - | AX85: - | AY85: - | AZ85: - | BA85: - | BB85: - | BC85: - | BD85: - | BE85: - | BF85: - | BG85: =(BG16/$D85)*100 -> 0.68752963 | BI85: 1931 | BJ85: - | BK85: - | BL85: - | BM85: - | BN85: - | BO85: - | BP85: - | BQ85: - | BR85: - | BS85: - | BT85: - | BU85: - | BV85: - | BW85: -
D86: 3206 | I86: 1932 | J86: - | K86: - | L86: - | M86: =(M17/$D86)*100 -> 6.6126014 | N86: =(N17/$D86)*100 -> 6.6126014 | O86: =(O17/$D86)*100 -> 6.6126014 | P86: - | Q86: - | R86: - | S86: - | T86: - | U86: - | V86: - | W86: - | X86: =(X17/$D86)*100 -> 6.6126014 | Z86: 1932 | AA86: - | AB86: - | AC86: - | AD86: =(AD17/$D86)*100 -> 6.6126014 | AE86: =(AE17/$D86)*100 -> 6.6126014 | AF86: =(AF17/$D86)*100 -> 6.6126014 | AG86: - | AH86: - | AI86: - | AJ86: - | AK86: - | AL86: - | AM86: - | AN86: - | AO86: =(AO17/$D86)*100 -> 6.6126014 | AQ86: 1932 | AR86: - | AS86: - | AT86: - | AU86: =(AU17/$D86)*100 -> 0 | AV86: =(AV17/$D86)*100 -> 0 | AW86: - | AX86: - | AY86: - | AZ86: - | BA86: - | BB86: - | BC86: - | BD86: - | BE86: - | BF86: - | BG86: =(BG17/$D86)*100 -> 0 | BI86: 1932 | BJ86: - | BK86: - | BL86: - | BM86: - | BN86: - | BO86: - | BP86: - | BQ86: - | BR86: - | BS86: - | BT86: - | BU86: - | BV86: - | BW86: -
D87: 3782 | I87: 1933 | J87: - | K87: - | L87: - | M87: =(M18/$D87)*100 -> 5.8963511 | N87: =(N18/$D87)*100 -> 5.8963511 | O87: =(O18/$D87)*100 -> 5.8963511 | P87: - | Q87: - | R87: - | S87: - | T87: - | U87: - | V87: - | W87: - | X87: =(X18/$D87)*100 -> 5.8963511 | Z87: 1933 | AA87: - | AB87: - | AC87: - | AD87: =(AD18/$D87)*100 -> 6.504495 | AE87: =(AE18/$D87)*100 -> 6.4780539 | AF87: =(AF18/$D87)*100 -> 6.504495 | AG87: - | AH87: - | AI87: - | AJ87: - | AK87: - | AL87: - | AM87: - | AN87: - | AO87: =(AO18/$D87)*100 -> 6.504495 | AQ87: 1933 | AR87: - | AS87: - | AT87: - | AU87: =(AU18/$D87)*100 -> -0.60814384 | AV87: =(AV18/$D87)*100 -> -0.5817028 | AW87: =(AW18/$D87)*100 -> -0.60814384 | AX87: - | AY87: - | AZ87: - | BA87: - | BB87: - | BC87: - | BD87: - | BE87: - | BF87: - | BG87: =(BG18/$D87)*100 -> -0.60814384 | BI87: 1933 | BJ87: - | BK87: - | BL87: - | BM87: - | BN87: - | BO87: - | BP87: - | BQ87: - | BR87: - | BS87: - | BT87: - | BU87: - | BV87: - | BW87: -
D88: 4151 | I88: 1934 | J88: =(J19/D88)*100 -> 6.4105035 | K88: =(K19/$D88)*100 -> 6.9164057 | L88: - | M88: =(M19/$D88)*100 -> 7.1067213 | N88: =(N19/$D88)*100 -> 7.1067213 | O88: =(O19/$D88)*100 -> 7.1067213 | P88: - | Q88: - | R88: - | S88: - | T88: - | U88: - | V88: =(V19/$D88)*100 -> 7.1284028 | W88: - | X88: =(X19/$D88)*100 -> 7.1067213 | Z88: 1934 | AA88: =(AA19/$D88)*100 -> 6.1141894 | AB88: =(AB19/$D88)*100 -> 6.2418694 | AC88: - | AD88: =(AD19/$D88)*100 -> 6.3840039 | AE88: =(AE19/$D88)*100 -> 6.3840039 | AF88: =(AF19/$D88)*100 -> 6.3840039 | AG88: - | AH88: - | AI88: - | AJ88: - | AK88: - | AL88: - | AM88: - | AN88: - | AO88: =(AO19/$D88)*100 -> 6.4225488 | AQ88: 1934 | AR88: =(AR19/$D88)*100 -> 0.29631414 | AS88: =(AS19/$D88)*100 -> 0.67453626 | AT88: - | AU88: =(AU19/$D88)*100 -> 0.72271742 | AV88: =(AV19/$D88)*100 -> 0.72271742 | AW88: =(AW19/$D88)*100 -> 0.72271742 | AX88: - | AY88: - | AZ88: - | BA88: - | BB88: - | BC88: - | BD88: =(BD19/$D88)*100 -> 0.75162611 | BE88: - | BF88: =(BF19/$D88)*100 -> 0.68417249 | BG88: =(BG19/$D88)*100 -> 0.68417249 | BI88: 1934 | BJ88: =(BJ19/$D19)*100 -> 0.38785835 | BK88: - | BL88: - | BM88: - | BN88: - | BO88: - | BP88: - | BQ88: - | BR88: - | BS88: - | BT88: - | BU88: - | BV88: =(BV19/$D19)*100 -> -0.067453626 | BW88: -
D89: 4540 | I89: 1935 | J89: =(J20/D89)*100 -> 7.4207048 | K89: =(K20/$D89)*100 -> 7.839207 | L89: =(L20/$D89)*100 -> 7.4515419 | M89: =(M20/$D89)*100 -> 6.8942731 | N89: =(N20/$D89)*100 -> 6.8942731 | O89: =(O20/$D89)*100 -> 6.8942731 | P89: =(P20/$D89)*100 -> 7.2819383 | Q89: =(Q20/$D89)*100 -> 6.8942731 | R89: =(R20/$D89)*100 -> 0.3876652 | S89: - | T89: - | U89: - | V89: =(V20/$D89)*100 -> 7.2621145 | W89: - | X89: =(X20/$D89)*100 -> 7.4515419 | Z89: 1935 | AA89: =(AA20/$D89)*100 -> 6.1431718 | AB89: =(AB20/$D89)*100 -> 6.2885463 | AC89: =(AC20/$D89)*100 -> 6.2753304 | AD89: =(AD20/$D89)*100 -> 6.6299559 | AE89: =(AE20/$D89)*100 -> 6.6299559 | AF89: =(AF20/$D89)*100 -> 6.6299559 | AG89: =(AG20/$D89)*100 -> 6.6387665 | AH89: =(AH20/$D89)*100 -> 6.6255507 | AI89: =(AI20/$D89)*100 -> 0.013215859 | AJ89: - | AK89: - | AL89: - | AM89: =(AM20/$D89)*100 -> 6.623348 | AN89: - | AO89: =(AO20/$D89)*100 -> 6.5220264 | AQ89: 1935 | AR89: =(AR20/$D89)*100 -> 1.277533 | AS89: =(AS20/$D89)*100 -> 1.5506608 | AT89: =(AT20/$D89)*100 -> 1.1762115 | AU89: =(AU20/$D89)*100 -> 0.26431718 | AV89: =(AV20/$D89)*100 -> 0.26431718 | AW89: =(AW20/$D89)*100 -> 0.26431718 | AX89: =(AX20/$D89)*100 -> 0.64317181 | AY89: =(AY20/$D89)*100 -> 0.26872247 | AZ89: =(AZ20/$D89)*100 -> 0.37444934 | BA89: - | BB89: - | BC89: - | BD89: =(BD20/$D89)*100 -> 0.63876652 | BE89: - | BF89: =(BF20/$D89)*100 -> 0.92951542 | BG89: =(BG20/$D89)*100 -> 0.92951542 | BI89: 1935 | BJ89: =(BJ20/$D20)*100 -> -0.34801762 | BK89: =(BK20/$D20)*100 -> -0.62114537 | BL89: =(BL20/$D20)*100 -> -0.24669604 | BM89: =(BM20/$D20)*100 -> 0.66519824 | BN89: =(BN20/$D20)*100 -> 0.66519824 | BO89: =(BO20/$D20)*100 -> 0.66519824 | BP89: =(BP20/$D20)*100 -> 0.28634361 | BQ89: =(BQ20/$D20)*100 -> 0.66079295 | BR89: - | BS89: - | BT89: - | BU89: - | BV89: =(BV20/$D20)*100 -> 0.2907489 | BW89: -
D90: 5346 | I90: 1936 | J90: =(J21/D90)*100 -> 7.2053872 | K90: =(K21/$D90)*100 -> 7.620651 | L90: =(L21/$D90)*100 -> 7.5215114 | M90: =(M21/$D90)*100 -> 7.2016461 | N90: =(N21/$D90)*100 -> 7.2016461 | O90: =(O21/$D90)*100 -> 7.2016461 | P90: =(P21/$D90)*100 -> 7.2053872 | Q90: =(Q21/$D90)*100 -> 7.1062477 | R90: =(R21/$D90)*100 -> 0.099139544 | S90: - | T90: - | U90: - | V90: =(V21/$D90)*100 -> 7.1399177 | W90: - | X90: =(X21/$D90)*100 -> 7.5215114 | Z90: 1936 | AA90: =(AA21/$D90)*100 -> 7.5963337 | AB90: =(AB21/$D90)*100 -> 7.1118593 | AC90: =(AC21/$D90)*100 -> 7.0407782 | AD90: =(AD21/$D90)*100 -> 7.5944632 | AE90: =(AE21/$D90)*100 -> 7.5944632 | AF90: =(AF21/$D90)*100 -> 7.5944632 | AG90: =(AG21/$D90)*100 -> 7.5963337 | AH90: =(AH21/$D90)*100 -> 7.5252525 | AI90: =(AI21/$D90)*100 -> 0.071081182 | AJ90: - | AK90: - | AL90: - | AM90: =(AM21/$D90)*100 -> 7.5289936 | AN90: - | AO90: =(AO21/$D90)*100 -> 8.8683128 | AQ90: 1936 | AR90: =(AR21/$D90)*100 -> -0.3909465 | AS90: =(AS21/$D90)*100 -> 0.50879162 | AT90: =(AT21/$D90)*100 -> 0.48073326 | AU90: =(AU21/$D90)*100 -> -0.39281706 | AV90: =(AV21/$D90)*100 -> -0.39281706 | AW90: =(AW21/$D90)*100 -> -0.39281706 | AX90: =(AX21/$D90)*100 -> -0.3909465 | AY90: =(AY21/$D90)*100 -> -0.41900486 | AZ90: =(AZ21/$D90)*100 -> 0.028058361 | BA90: - | BB90: - | BC90: - | BD90: =(BD21/$D90)*100 -> -0.38907594 | BE90: - | BF90: =(BF21/$D90)*100 -> -1.3468013 | BG90: =(BG21/$D90)*100 -> -1.3468013 | BI90: 1936 | BJ90: =(BJ21/$D21)*100 -> -0.95585484 | BK90: =(BK21/$D21)*100 -> -1.855593 | BL90: =(BL21/$D21)*100 -> -1.8275346 | BM90: =(BM21/$D21)*100 -> -0.95398429 | BN90: =(BN21/$D21)*100 -> -0.95398429 | BO90: =(BO21/$D21)*100 -> -0.95398429 | BP90: =(BP21/$D21)*100 -> -0.95585484 | BQ90: =(BQ21/$D21)*100 -> -0.92779648 | BR90: - | BS90: - | BT90: - | BU90: - | BV90: =(BV21/$D21)*100 -> -0.9577254 | BW90: -
D91: 6800 | I91: 1937 | J91: =(J22/D91)*100 -> 6.6338235 | K91: =(K22/$D91)*100 -> 6.6161765 | L91: =(L22/$D91)*100 -> 6.3808824 | M91: =(M22/$D91)*100 -> 6.6323529 | N91: =(N22/$D91)*100 -> 6.6323529 | O91: =(O22/$D91)*100 -> 6.6323529 | P91: =(P22/$D91)*100 -> 6.6338235 | Q91: =(Q22/$D91)*100 -> 6.3985294 | R91: =(R22/$D91)*100 -> 0.23529412 | S91: - | T91: - | U91: - | V91: =(V22/$D91)*100 -> 6.5588235 | W91: - | X91: =(X22/$D91)*100 -> 6.3808824 | Z91: 1937 | AA91: =(AA22/$D91)*100 -> 7.0411765 | AB91: =(AB22/$D91)*100 -> 7.7338235 | AC91: =(AC22/$D91)*100 -> 7.5485294 | AD91: =(AD22/$D91)*100 -> 7.0441176 | AE91: =(AE22/$D91)*100 -> 7.0441176 | AF91: =(AF22/$D91)*100 -> 7.0441176 | AG91: =(AG22/$D91)*100 -> 7.0411765 | AH91: =(AH22/$D91)*100 -> 6.8558824 | AI91: =(AI22/$D91)*100 -> 0.18529412 | AJ91: - | AK91: =(AK25/$D91)*100 -> 12.073529 | AL91: - | AM91: =(AM22/$D91)*100 -> 6.9161765 | AN91: - | AO91: =(AO22/$D91)*100 -> 7.3955882 | AQ91: 1937 | AR91: =(AR22/$D91)*100 -> -0.40735294 | AS91: =(AS22/$D91)*100 -> -1.1176471 | AT91: =(AT22/$D91)*100 -> -1.1676471 | AU91: =(AU22/$D91)*100 -> -0.41176471 | AV91: =(AV22/$D91)*100 -> -0.41176471 | AW91: =(AW22/$D91)*100 -> -0.41176471 | AX91: =(AX22/$D91)*100 -> -0.40735294 | AY91: =(AY22/$D91)*100 -> -0.45735294 | AZ91: =(AZ22/$D91)*100 -> 0.05 | BA91: - | BB91: - | BC91: - | BD91: =(BD22/$D91)*100 -> -0.35735294 | BE91: - | BF91: =(BF22/$D91)*100 -> -1.0147059 | BG91: =(BG22/$D91)*100 -> -1.0147059 | BI91: 1937 | BJ91: =(BJ22/$D22)*100 -> -0.60735294 | BK91: =(BK22/$D22)*100 -> 0.10294118 | BL91: =(BL22/$D22)*100 -> 0.15294118 | BM91: =(BM22/$D22)*100 -> -0.60294118 | BN91: =(BN22/$D22)*100 -> -0.60294118 | BO91: =(BO22/$D22)*100 -> -0.60294118 | BP91: =(BP22/$D22)*100 -> -0.60735294 | BQ91: =(BQ22/$D22)*100 -> -0.55735294 | BR91: - | BS91: - | BT91: - | BU91: - | BV91: =(BV22/$D22)*100 -> -0.65735294 | BW91: -
D92: 7281 | I92: 1938 | J92: =(J23/D92)*100 -> 6.0197775 | K92: =(K23/$D92)*100 -> 6.4112073 | L92: =(L23/$D92)*100 -> 6.0266447 | M92: =(M23/$D92)*100 -> 6.0156572 | N92: =(N23/$D92)*100 -> 6.0156572 | O92: =(O23/$D92)*100 -> 6.0156572 | P92: =(P23/$D92)*100 -> 6.4043401 | Q92: =(Q23/$D92)*100 -> 6.0197775 | R92: =(R23/$D92)*100 -> 0.38456256 | S92: - | T92: - | U92: - | V92: =(V23/$D92)*100 -> 5.9717072 | W92: =(W23/$D92)*100 -> 6.0197775 | X92: =(X23/$D92)*100 -> 6.0266447 | Z92: 1938 | AA92: =(AA23/$D92)*100 -> 6.9193792 | AB92: =(AB23/$D92)*100 -> 7.5360527 | AC92: =(AC23/$D92)*100 -> 7.1212746 | AD92: =(AD23/$D92)*100 -> 6.9221261 | AE92: =(AE23/$D92)*100 -> 6.9221261 | AF92: =(AF23/$D92)*100 -> 6.9221261 | AG92: =(AG23/$D92)*100 -> 7.3753605 | AH92: =(AH23/$D92)*100 -> 6.9605823 | AI92: =(AI23/$D92)*100 -> 0.41477819 | AJ92: - | AK92: =(AK26/$D92)*100 -> 12.745502 | AL92: - | AM92: =(AM23/$D92)*100 -> 6.9193792 | AN92: =(AN23/$D92)*100 -> 5.8261228 | AO92: =(AO23/$D92)*100 -> 6.2642494 | AQ92: 1938 | AR92: =(AR23/$D92)*100 -> -0.8996017 | AS92: =(AS23/$D92)*100 -> -1.1248455 | AT92: =(AT23/$D92)*100 -> -1.0946299 | AU92: =(AU23/$D92)*100 -> -0.90646889 | AV92: =(AV23/$D92)*100 -> -0.90646889 | AW92: =(AW23/$D92)*100 -> -0.90646889 | AX92: =(AX23/$D92)*100 -> -0.97102046 | AY92: =(AY23/$D92)*100 -> -0.94080483 | AZ92: =(AZ23/$D92)*100 -> -0.03021563 | BA92: - | BC92: - | BD92: =(BD23/$D92)*100 -> -0.94767202 | BE92: =(BE23/$D92)*100 -> 0.19365472 | BF92: =(BF23/$D92)*100 -> -0.23760472 | BG92: =(BG23/$D92)*100 -> -0.23760472 | BI92: 1938 | BJ92: =(BJ23/$D23)*100 -> 0.66199698 | BK92: =(BK23/$D23)*100 -> 0.88724076 | BL92: =(BL23/$D23)*100 -> 0.85702513 | BM92: =(BM23/$D23)*100 -> 0.66886417 | BN92: =(BN23/$D23)*100 -> 0.66886417 | BO92: =(BO23/$D23)*100 -> 0.66886417 | BP92: =(BP23/$D23)*100 -> 0.73341574 | BQ92: =(BQ23/$D23)*100 -> 0.70320011 | BR92: - | BS92: - | BT92: - | BU92: - | BV92: =(BV23/$D23)*100 -> 0.7100673 | BW92: =(BW23/$D23)*100 -> -0.43125944
D93: 7785 | I93: 1939 | J93: =(J24/D93)*100 -> 7.2665382 | K93: =(K24/$D93)*100 -> 7.2524085 | L93: =(L24/$D93)*100 -> 5.9524727 | M93: =(M24/$D93)*100 -> 7.2703918 | N93: =(N24/$D93)*100 -> 7.2703918 | O93: =(O24/$D93)*100 -> 7.2703918 | P93: =(P24/$D93)*100 -> 7.6570328 | Q93: =(Q24/$D93)*100 -> 6.357097 | R93: =(R24/$D93)*100 -> 1.2999358 | S93: - | T93: - | U93: - | V93: =(V24/$D93)*100 -> 7.2665382 | W93: =(W24/$D93)*100 -> 7.2665382 | X93: =(X24/$D93)*100 -> 5.9524727 | Z93: 1939 | AA93: =(AA24/$D93)*100 -> 7.3333333 | AB93: =(AB24/$D93)*100 -> 7.849711 | AC93: =(AC24/$D93)*100 -> 6.507386 | AD93: =(AD24/$D93)*100 -> 7.3346179 | AE93: =(AE24/$D93)*100 -> 7.3346179 | AF93: - | AG93: =(AG24/$D93)*100 -> 7.967887 | AH93: =(AH24/$D93)*100 -> 6.625562 | AI93: =(AI24/$D93)*100 -> 1.342325 | AJ93: - | AK93: =(AK27/$D93)*100 -> 14.168272 | AL93: - | AM93: =(AM24/$D93)*100 -> 7.3333333 | AN93: =(AN24/$D93)*100 -> 6.24149 | AO93: =(AO24/$D93)*100 -> 6.4919717 | AQ93: 1939 | AR93: =(AR24/$D93)*100 -> -0.066795119 | AS93: =(AS24/$D93)*100 -> -0.5973025 | AT93: =(AT24/$D93)*100 -> -0.55491329 | AU93: =(AU24/$D93)*100 -> -0.064226076 | AV93: =(AV24/$D93)*100 -> -0.064226076 | AW93: - | AX93: =(AX24/$D93)*100 -> -0.31085421 | AY93: =(AY24/$D93)*100 -> -0.268465 | AZ93: =(AZ24/$D93)*100 -> -0.04238921 | BA93: - | BC93: - | BD93: =(BD24/$D93)*100 -> -0.066795119 | BE93: =(BE24/$D93)*100 -> 1.0250482 | BF93: =(BF24/$D93)*100 -> -0.53949904 | BG93: =(BG24/$D93)*100 -> -0.53949904 | BI93: 1939 | BJ93: =(BJ24/$D24)*100 -> -0.47270392 | BK93: =(BK24/$D24)*100 -> 0.057803468 | BL93: =(BL24/$D24)*100 -> 0.015414258 | BM93: =(BM24/$D24)*100 -> -0.47527296 | BN93: =(BN24/$D24)*100 -> -0.47527296 | BO93: =(BO24/$D24)*100 -> -0.33397559 | BP93: =(BP24/$D24)*100 -> -0.22864483 | BQ93: =(BQ24/$D24)*100 -> -0.27103404 | BR93: - | BS93: - | BT93: - | BU93: - | BV93: =(BV24/$D24)*100 -> -0.47270392 | BW93: =(BW24/$D24)*100 -> -1.5645472
D94: 8249 | I94: 1940 | J94: =(J25/D94)*100 -> 6.8481028 | K94: =(K25/$D94)*100 -> 6.8493151 | L94: =(L25/$D94)*100 -> 5.6128016 | M94: =(M25/$D94)*100 -> 6.9947872 | N94: =(N25/$D94)*100 -> 6.9947872 | O94: =(O25/$D94)*100 -> 6.9947872 | P94: =(P25/$D94)*100 -> 7.4190811 | Q94: =(Q25/$D94)*100 -> 6.1825676 | R94: =(R25/$D94)*100 -> 1.2365135 | S94: - | T94: =(T25/$D94)*100 -> 9.0192751 | U94: - | V94: =(V25/$D94)*100 -> 6.8481028 | W94: =(W25/$D94)*100 -> 7.2530004 | X94: =(X25/$D94)*100 -> 5.6128016 | Z94: 1940 | AA94: =(AA25/$D94)*100 -> 7.3196751 | AB94: =(AB25/$D94)*100 -> 8.2725179 | AC94: =(AC25/$D94)*100 -> 7.0517639 | AD94: =(AD25/$D94)*100 -> 7.3948357 | AE94: =(AE25/$D94)*100 -> 7.3948357 | AF94: - | AG94: =(AG25/$D94)*100 -> 7.9803613 | AH94: =(AH25/$D94)*100 -> 6.7596072 | AI94: =(AI25/$D94)*100 -> 1.220754 | AJ94: - | AK94: =(AK28/$D94)*100 -> 15.832222 | AL94: - | AM94: =(AM25/$D94)*100 -> 7.3196751 | AN94: =(AN25/$D94)*100 -> 6.3316766 | AO94: =(AO25/$D94)*100 -> 6.4856346 | AQ94: 1940 | AR94: =(AR25/$D94)*100 -> -0.47157231 | AS94: =(AS25/$D94)*100 -> -1.4232028 | AT94: =(AT25/$D94)*100 -> -1.4389623 | AU94: =(AU25/$D94)*100 -> -0.40004849 | AV94: =(AV25/$D94)*100 -> -0.40004849 | AW94: - | AX94: =(AX25/$D94)*100 -> -0.56128016 | AY94: =(AY25/$D94)*100 -> -0.57703964 | AZ94: =(AZ25/$D94)*100 -> 0.015759486 | BA94: - | BB94: =(BB25/$D94)*100 -> -0.93344648 | BC94: - | BD94: =(BD25/$D94)*100 -> -0.47157231 | BE94: =(BE25/$D94)*100 -> 0.9213238 | BF94: =(BF25/$D94)*100 -> -0.87283307 | BG94: =(BG25/$D94)*100 -> -0.87283307 | BI94: 1940 | BJ94: =(BJ25/$D25)*100 -> -0.40126076 | BK94: =(BK25/$D25)*100 -> 0.55036974 | BL94: =(BL25/$D25)*100 -> 0.56612923 | BM94: =(BM25/$D25)*100 -> -0.47278458 | BN94: =(BN25/$D25)*100 -> -0.47278458 | BO94: =(BO25/$D25)*100 -> -0.54552067 | BP94: =(BP25/$D25)*100 -> -0.31155292 | BQ94: =(BQ25/$D25)*100 -> -0.29579343 | BR94: - | BS94: - | BT94: =(BT25/$D25)*100 -> 0.060613408 | BU94: - | BV94: =(BV25/$D25)*100 -> -0.40126076 | BW94: =(BW25/$D25)*100 -> -1.7941569
D95: 9232 | I95: 1941 | J95: =(J26/D95)*100 -> 8.4542894 | K95: =(K26/$D95)*100 -> 7.22487 | L95: =(L26/$D95)*100 -> 4.6652946 | M95: =(M26/$D95)*100 -> 7.2032062 | N95: =(N26/$D95)*100 -> 7.2032062 | O95: - | P95: =(P26/$D95)*100 -> 8.4532062 | Q95: =(Q26/$D95)*100 -> 5.8936308 | R95: =(R26/$D95)*100 -> 2.5595754 | S95: - | T95: =(T26/$D95)*100 -> 8.8929809 | U95: - | V95: =(V26/$D95)*100 -> 7.2021231 | W95: =(W26/$D95)*100 -> 7.7133882 | X95: =(X26/$D95)*100 -> 4.6652946 | Z95: 1941 | AA95: =(AA26/$D95)*100 -> 8.4228769 | AB95: =(AB26/$D95)*100 -> 7.6353986 | AC95: =(AC26/$D95)*100 -> 5.114818 | AD95: =(AD26/$D95)*100 -> 7.4631716 | AE95: =(AE26/$D95)*100 -> 7.4631716 | AF95: - | AG95: =(AG26/$D95)*100 -> 8.4228769 | AH95: =(AH26/$D95)*100 -> 5.9022964 | AI95: =(AI26/$D95)*100 -> 2.5205806 | AJ95: - | AK95: =(AK29/$D95)*100 -> 16.962738 | AL95: - | AM95: =(AM26/$D95)*100 -> 7.3862652 | AN95: =(AN26/$D95)*100 -> 6.6594454 | AO95: =(AO26/$D95)*100 -> 5.4939341 | AQ95: 1941 | AR95: =(AR26/$D95)*100 -> 0.031412478 | AS95: =(AS26/$D95)*100 -> -0.4105286 | AT95: =(AT26/$D95)*100 -> -0.4495234 | AU95: =(AU26/$D95)*100 -> -0.25996534 | AV95: =(AV26/$D95)*100 -> -0.25996534 | AW95: - | AX95: =(AX26/$D95)*100 -> 0.030329289 | AY95: =(AY26/$D95)*100 -> -0.0086655113 | AZ95: =(AZ26/$D95)*100 -> 0.038994801 | BA95: - | BB95: =(BB26/$D95)*100 -> -1.1590121 | BC95: - | BD95: =(BD26/$D95)*100 -> -0.18414211 | BE95: =(BE26/$D95)*100 -> 1.0539428 | BF95: =(BF26/$D95)*100 -> -0.82863951 | BG95: =(BG26/$D95)*100 -> -0.82863951 | BI95: 1941 | BJ95: =(BJ26/$D26)*100 -> -0.86005199 | BK95: =(BK26/$D26)*100 -> -0.41811092 | BL95: =(BL26/$D26)*100 -> -0.37911612 | BM95: =(BM26/$D26)*100 -> -0.56867418 | BN95: =(BN26/$D26)*100 -> -0.56867418 | BP95: =(BP26/$D26)*100 -> -0.8589688 | BQ95: =(BQ26/$D26)*100 -> -0.819974 | BR95: - | BS95: - | BT95: =(BT26/$D26)*100 -> 0.33037262 | BU95: - | BV95: =(BV26/$D26)*100 -> -0.6444974 | BW95: =(BW26/$D26)*100 -> -1.8825823
D96: 10681 | I96: 1942 | J96: =(J27/D96)*100 -> 8.8072278 | K96: =(K27/$D96)*100 -> 7.0751802 | L96: =(L27/$D96)*100 -> 4.1906189 | M96: =(M27/$D96)*100 -> 6.9843648 | N96: =(N27/$D96)*100 -> 6.9843648 | O96: - | P96: =(P27/$D96)*100 -> 8.8072278 | Q96: =(Q27/$D96)*100 -> 5.9226664 | R96: =(R27/$D96)*100 -> 2.8845614 | S96: - | T96: =(T27/$D96)*100 -> 8.8193989 | U96: - | V96: =(V27/$D96)*100 -> 7.248385 | W96: =(W27/$D96)*100 -> 7.5086602 | X96: =(X27/$D96)*100 -> 4.1906189 | Z96: 1942 | AA96: =(AA27/$D96)*100 -> 9.415785 | AB96: =(AB27/$D96)*100 -> 8.0910027 | AC96: =(AC27/$D96)*100 -> 5.2092501 | AD96: =(AD27/$D96)*100 -> 7.9112443 | AE96: =(AE27/$D96)*100 -> 7.9112443 | AF96: - | AG96: =(AG27/$D96)*100 -> 9.415785 | AH96: =(AH27/$D96)*100 -> 6.5340324 | AI96: =(AI27/$D96)*100 -> 2.8817526 | AJ96: - | AK96: =(AK30/$D96)*100 -> 17.929033 | AL96: - | AM96: =(AM27/$D96)*100 -> 7.8344724 | AN96: =(AN27/$D96)*100 -> 6.8598446 | AO96: =(AO27/$D96)*100 -> 5.9956933 | AQ96: 1942 | AR96: =(AR27/$D96)*100 -> -0.60855725 | AS96: =(AS27/$D96)*100 -> -1.0158225 | AT96: =(AT27/$D96)*100 -> -1.0186312 | AU96: =(AU27/$D96)*100 -> -0.92687951 | AV96: =(AV27/$D96)*100 -> -0.92687951 | AW96: - | AX96: =(AX27/$D96)*100 -> -0.60855725 | AY96: =(AY27/$D96)*100 -> -0.61136598 | AZ96: =(AZ27/$D96)*100 -> 0.0028087258 | BA96: - | BB96: =(BB27/$D96)*100 -> -1.5073495 | BC96: - | BD96: =(BD27/$D96)*100 -> -0.58608744 | BE96: =(BE27/$D96)*100 -> 0.64881565 | BF96: =(BF27/$D96)*100 -> -1.8050744 | BG96: =(BG27/$D96)*100 -> -1.8050744 | BI96: 1942 | BJ96: =(BJ27/$D27)*100 -> -1.1965172 | BK96: =(BK27/$D27)*100 -> -0.78925194 | BL96: =(BL27/$D27)*100 -> -0.78644322 | BM96: =(BM27/$D27)*100 -> -0.87819493 | BN96: =(BN27/$D27)*100 -> -0.87819493 | BP96: =(BP27/$D27)*100 -> -1.1965172 | BQ96: =(BQ27/$D27)*100 -> -1.1937085 | BR96: - | BS96: - | BT96: =(BT27/$D27)*100 -> -0.29772493 | BU96: - | BV96: =(BV27/$D27)*100 -> -1.218987 | BW96: =(BW27/$D27)*100 -> -2.4538901
D97: 13035 | I97: 1943 | J97: =(J28/D97)*100 -> 9.786728 | K97: =(K28/$D97)*100 -> 8.3820483 | L97: =(L28/$D97)*100 -> 5.6225547 | M97: =(M28/$D97)*100 -> 8.3774453 | N97: =(N28/$D97)*100 -> 8.3774453 | O97: - | P97: =(P28/$D97)*100 -> 9.786728 | Q97: =(Q28/$D97)*100 -> 7.0272344 | R97: =(R28/$D97)*100 -> 2.7594937 | S97: - | T97: =(T28/$D97)*100 -> 9.735328 | U97: - | V97: =(V28/$D97)*100 -> 8.3743767 | W97: =(W28/$D97)*100 -> 8.8262371 | X97: =(X28/$D97)*100 -> 5.6225547 | Z97: 1943 | AA97: =(AA28/$D97)*100 -> 9.1714614 | AB97: =(AB28/$D97)*100 -> 8.556962 | AC97: =(AC28/$D97)*100 -> 6.1342539 | AD97: =(AD28/$D97)*100 -> 8.3237438 | AE97: =(AE28/$D97)*100 -> 8.3237438 | AF97: - | AG97: =(AG28/$D97)*100 -> 9.1714614 | AH97: =(AH28/$D97)*100 -> 6.7487534 | AI97: =(AI28/$D97)*100 -> 2.4227081 | AJ97: - | AK97: =(AK31/$D97)*100 -> 16.125815 | AL97: - | AM97: =(AM28/$D97)*100 -> 8.2508631 | AN97: =(AN28/$D97)*100 -> 6.3697737 | AO97: =(AO28/$D97)*100 -> 5.4192558 | AQ97: 1943 | AR97: =(AR28/$D97)*100 -> 0.61526659 | AS97: =(AS28/$D97)*100 -> -0.17491369 | AT97: =(AT28/$D97)*100 -> -0.51169927 | AU97: =(AU28/$D97)*100 -> 0.053701573 | AV97: =(AV28/$D97)*100 -> 0.053701573 | AW97: - | AX97: =(AX28/$D97)*100 -> 0.61526659 | AY97: =(AY28/$D97)*100 -> 0.27848101 | AZ97: =(AZ28/$D97)*100 -> 0.33678558 | BA97: - | BB97: =(BB28/$D97)*100 -> -0.28385117 | BC97: - | BD97: =(BD28/$D97)*100 -> 0.12351362 | BE97: =(BE28/$D97)*100 -> 2.4564634 | BF97: =(BF28/$D97)*100 -> 0.20329881 | BG97: =(BG28/$D97)*100 -> 0.20329881 | BI97: 1943 | BJ97: =(BJ28/$D28)*100 -> -0.41196778 | BK97: =(BK28/$D28)*100 -> 0.3782125 | BL97: =(BL28/$D28)*100 -> 0.71499808 | BM97: =(BM28/$D28)*100 -> 0.14959724 | BN97: =(BN28/$D28)*100 -> 0.14959724 | BP97: =(BP28/$D28)*100 -> -0.41196778 | BQ97: =(BQ28/$D28)*100 -> -0.075182202 | BR97: - | BS97: - | BT97: =(BT28/$D28)*100 -> 0.48714998 | BU97: - | BV97: =(BV28/$D28)*100 -> 0.079785194 | BW97: =(BW28/$D28)*100 -> -2.2531646
D98: 18801 | I98: 1944 | J98: =(J29/D98)*100 -> 6.890059 | K98: =(K29/$D98)*100 -> 6.8953779 | L98: =(L29/$D98)*100 -> 5.8156481 | M98: =(M29/$D98)*100 -> 6.8879315 | N98: =(N29/$D98)*100 -> 6.8879315 | O98: - | P98: =(P29/$D98)*100 -> 6.9857986 | Q98: =(Q29/$D98)*100 -> 5.9060688 | R98: =(R29/$D98)*100 -> 1.0797298 | S98: - | T98: =(T29/$D98)*100 -> 7.8666028 | U98: - | V98: =(V29/$D98)*100 -> 6.8895272 | W98: =(W29/$D98)*100 -> 6.8352747 | X98: =(X29/$D98)*100 -> 5.8156481 | Z98: 1944 | AA98: =(AA29/$D98)*100 -> 7.7857561 | AB98: =(AB29/$D98)*100 -> 8.184671 | AC98: =(AC29/$D98)*100 -> 6.1906282 | AD98: =(AD29/$D98)*100 -> 8.0048934 | AE98: =(AE29/$D98)*100 -> 8.0048934 | AF98: - | AG98: =(AG29/$D98)*100 -> 7.7857561 | AH98: =(AH29/$D98)*100 -> 5.7917132 | AI98: =(AI29/$D98)*100 -> 1.9940429 | AJ98: - | AK98: =(AK32/$D98)*100 -> 14.196053 | AL98: - | AM98: =(AM29/$D98)*100 -> 7.729908 | AN98: =(AN29/$D98)*100 -> 5.0332429 | AO98: =(AO29/$D98)*100 -> 6.0416999 | AQ98: 1944 | AR98: =(AR29/$D98)*100 -> -0.89569704 | AS98: =(AS29/$D98)*100 -> -1.2892931 | AT98: =(AT29/$D98)*100 -> -0.37498005 | AU98: =(AU29/$D98)*100 -> -1.1169619 | AV98: =(AV29/$D98)*100 -> -1.1169619 | AW98: - | AX98: =(AX29/$D98)*100 -> -0.79995745 | AY98: =(AY29/$D98)*100 -> 0.11435562 | AZ98: =(AZ29/$D98)*100 -> -0.91431307 | BA98: - | BB98: =(BB29/$D98)*100 -> -0.46274134 | BC98: - | BD98: =(BD29/$D98)*100 -> -0.84038083 | BE98: =(BE29/$D98)*100 -> 1.8020318 | BF98: =(BF29/$D98)*100 -> -0.22605181 | BG98: =(BG29/$D98)*100 -> -0.22605181 | BI98: 1944 | BJ98: =(BJ29/$D29)*100 -> 0.66964523 | BK98: =(BK29/$D29)*100 -> 1.0632413 | BL98: =(BL29/$D29)*100 -> 0.14892825 | BM98: =(BM29/$D29)*100 -> 0.89091006 | BN98: =(BN29/$D29)*100 -> 0.89091006 | BP98: =(BP29/$D29)*100 -> 0.57390564 | BQ98: =(BQ29/$D29)*100 -> -0.34040743 | BR98: - | BS98: - | BT98: =(BT29/$D29)*100 -> 0.23668954 | BU98: - | BV98: =(BV29/$D29)*100 -> 0.61432903 | BW98: =(BW29/$D29)*100 -> -2.0280836
D99: 20566 | I99: 1945 | J99: =(J30/D99)*100 -> 7.7068949 | K99: =(K30/$D99)*100 -> 7.0645726 | L99: =(L30/$D99)*100 -> 5.1191287 | M99: =(M30/$D99)*100 -> 6.8268015 | N99: =(N30/$D99)*100 -> 6.8268015 | O99: - | P99: =(P30/$D99)*100 -> 7.7068949 | Q99: =(Q30/$D99)*100 -> 5.7614509 | R99: =(R30/$D99)*100 -> 1.9454439 | S99: - | T99: =(T30/$D99)*100 -> 8.115336 | U99: - | V99: =(V30/$D99)*100 -> 6.8268015 | W99: =(W30/$D99)*100 -> 6.8219391 | X99: =(X30/$D99)*100 -> 5.1191287 | Z99: 1945 | AA99: =(AA30/$D99)*100 -> 8.0720607 | AB99: =(AB30/$D99)*100 -> 8.2028591 | AC99: =(AC30/$D99)*100 -> 6.5335991 | AD99: =(AD30/$D99)*100 -> 7.6485461 | AE99: =(AE30/$D99)*100 -> 7.9402898 | AF99: - | AG99: =(AG30/$D99)*100 -> 8.0720607 | AH99: =(AH30/$D99)*100 -> 6.4028007 | AI99: =(AI30/$D99)*100 -> 1.6692599 | AJ99: - | AK99: =(AK33/$D99)*100 -> 14.062044 | AL99: - | AM99: =(AM30/$D99)*100 -> 7.6475737 | AN99: =(AN30/$D99)*100 -> 5.1084314 | AO99: =(AO30/$D99)*100 -> 5.8426529 | AQ99: 1945 | AR99: =(AR30/$D99)*100 -> -0.36516581 | AS99: =(AS30/$D99)*100 -> -1.1382865 | AT99: =(AT30/$D99)*100 -> -1.4144705 | AU99: =(AU30/$D99)*100 -> -0.82174463 | AV99: =(AV30/$D99)*100 -> -1.1134883 | AW99: - | AX99: =(AX30/$D99)*100 -> -0.36516581 | AY99: =(AY30/$D99)*100 -> -0.6413498 | AZ99: =(AZ30/$D99)*100 -> 0.27618399 | BA99: - | BB99: =(BB30/$D99)*100 -> -1.196149 | BC99: - | BD99: =(BD30/$D99)*100 -> -0.82077215 | BE99: =(BE30/$D99)*100 -> 1.7135077 | BF99: =(BF30/$D99)*100 -> -0.72352426 | BG99: =(BG30/$D99)*100 -> -0.72352426 | BI99: 1945 | BJ99: =(BJ30/$D30)*100 -> -0.35835846 | BK99: =(BK30/$D30)*100 -> 0.41476223 | BL99: =(BL30/$D30)*100 -> 0.69094622 | BM99: =(BM30/$D30)*100 -> 0.098220364 | BN99: =(BN30/$D30)*100 -> 0.38996402 | BP99: =(BP30/$D30)*100 -> -0.35835846 | BQ99: =(BQ30/$D30)*100 -> -0.082174463 | BR99: - | BS99: - | BT99: =(BT30/$D30)*100 -> 0.47262472 | BU99: - | BV99: =(BV30/$D30)*100 -> 0.097247885 | BW99: =(BW30/$D30)*100 -> -2.437032
D100: 27930 | I100: 1946 | J100: =(J31/D100)*100 -> 7.2198353 | K100: =(K31/$D100)*100 -> 7.3408521 | L100: =(L31/$D100)*100 -> 5.2878625 | M100: =(M31/$D100)*100 -> 7.2037236 | N100: =(N31/$D100)*100 -> 7.2037236 | O100: - | P100: =(P31/$D100)*100 -> 7.9767275 | Q100: =(Q31/$D100)*100 -> 5.9237379 | R100: =(R31/$D100)*100 -> 2.0529896 | S100: - | T100: =(T31/$D100)*100 -> 7.7336198 | U100: - | V100: - | W100: =(W31/$D100)*100 -> 6.9745793 | X100: =(X31/$D100)*100 -> 5.2878625 | Z100: 1946 | AA100: =(AA31/$D100)*100 -> 6.3390619 | AB100: =(AB31/$D100)*100 -> 6.9305406 | AC100: =(AC31/$D100)*100 -> 4.9129968 | AD100: =(AD31/$D100)*100 -> 6.5485141 | AE100: =(AE31/$D100)*100 -> 6.5485141 | AF100: - | AG100: =(AG31/$D100)*100 -> 6.877193 | AH100: =(AH31/$D100)*100 -> 4.8596491 | AI100: =(AI31/$D100)*100 -> 2.0175439 | AJ100: - | AK100: =(AK34/$D100)*100 -> 12.789116 | AL100: - | AM100: - | AN100: =(AN31/$D100)*100 -> 4.5853921 | AO100: =(AO31/$D100)*100 -> 5.273541 | AQ100: 1946 | AR100: =(AR31/$D100)*100 -> 0.88077336 | AS100: =(AS31/$D100)*100 -> 0.41031149 | AT100: =(AT31/$D100)*100 -> 0.37486574 | AU100: =(AU31/$D100)*100 -> 0.65520945 | AV100: =(AV31/$D100)*100 -> 0.65520945 | AW100: - | AX100: =(AX31/$D100)*100 -> 1.0995346 | AY100: =(AY31/$D100)*100 -> 1.0640888 | AZ100: =(AZ31/$D100)*100 -> 0.035445757 | BA100: - | BB100: =(BB31/$D100)*100 -> 0.20766201 | BC100: - | BD100: - | BE100: =(BE31/$D100)*100 -> 2.3891873 | BF100: =(BF31/$D100)*100 -> 0.014321518 | BG100: =(BG31/$D100)*100 -> 0.014321518 | BI100: 1946 | BJ100: =(BJ31/$D31)*100 -> -0.86645184 | BK100: =(BK31/$D31)*100 -> -0.39598997 | BL100: =(BL31/$D31)*100 -> -0.36054422 | BM100: =(BM31/$D31)*100 -> -0.64088793 | BN100: =(BN31/$D31)*100 -> -0.64088793 | BP100: =(BP31/$D31)*100 -> -1.085213 | BQ100: =(BQ31/$D31)*100 -> -1.0497673 | BR100: - | BS100: - | BT100: =(BT31/$D31)*100 -> -0.19334049 | BU100: - | BV100: - | BW100: =(BW31/$D31)*100 -> -2.3748657
D101: 31023 | I101: 1947 | J101: =(J32/D101)*100 -> 7.2365664 | K101: =(K32/$D101)*100 -> 6.5354737 | L101: =(L32/$D101)*100 -> 4.8689682 | M101: =(M32/$D101)*100 -> 6.6241176 | N101: =(N32/$D101)*100 -> 6.6241176 | O101: - | P101: =(P32/$D101)*100 -> 7.2365664 | Q101: =(Q32/$D101)*100 -> 5.5700609 | R101: =(R32/$D101)*100 -> 1.6665055 | S101: - | T101: =(T32/$D101)*100 -> 7.3945137 | U101: - | V101: - | W101: =(W32/$D101)*100 -> 6.4816427 | X101: =(X32/$D101)*100 -> 4.8689682 | Z101: 1947 | AA101: =(AA32/$D101)*100 -> 7.1192341 | AB101: =(AB32/$D101)*100 -> 7.5024981 | AC101: =(AC32/$D101)*100 -> 5.9214131 | AD101: =(AD32/$D101)*100 -> 7.5524611 | AE101: =(AE32/$D101)*100 -> 7.5524611 | AF101: - | AG101: =(AG32/$D101)*100 -> 7.1192341 | AH101: =(AH32/$D101)*100 -> 5.5381491 | AI101: =(AI32/$D101)*100 -> 1.581085 | AJ101: - | AK101: - | AL101: - | AM101: - | AN101: =(AN32/$D101)*100 -> 4.8818618 | AO101: =(AO32/$D101)*100 -> 4.5888534 | AQ101: 1947 | AR101: =(AR32/$D101)*100 -> 0.1173323 | AS101: =(AS32/$D101)*100 -> -0.96702447 | AT101: =(AT32/$D101)*100 -> -1.052445 | AU101: =(AU32/$D101)*100 -> -0.92834349 | AV101: =(AV32/$D101)*100 -> -0.92834349 | AX101: =(AX32/$D101)*100 -> 0.1173323 | AY101: =(AY32/$D101)*100 -> 0.031911807 | AZ101: =(AZ32/$D101)*100 -> 0.085420494 | BA101: - | BB101: =(BB32/$D101)*100 -> -1.2087806 | BC101: - | BD101: - | BE101: =(BE32/$D101)*100 -> 1.5997808 | BF101: =(BF32/$D101)*100 -> 0.28011475 | BG101: =(BG32/$D101)*100 -> 0.28011475 | BI101: 1947 | BJ101: =(BJ32/$D32)*100 -> 0.16278245 | BK101: =(BK32/$D32)*100 -> 1.2471392 | BL101: =(BL32/$D32)*100 -> 1.3325597 | BM101: =(BM32/$D32)*100 -> 1.2084582 | BN101: =(BN32/$D32)*100 -> 1.2084582 | BP101: =(BP32/$D32)*100 -> 0.16278245 | BQ101: =(BQ32/$D32)*100 -> 0.24820295 | BR101: - | BS101: - | BT101: =(BT32/$D32)*100 -> 1.4888953 | BU101: - | BV101: - | BW101: =(BW32/$D32)*100 -> -1.3196661
D102: 33101 | I102: 1948 | J102: =(J33/D102)*100 -> 8.0196973 | K102: =(K33/$D102)*100 -> 6.8339325 | L102: =(L33/$D102)*100 -> 4.6463853 | M102: =(M33/$D102)*100 -> 6.8517567 | N102: =(N33/$D102)*100 -> 6.8517567 | O102: - | P102: =(P33/$D102)*100 -> 8.0196973 | Q102: =(Q33/$D102)*100 -> 5.8321501 | R102: =(R33/$D102)*100 -> 2.1875472 | S102: - | T102: =(T33/$D102)*100 -> 7.8910003 | U102: - | V102: - | W102: =(W33/$D102)*100 -> 6.8922389 | X102: =(X33/$D102)*100 -> 4.6463853 | Z102: 1948 | AA102: =(AA33/$D102)*100 -> 8.3785988 | AB102: =(AB33/$D102)*100 -> 8.8930848 | AC102: =(AC33/$D102)*100 -> 7.3031026 | AD102: =(AD33/$D102)*100 -> 8.3773904 | AE102: =(AE33/$D102)*100 -> 8.3773904 | AF102: - | AG102: =(AG33/$D102)*100 -> 8.3785988 | AH102: =(AH33/$D102)*100 -> 6.7886167 | AI102: =(AI33/$D102)*100 -> 1.5899822 | AJ102: - | AK102: - | AL102: - | AM102: - | AN102: =(AN33/$D102)*100 -> 6.4439141 | AO102: =(AO33/$D102)*100 -> 5.677472 | AQ102: 1948 | AR102: =(AR33/$D102)*100 -> -0.35890154 | AS102: =(AS33/$D102)*100 -> -2.0591523 | AT102: =(AT33/$D102)*100 -> -2.6567173 | AU102: =(AU33/$D102)*100 -> -1.5256337 | AV102: =(AV33/$D102)*100 -> -1.5256337 | AX102: =(AX33/$D102)*100 -> -0.35890154 | AY102: =(AY33/$D102)*100 -> -0.95646657 | AZ102: =(AZ33/$D102)*100 -> 0.59756503 | BA102: - | BB102: =(BB33/$D102)*100 -> -0.84589589 | BC102: - | BD102: - | BE102: =(BE33/$D102)*100 -> 0.44832482 | BF102: =(BF33/$D102)*100 -> -1.0310867 | BG102: =(BG33/$D102)*100 -> -1.0310867 | BI102: 1948 | BJ102: =(BJ33/$D33)*100 -> -0.67218513 | BK102: =(BK33/$D33)*100 -> 1.0280656 | BL102: =(BL33/$D33)*100 -> 1.6256306 | BM102: =(BM33/$D33)*100 -> 0.49454699 | BN102: =(BN33/$D33)*100 -> 0.49454699 | BP102: =(BP33/$D33)*100 -> -0.67218513 | BQ102: =(BQ33/$D33)*100 -> -0.074620102 | BR102: - | BS102: - | BT102: =(BT33/$D33)*100 -> -0.18519078 | BU102: - | BV102: - | BW102: =(BW33/$D33)*100 -> -1.4794115
D103: 36412 | I103: 1949 | J103: =(J34/D103)*100 -> 10.686587 | K103: =(K34/$D103)*100 -> 10.687411 | L103: =(L34/$D103)*100 -> 7.3764144 | M103: =(M34/$D103)*100 -> 10.686038 | N103: =(N34/$D103)*100 -> 10.686038 | O103: =(O34/$D103)*100 -> 10.686038 | P103: =(P34/$D103)*100 -> 10.686587 | Q103: =(Q34/$D103)*100 -> 7.3755905 | R103: =(R34/$D103)*100 -> 3.3109964 | S103: - | T103: =(T34/$D103)*100 -> 10.018675 | U103: - | V103: - | W103: =(W34/$D103)*100 -> 10.478688 | X103: =(X34/$D103)*100 -> 7.3764144 | Z103: 1949 | AA103: =(AA34/$D103)*100 -> 10.272987 | AB103: =(AB34/$D103)*100 -> 10.693453 | AC103: =(AC34/$D103)*100 -> 9.0783258 | AD103: =(AD34/$D103)*100 -> 10.274085 | AE103: =(AE34/$D103)*100 -> 10.274085 | AF103: =(AF34/$D103)*100 -> 9.0464682 | AG103: =(AG34/$D103)*100 -> 10.272987 | AH103: =(AH34/$D103)*100 -> 8.65786 | AI103: =(AI34/$D103)*100 -> 1.6151269 | AJ103: - | AK103: - | AL103: - | AM103: - | AN103: =(AN34/$D103)*100 -> 7.9778644 | AO103: =(AO34/$D103)*100 -> 7.0995826 | AQ103: 1949 | AR103: =(AR34/$D103)*100 -> 0.41359991 | AS103: =(AS34/$D103)*100 -> -0.0060419642 | AT103: =(AT34/$D103)*100 -> -1.7019115 | AU103: =(AU34/$D103)*100 -> 0.4119521 | AV103: =(AV34/$D103)*100 -> 0.4119521 | AW103: =(AW34/$D103)*100 -> 1.6395694 | AX103: =(AX34/$D103)*100 -> 0.41359991 | AY103: =(AY34/$D103)*100 -> -1.2822696 | AZ103: =(AZ34/$D103)*100 -> 1.6958695 | BA103: - | BB103: =(BB34/$D103)*100 -> 0.2087224 | BC103: - | BD103: - | BE103: =(BE34/$D103)*100 -> 2.5008239 | BF103: =(BF34/$D103)*100 -> 0.27683181 | BG103: =(BG34/$D103)*100 -> 0.27683181 | BI103: 1949 | BJ103: =(BJ34/$D34)*100 -> -0.1367681 | BK103: =(BK34/$D34)*100 -> 0.28287378 | BL103: =(BL34/$D34)*100 -> 1.9787433 | BM103: =(BM34/$D34)*100 -> -0.13512029 | BN103: =(BN34/$D34)*100 -> -0.13512029 | BO103: =(BO34/$D34)*100 -> -1.3627376 | BP103: =(BP34/$D34)*100 -> -0.1367681 | BQ103: =(BQ34/$D34)*100 -> 1.5591014 | BR103: - | BS103: - | BT103: =(BT34/$D34)*100 -> 0.068109414 | BU103: - | BV103: - | BW103: =(BW34/$D34)*100 -> -2.2239921
D104: 42163 | I104: 1950 | J104: =(J35/D104)*100 -> 8.6350592 | K104: =(K35/$D104)*100 -> 8.5731566 | L104: =(L35/$D104)*100 -> 7.1709793 | M104: =(M35/$D104)*100 -> 8.6355335 | N104: =(N35/$D104)*100 -> 8.6355335 | O104: =(O35/$D104)*100 -> 8.6355335 | P104: =(P35/$D104)*100 -> 8.6350592 | Q104: =(Q35/$D104)*100 -> 7.2328819 | R104: =(R35/$D104)*100 -> 1.4021773 | S104: - | T104: - | U104: - | V104: - | W104: =(W35/$D104)*100 -> 8.4486398 | X104: =(X35/$D104)*100 -> 7.1709793 | Z104: 1950 | AA104: =(AA35/$D104)*100 -> 8.214074 | AB104: =(AB35/$D104)*100 -> 8.8326258 | AC104: =(AC35/$D104)*100 -> 7.2008633 | AD104: =(AD35/$D104)*100 -> 8.2133624 | AE104: =(AE35/$D104)*100 -> 8.2133624 | AF104: =(AF35/$D104)*100 -> 8.2133624 | AG104: =(AG35/$D104)*100 -> 8.214074 | AH104: =(AH35/$D104)*100 -> 6.5823115 | AI104: =(AI35/$D104)*100 -> 1.6317624 | AJ104: - | AK104: - | AL104: - | AM104: - | AN104: =(AN35/$D104)*100 -> 7.3514693 | AO104: =(AO35/$D104)*100 -> 6.5351137 | AQ104: 1950 | AR104: =(AR35/$D104)*100 -> 0.42098522 | AS104: =(AS35/$D104)*100 -> -0.2594692 | AT104: =(AT35/$D104)*100 -> -0.029884022 | AU104: =(AU35/$D104)*100 -> 0.4221711 | AV104: =(AV35/$D104)*100 -> 0.4221711 | AW104: =(AW35/$D104)*100 -> 0.4221711 | AX104: =(AX35/$D104)*100 -> 0.42098522 | AY104: =(AY35/$D104)*100 -> 0.65057041 | AZ104: =(AZ35/$D104)*100 -> -0.22958518 | BA104: - | BB104: - | BC104: - | BD104: - | BE104: =(BE35/$D104)*100 -> 1.0971705 | BF104: =(BF35/$D104)*100 -> 0.63586557 | BG104: =(BG35/$D104)*100 -> 0.63586557 | BI104: 1950 | BJ104: =(BJ35/$D35)*100 -> 0.21488035 | BK104: =(BK35/$D35)*100 -> 0.89533477 | BL104: =(BL35/$D35)*100 -> 0.66574959 | BM104: =(BM35/$D35)*100 -> 0.21369447 | BN104: =(BN35/$D35)*100 -> 0.21369447 | BO104: =(BO35/$D35)*100 -> 0.21369447 | BP104: =(BP35/$D35)*100 -> 0.21488035 | BQ104: =(BQ35/$D35)*100 -> -0.014704836 | BR104: - | BS104: - | BT104: - | BU104: - | BV104: - | BW104: =(BW35/$D35)*100 -> -0.46130494
D105: 54375 | I105: 1951 | J105: =(J36/D105)*100 -> 8.9815172 | K105: =(K36/$D105)*100 -> 9.0865287 | L105: =(L36/$D105)*100 -> 8.0698851 | M105: =(M36/$D105)*100 -> 8.982069 | N105: =(N36/$D105)*100 -> 8.982069 | O105: =(O36/$D105)*100 -> 8.982069 | P105: =(P36/$D105)*100 -> 8.9815172 | Q105: =(Q36/$D105)*100 -> 7.9648736 | R105: =(R36/$D105)*100 -> 1.0166437 | S105: - | T105: - | U105: - | V105: - | W105: =(W36/$D105)*100 -> 8.9644138 | X105: =(X36/$D105)*100 -> 8.0698851 | Z105: 1951 | AA105: =(AA36/$D105)*100 -> 8.5886897 | AB105: =(AB36/$D105)*100 -> 9.3631264 | AC105: =(AC36/$D105)*100 -> 8.0575632 | AD105: =(AD36/$D105)*100 -> 8.5885057 | AE105: =(AE36/$D105)*100 -> 8.5885057 | AF105: =(AF36/$D105)*100 -> 8.5885057 | AG105: =(AG36/$D105)*100 -> 8.5886897 | AH105: =(AH36/$D105)*100 -> 7.2831264 | AI105: =(AI36/$D105)*100 -> 1.3055632 | AJ105: - | AK105: - | AL105: - | AM105: - | AN105: =(AN36/$D105)*100 -> 6.5787586 | AO105: =(AO36/$D105)*100 -> 7.1657931 | AQ105: 1951 | AR105: =(AR36/$D105)*100 -> 0.39282759 | AS105: =(AS36/$D105)*100 -> -0.2765977 | AT105: =(AT36/$D105)*100 -> 0.012321839 | AU105: =(AU36/$D105)*100 -> 0.39356322 | AV105: =(AV36/$D105)*100 -> 0.39356322 | AW105: =(AW36/$D105)*100 -> 0.39356322 | AX105: =(AX36/$D105)*100 -> 0.39282759 | AY105: =(AY36/$D105)*100 -> 0.68174713 | AZ105: =(AZ36/$D105)*100 -> -0.28891954 | BA105: - | BB105: - | BC105: - | BD105: - | BE105: =(BE36/$D105)*100 -> 2.3856552 | BF105: =(BF36/$D105)*100 -> 0.90409195 | BG105: =(BG36/$D105)*100 -> 0.90409195 | BI105: 1951 | BJ105: =(BJ36/$D36)*100 -> 0.51126437 | BK105: =(BK36/$D36)*100 -> 1.1806897 | BL105: =(BL36/$D36)*100 -> 0.89177011 | BM105: =(BM36/$D36)*100 -> 0.51052874 | BN105: =(BN36/$D36)*100 -> 0.51052874 | BO105: =(BO36/$D36)*100 -> 0.51052874 | BP105: =(BP36/$D36)*100 -> 0.51126437 | BQ105: =(BQ36/$D36)*100 -> 0.22234483 | BR105: - | BS105: - | BT105: - | BU105: - | BV105: - | BW105: =(BW36/$D36)*100 -> -1.4815632
D106: 60993 | I106: 1952 | J106: =(J37/D106)*100 -> 10.39152 | K106: =(K37/$D106)*100 -> 10.362173 | L106: =(L37/$D106)*100 -> 7.9005788 | M106: =(M37/$D106)*100 -> 10.391356 | N106: =(N37/$D106)*100 -> 10.391356 | O106: =(O37/$D106)*100 -> 10.391356 | P106: =(P37/$D106)*100 -> 10.39152 | Q106: =(Q37/$D106)*100 -> 7.9299264 | R106: =(R37/$D106)*100 -> 2.461594 | S106: - | T106: - | U106: - | V106: - | W106: =(W37/$D106)*100 -> 9.2472907 | X106: =(X37/$D106)*100 -> 7.9005788 | Z106: 1952 | AA106: =(AA37/$D106)*100 -> 10.598265 | AB106: =(AB37/$D106)*100 -> 10.868296 | AC106: =(AC37/$D106)*100 -> 8.4147361 | AD106: =(AD37/$D106)*100 -> 10.597937 | AE106: =(AE37/$D106)*100 -> 10.597937 | AF106: =(AF37/$D106)*100 -> 10.597937 | AG106: =(AG37/$D106)*100 -> 10.598265 | AH106: =(AH37/$D106)*100 -> 8.1447051 | AI106: =(AI37/$D106)*100 -> 2.4535602 | AJ106: - | AK106: - | AL106: - | AM106: - | AN106: =(AN37/$D106)*100 -> 7.7472825 | AO106: =(AO37/$D106)*100 -> 8.1670028 | AQ106: 1952 | AR106: =(AR37/$D106)*100 -> -0.20674504 | AS106: =(AS37/$D106)*100 -> -0.50612365 | AT106: =(AT37/$D106)*100 -> -0.51415736 | AU106: =(AU37/$D106)*100 -> -0.20658108 | AV106: =(AV37/$D106)*100 -> -0.20658108 | AW106: =(AW37/$D106)*100 -> -0.20658108 | AX106: =(AX37/$D106)*100 -> -0.20674504 | AY106: =(AY37/$D106)*100 -> -0.21477875 | AZ106: =(AZ37/$D106)*100 -> 0.0080337088 | BA106: - | BB106: - | BC106: - | BD106: - | BE106: =(BE37/$D106)*100 -> 1.5000082 | BF106: =(BF37/$D106)*100 -> -0.26642402 | BG106: =(BG37/$D106)*100 -> -0.26642402 | BI106: 1952 | BJ106: =(BJ37/$D37)*100 -> -0.05967898 | BK106: =(BK37/$D37)*100 -> 0.23969964 | BL106: =(BL37/$D37)*100 -> 0.24773335 | BM106: =(BM37/$D37)*100 -> -0.059842933 | BN106: =(BN37/$D37)*100 -> -0.059842933 | BO106: =(BO37/$D37)*100 -> -0.059842933 | BP106: =(BP37/$D37)*100 -> -0.05967898 | BQ106: =(BQ37/$D37)*100 -> -0.051645271 | BR106: - | BS106: - | BT106: - | BU106: - | BV106: - | BW106: =(BW37/$D37)*100 -> -1.7664322
...

Sheet  Sector Pub
B1: Requerimientos financieros del Sector Público (RFSP) | E1: Déficit primario | G1: Ingresos y egresos del SP
A2: Balance SP | B2: Izquierdo (1995) (% del PIB) | C2: Aspe (1993) (% del PIB) | D2: Gil y Ramos (1988) (% del PIB) | E2: Gil y Ramos Pago de intereses (% del PIB) | F2: Gil y Ramos Déficit primario (% del PIB) | G2: Izquierdo (1995), NAFINSA (1984 y 1986); Ingresos (% del PIB) | H2: Por diferencia Egresos (% del PIB) | I2: RFSP fusión
A5: 1920 | B5: - | C5: - | D5: - | E5: - | F5: - | G5: - | H5: -
A6: 1921 | B6: - | C6: - | D6: - | E6: - | F6: - | G6: - | H6: -
A7: 1922 | B7: - | C7: - | D7: - | E7: - | F7: - | G7: - | H7: -
A8: 1923 | B8: - | C8: - | D8: - | E8: - | F8: - | G8: - | H8: -
A9: 1924 | B9: - | C9: - | D9: - | E9: - | F9: - | G9: - | H9: -
A10: 1925 | B10: - | C10: - | D10: - | E10: - | F10: - | G10: - | H10: -
A11: 1926 | B11: - | C11: - | D11: - | E11: - | F11: - | G11: - | H11: -
A12: 1927 | B12: - | C12: - | D12: - | E12: - | F12: - | G12: - | H12: -
A13: 1928 | B13: - | C13: - | D13: - | E13: - | F13: - | G13: - | H13: -
A14: 1929 | B14: - | C14: - | D14: - | E14: - | F14: - | G14: - | H14: -
A15: 1930 | B15: - | C15: - | D15: - | E15: - | F15: - | G15: - | H15: -
A16: 1931 | B16: - | C16: - | D16: - | E16: - | F16: - | G16: - | H16: -
... A43: 1958 | B43: - | C43: - | D43: - | E43: - | F43: - | G43: - | H43: -
A44: 1959 | C44: -0.6 | G44: 1.660013 | H44: =G44-C44 -> 2.260013 | I44: =C44 -> -0.6
A45: 1960 | B45: -2.7 | C45: -0.8 | G45: -0.82256329 | H45: =G45-C45 -> -0.022563292 | I45: =B45 -> -2.7
A46: 1961 | B46: -2.3 | C46: -0.7 | G46: -0.32835093 | H46: =G46-C46 -> 0.37164907 | I46: =B46 -> -2.3
A47: 1962 | B47: -2.4 | C47: -0.4 | G47: 1.0753793 | H47: =G47-C47 -> 1.4753793 | I47: =B47 -> -2.4
A48: 1963 | B48: -3.3 | C48: -1.3 | G48: 2.0259286 | H48: =G48-C48 -> 3.3259286 | I48: =B48 -> -3.3
A49: 1964 | B49: -4.5 | C49: -0.8 | G49: -3.7273958 | H49: =G49-C49 -> -2.9273958 | I49: =B49 -> -4.5
A50: 1965 | B50: -0.9 | C50: -0.8 | D50: -0.9 | E50: 0.8 | F50: 0 | G50: 0.1716648 | H50: =G50-C50 -> 0.9716648 | I50: =B50 -> -0.9
A51: 1966 | B51: -1.2 | C51: -1.1 | D51: -1.2 | E51: 0.9 | F51: 0.3 | G51: 1.0371214 | H51: =G51-C51 -> 2.1371214 | I51: =C51 -> -1.1
A52: 1967 | B52: -2.3 | C52: -2.1 | D52: -2.4 | E52: 1.2 | F52: 1 | G52: 0.35894432 | H52: =G52-C52 -> 2.4589443 | I52: =C52 -> -2.1
A53: 1968 | B53: -2.1 | C53: -1.9 | D53: -2.2 | E53: 1.1 | F53: 0.8 | G53: -0.59865509 | H53: =G53-C53 -> 1.3013449 | I53: =C53 -> -1.9
A54: 1969 | B54: -2.2 | C54: -2 | D54: -2.2 | E54: 1.1 | F54: 0.8 | G54: 1.6450685 | H54: =G54-C54 -> 3.6450685 | I54: =C54 -> -2
A55: 1970 | B55: -3.8 | C55: -3.4 | D55: -3.8 | E55: 2 | F55: 1.5 | G55: -1.7924718 | H55: =G55-C55 -> 1.6075282 | I55: =C55 -> -3.4
A56: 1971 | C56: -2.3 | D56: -2.5 | E56: 1.6 | F56: 0.5 | G56: 2.8315826 | H56: =G56-C56 -> 5.1315826 | I56: =C56 -> -2.3
A57: 1972 | C57: -4.5 | D57: -4.9 | E57: 1.9 | F57: 2.4 | G57: 2.3660865 | H57: =G57-C57 -> 6.8660865 | I57: =C57 -> -4.5
A58: 1973 | C58: -6.3 | D58: -6.9 | E58: 1.9 | F58: 3.8 | G58: 0.36519588 | H58: =G58-C58 -> 6.6651959 | I58: =C58 -> -6.3
A59: 1974 | C59: -6.7 | D59: -7.3 | E59: 2 | F59: 4 | G59: 2.6576182 | H59: =G59-C59 -> 9.3576182 | I59: =C59 -> -6.7
A60: 1975 | C60: -9.3 | D60: -10 | E60: 2.3 | F60: 6.5 | G60: -0.42336898 | H60: =G60-C60 -> 8.876631 | I60: =C60 -> -9.3
A61: 1976 | C61: -9.1 | D61: -9.9 | E61: 3.3 | F61: 4.9 | G61: -3.7762854 | H61: =G61-C61 -> 5.3237146 | I61: =C61 -> -9.1
A62: 1977 | C62: -6.3 | D62: -6.7 | E62: 3 | F62: 2.3 | G62: 0.51560324 | H62: =G62-C62 -> 6.8156032 | I62: =C62 -> -6.3
A63: 1978 | C63: -6.2 | D63: -6.7 | E63: 3.2 | F63: 2.4 | G63: 1.3055028 | H63: =G63-C63 -> 7.5055028 | I63: =C63 -> -6.2
A64: 1979 | C64: -7.1 | D64: -7.4 | E64: 3.4 | F64: 2.9 | G64: 1.577145 | H64: =G64-C64 -> 8.677145 | I64: =C64 -> -7.1
A65: 1980 | C65: -7.5 | D65: -8.5 | E65: 3.7 | F65: 3.2 | G65: 5.3272399 | H65: =G65-C65 -> 12.82724 | I65: =C65 -> -7.5
A66: 1981 | C66: -14.1 | D66: -13.5 | E66: 5.2 | F66: 8.4 | G66: 2.230034 | H66: =G66-C66 -> 16.330034 | I66: =C66 -> -14.1
A67: 1982 | C67: -16.9 | D67: -17.2 | E67: 8.6 | F67: 7.5 | G67: 29.544325 | H67: =G67-C67 -> 46.444325 | I67: =C67 -> -16.9

Sheet Gob Fed 1934-1982
B3: Cuadro 1: Ingresos del Gobierno Federal por diversas fuentes primarias y secundarias | L3: Cuadro 2: Egresos del Gobierno Federal por diversas fuentes primarias y secundarias | V3: Cuadro 3: Balance del Gobierno Federal por diversas fuentes primarias y secundarias en porcentaje del PIB | AG3: Cuadro 4: Balance del Gobierno Federal por CHPF revisada neta y BMIA | AP3: Cuadro 5: Balance del Gobierno Federal por EH y BMIA
C4: Inicial CHPF bruta | D4: Revisada CHPF Bruta | E4: Revisada CHPF Neta | F4: Estadísticas históricas | G4: Cárdenas (1994) | H4: SyR (1962) Bruta | I4: SyR (1962) Neta | J4: Rubro financiero Ingresos (SyR) | M4: Inicial CHPF bruta | N4: Revisada CHPF Bruta | O4: Revisada CHPF Neta | P4: Estadísticas históricas | Q4: Cárdenas (1994) | R4: SyR (1962) Bruta | S4: SyR (1962) Neta | T4: Rubro financiero Ingresos (SyR) | W4: Inicial CHPF bruta | X4: Revisada CHPF Bruta | Y4: Revisada CHPF Neta | Z4: Estadísticas históricas | AA4: Cárdenas (1994) | AB4: SyR (1962) Bruta | AC4: SyR (1962) Neta | AD4: Rubro financiero Ingresos (SyR) | AE4: Banco de México | AH4: Inflación promedio (%)* | AI4: PIB nominal (mp)* | AJ4: Índice del PIB potencial * | AK4: Revisada CHPF Neta (mp) | AL4: Banco de México (mp) | AM4: Revisada CHPF Neta** | AN4: Banco de México** | AQ4: PIB nominal (mp) | AR4: Estadística históricas (mp) | AS4: Banco de México (mp) | AT4: Estadísticas históricas* | AU4: Banco de México** | AV4: Diferencia***
B6: 1934 | C6: =GobFed!J88 -> 6.4105035 | D6: =GobFed!K88 -> 6.9164057 | E6: nd | F6: =GobFed!M88 -> 7.1067213 | G6: nd | H6: nd | I6: nd | J6: nd | L6: 1934 | M6: =GobFed!AA88 -> 6.1141894 | N6: =GobFed!AB88 -> 6.2418694 | O6: nd | P6: =GobFed!AD88 -> 6.3840039 | Q6: nd | R6: nd | S6: nd | T6: nd | V6: 1934 | W6: =GobFed!AR88 -> 0.29631414 | X6: =GobFed!AS88 -> 0.67453626 | Y6: nd | Z6: =GobFed!AU88 -> 0.72271742 | AA6: =GobFed!AV88 -> 0.72271742 | AB6: nd | AC6: nd | AD6: nd | AE6: =GobFed!BF88 -> 0.68417249 | AG6: 1934 | AH6: 5.512761 | AI6: 4151 | AJ6: 45.105406 | AL6: =GobFed!BF19 -> 28.4 | AN6: =(AL6/AI6)*100 -> 0.68417249 | AP6: 1934 | AQ6: 4151 | AR6: =GobFed!AU19 -> 30 | AS6: =GobFed!BF19 -> 28.4 | AT6: =GobFed!AU88 -> 0.72271742 | AU6: =GobFed!BF88 -> 0.68417249 | AV6: =ABS(AT6-AU6) -> 0.038544929
B7: 1935 | C7: =GobFed!J89 -> 7.4207048 | D7: =GobFed!K89 -> 7.839207 | E7: =GobFed!L89 -> 7.4515419 | F7: =GobFed!M89 -> 6.8942731 | G7: =GobFed!N89 -> 6.8942731 | H7: =GobFed!AG89 -> 6.6387665 | I7: =GobFed!AH89 -> 6.6255507 | J7: =GobFed!AI89 -> 0.013215859 | L7: 1935 | M7: =GobFed!AA89 -> 6.1431718 | N7: =GobFed!AB89 -> 6.2885463 | O7: =GobFed!AC89 -> 6.2753304 | P7: =GobFed!AD89 -> 6.6299559 | Q7: =GobFed!AE89 -> 6.6299559 | R7: =GobFed!AG89 -> 6.6387665 | S7: =GobFed!AH89 -> 6.6255507 | T7: =GobFed!AI89 -> 0.013215859 | V7: 1935 | W7: =GobFed!AR89 -> 1.277533 | X7: =GobFed!AS89 -> 1.5506608 | Y7: =GobFed!AT89 -> 1.1762115 | Z7: =GobFed!AU89 -> 0.26431718 | AA7: =GobFed!AV89 -> 0.26431718 | AB7: =GobFed!AX89 -> 0.64317181 | AC7: =GobFed!AY89 -> 0.26872247 | AD7: =GobFed!AZ89 -> 0.37444934 | AE7: =GobFed!BF89 -> 0.92951542 | AG7: 1935 | AH7: -0.30785469 | AI7: 4540 | AJ7: 46.960759 | AK7: =GobFed!AT20 -> 53.4 | AL7: =GobFed!BF20 -> 42.2 | AM7: =GobFed!AT89 -> 1.1762115 | AN7: =(AL7/AI7)*100 -> 0.92951542 | AP7: 1935 | AQ7: 4540 | AR7: =GobFed!AU20 -> 12 | AS7: =GobFed!BF20 -> 42.2 | AT7: =GobFed!AU89 -> 0.26431718 | AU7: =GobFed!BF89 -> 0.92951542 | AV7: =ABS(AT7-AU7) -> 0.66519824
B8: 1936 | C8: =GobFed!J90 -> 7.2053872 | D8: =GobFed!K90 -> 7.620651 | E8: =GobFed!L90 -> 7.5215114 | F8: =GobFed!M90 -> 7.2016461 | G8: =GobFed!N90 -> 7.2016461 | H8: =GobFed!AG90 -> 7.5963337 | I8: =GobFed!AH90 -> 7.5252525 | J8: =GobFed!AI90 -> 0.071081182 | L8: 1936 | M8: =GobFed!AA90 -> 7.5963337 | N8: =GobFed!AB90 -> 7.1118593 | O8: =GobFed!AC90 -> 7.0407782 | P8: =GobFed!AD90 -> 7.5944632 | Q8: =GobFed!AE90 -> 7.5944632 | R8: =GobFed!AG90 -> 7.5963337 | S8: =GobFed!AH90 -> 7.5252525 | T8: =GobFed!AI90 -> 0.071081182 | V8: 1936 | W8: =GobFed!AR90 -> -0.3909465 | X8: =GobFed!AS90 -> 0.50879162 | Y8: =GobFed!AT90 -> 0.48073326 | Z8: =GobFed!AU90 -> -0.39281706 | AA8: =GobFed!AV90 -> -0.39281706 | AB8: =GobFed!AX90 -> -0.3909465 | AC8: =GobFed!AY90 -> -0.41900486 | AD8: =GobFed!AZ90 -> 0.028058361 | AE8: =GobFed!BF90 -> -1.3468013 | AG8: 1936 | AH8: 6.2908064 | AI8: 5346 | AJ8: 49.03853 | AK8: =GobFed!AT21 -> 25.7 | AL8: =GobFed!BF21 -> -72 | AM8: =GobFed!AT90 -> 0.48073326 | AN8: =(AL8/AI8)*100 -> -1.3468013 | AP8: 1936 | AQ8: 5346 | AR8: =GobFed!AU21 -> -21 | AS8: =GobFed!BF21 -> -72 | AT8: =GobFed!AU90 -> -0.39281706 | AU8: =GobFed!BF90 -> -1.3468013 | AV8: =ABS(AT8-AU8) -> 0.95398429
B9: 1937 | C9: =GobFed!J91 -> 6.6338235 | D9: =GobFed!K91 -> 6.6161765 | E9: =GobFed!L91 -> 6.3808824 | F9: =GobFed!M91 -> 6.6323529 | G9: =GobFed!N91 -> 6.6323529 | H9: =GobFed!AG91 -> 7.0411765 | I9: =GobFed!AH91 -> 6.8558824 | J9: =GobFed!AI91 -> 0.18529412 | L9: 1937 | M9: =GobFed!AA91 -> 7.0411765 | N9: =GobFed!AB91 -> 7.7338235 | O9: =GobFed!AC91 -> 7.5485294 | P9: =GobFed!AD91 -> 7.0441176 | Q9: =GobFed!AE91 -> 7.0441176 | R9: =GobFed!AG91 -> 7.0411765 | S9: =GobFed!AH91 -> 6.8558824 | T9: =GobFed!AI91 -> 0.18529412 | V9: 1937 | W9: =GobFed!AR91 -> -0.40735294 | X9: =GobFed!AS91 -> -1.1176471 | Y9: =GobFed!AT91 -> -1.1676471 | Z9: =GobFed!AU91 -> -0.41176471 | AA9: =GobFed!AV91 -> -0.41176471 | AB9: =GobFed!AX91 -> -0.40735294 | AC9: =GobFed!AY91 -> -0.45735294 | AD9: =GobFed!AZ91 -> 0.05 | AE9: =GobFed!BF91 -> -1.0147059 | AG9: 1937 | AH9: 18.419524 | AI9: 6800 | AJ9: 51.303928 | AK9: =GobFed!AT22 -> -79.4 | AL9: =GobFed!BF22 -> -69 | AM9: =GobFed!AT91 -> -1.1676471 | AN9: =(AL9/AI9)*100 -> -1.0147059 | AP9: 1937 | AQ9: 6800 | AR9: =GobFed!AU22 -> -28 | AS9: =GobFed!BF22 -> -69 | AT9: =GobFed!AU91 -> -0.41176471 | AU9: =GobFed!BF91 -> -1.0147059 | AV9: =ABS(AT9-AU9) -> 0.60294118
B10: 1938 | C10: =GobFed!J92 -> 6.0197775 | D10: =GobFed!K92 -> 6.4112073 | E10: =GobFed!L92 -> 6.0266447 | F10: =GobFed!M92 -> 6.0156572 | G10: =GobFed!N92 -> 6.0156572 | H10: =GobFed!AG92 -> 7.3753605 | I10: =GobFed!AH92 -> 6.9605823 | J10: =GobFed!AI92 -> 0.41477819 | L10: 1938 | M10: =GobFed!AA92 -> 6.9193792 | N10: =GobFed!AB92 -> 7.5360527 | O10: =GobFed!AC92 -> 7.1212746 | P10: =GobFed!AD92 -> 6.9221261 | Q10: =GobFed!AE92 -> 6.9221261 | R10: =GobFed!AG92 -> 7.3753605 | S10: =GobFed!AH92 -> 6.9605823 | T10: =GobFed!AI92 -> 0.41477819 | V10: 1938 | W10: =GobFed!AR92 -> -0.8996017 | X10: =GobFed!AS92 -> -1.1248455 | Y10: =GobFed!AT92 -> -1.0946299 | Z10: =GobFed!AU92 -> -0.90646889 | AA10: =GobFed!AV92 -> -0.90646889 | AB10: =GobFed!AX92 -> -0.97102046 | AC10: =GobFed!AY92 -> -0.94080483 | AD10: =GobFed!AZ92 -> -0.03021563 | AE10: =GobFed!BF92 -> -0.23760472 | AG10: 1938 | AH10: 6.2736576 | AI10: 7281 | AJ10: 53.751825 | AK10: =GobFed!AT23 -> -79.7 | AL10: =GobFed!BF23 -> -17.3 | AM10: =GobFed!AT92 -> -1.0946299 | AN10: =(AL10/AI10)*100 -> -0.23760472 | AP10: 1938 | AQ10: 7281 | AR10: =GobFed!AU23 -> -66 | AS10: =GobFed!BF23 -> -17.3 | AT10: =GobFed!AU92 -> -0.90646889 | AU10: =GobFed!BF92 -> -0.23760472 | AV10: =ABS(AT10-AU10) -> 0.66886417
B11: 1939 | C11: =GobFed!J93 -> 7.2665382 | D11: =GobFed!K93 -> 7.2524085 | E11: =GobFed!L93 -> 5.9524727 | F11: =GobFed!M93 -> 7.2703918 | G11: =GobFed!N93 -> 7.2703918 | H11: =GobFed!AG93 -> 7.967887 | I11: =GobFed!AH93 -> 6.625562 | J11: =GobFed!AI93 -> 1.342325 | L11: 1939 | M11: =GobFed!AA93 -> 7.3333333 | N11: =GobFed!AB93 -> 7.849711 | O11: =GobFed!AC93 -> 6.507386 | P11: =GobFed!AD93 -> 7.3346179 | Q11: =GobFed!AE93 -> 7.3346179 | R11: =GobFed!AG93 -> 7.967887 | S11: =GobFed!AH93 -> 6.625562 | T11: =GobFed!AI93 -> 1.342325 | V11: 1939 | W11: =GobFed!AR93 -> -0.066795119 | X11: =GobFed!AS93 -> -0.5973025 | Y11: =GobFed!AT93 -> -0.55491329 | Z11: =GobFed!AU93 -> -0.064226076 | AA11: =GobFed!AV93 -> -0.064226076 | AB11: =GobFed!AX93 -> -0.31085421 | AC11: =GobFed!AY93 -> -0.268465 | AD11: =GobFed!AZ93 -> -0.04238921 | AE11: =GobFed!BF93 -> -0.53949904 | AG11: 1939 | AH11: 0.54745729 | AI11: 7785 | AJ11: 56.388587 | AK11: =GobFed!AT24 -> -43.2 | AL11: =GobFed!BF24 -> -42 | AM11: =GobFed!AT93 -> -0.55491329 | AN11: =(AL11/AI11)*100 -> -0.53949904 | AP11: 1939 | AQ11: 7785 | AR11: =GobFed!AU24 -> -5 | AS11: =GobFed!BF24 -> -42 | AT11: =GobFed!AU93 -> -0.064226076 | AU11: =GobFed!BF93 -> -0.53949904 | AV11: =ABS(AT11-AU11) -> 0.47527296
B12: 1940 | C12: =GobFed!J94 -> 6.8481028 | D12: =GobFed!K94 -> 6.8493151 | E12: =GobFed!L94 -> 5.6128016 | F12: =GobFed!M94 -> 6.9947872 | G12: =GobFed!N94 -> 6.9947872 | H12: =GobFed!AG94 -> 7.9803613 | I12: =GobFed!AH94 -> 6.7596072 | J12: =GobFed!AI94 -> 1.220754 | L12: 1940 | M12: =GobFed!AA94 -> 7.3196751 | N12: =GobFed!AB94 -> 8.2725179 | O12: =GobFed!AC94 -> 7.0517639 | P12: =GobFed!AD94 -> 7.3948357 | Q12: =GobFed!AE94 -> 7.3948357 | R12: =GobFed!AG94 -> 7.9803613 | S12: =GobFed!AH94 -> 6.7596072 | T12: =GobFed!AI94 -> 1.220754 | V12: 1940 | W12: =GobFed!AR94 -> -0.47157231 | X12: =GobFed!AS94 -> -1.4232028 | Y12: =GobFed!AT94 -> -1.4389623 | Z12: =GobFed!AU94 -> -0.40004849 | AA12: =GobFed!AV94 -> -0.40004849 | AB12: =GobFed!AX94 -> -0.56128016 | AC12: =GobFed!AY94 -> -0.57703964 | AD12: =GobFed!AZ94 -> 0.015759486 | AE12: =GobFed!BF94 -> -0.87283307 | AG12: 1940 | AH12: 1.5378641 | AI12: 8249 | AJ12: 59.207344 | AK12: =GobFed!AT25 -> -118.7 | AL12: =GobFed!BF25 -> -72 | AM12: =GobFed!AT94 -> -1.4389623 | AN12: =(AL12/AI12)*100 -> -0.87283307 | AP12: 1940 | AQ12: 8249 | AR12: =GobFed!AU25 -> -33 | AS12: =GobFed!BF25 -> -72 | AT12: =GobFed!AU94 -> -0.40004849 | AU12: =GobFed!BF94 -> -0.87283307 | AV12: =ABS(AT12-AU12) -> 0.47278458
B13: 1941 | C13: =GobFed!J95 -> 8.4542894 | D13: =GobFed!K95 -> 7.22487 | E13: =GobFed!L95 -> 4.6652946 | F13: =GobFed!M95 -> 7.2032062 | G13: =GobFed!N95 -> 7.2032062 | H13: =GobFed!AG95 -> 8.4228769 | I13: =GobFed!AH95 -> 5.9022964 | J13: =GobFed!AI95 -> 2.5205806 | L13: 1941 | M13: =GobFed!AA95 -> 8.4228769 | N13: =GobFed!AB95 -> 7.6353986 | O13: =GobFed!AC95 -> 5.114818 | P13: =GobFed!AD95 -> 7.4631716 | Q13: =GobFed!AE95 -> 7.4631716 | R13: =GobFed!AG95 -> 8.4228769 | S13: =GobFed!AH95 -> 5.9022964 | T13: =GobFed!AI95 -> 2.5205806 | V13: 1941 | W13: =GobFed!AR95 -> 0.031412478 | X13: =GobFed!AS95 -> -0.4105286 | Y13: =GobFed!AT95 -> -0.4495234 | Z13: =GobFed!AU95 -> -0.25996534 | AA13: =GobFed!AV95 -> -0.25996534 | AB13: =GobFed!AX95 -> 0.030329289 | AC13: =GobFed!AY95 -> -0.0086655113 | AD13: =GobFed!AZ95 -> 0.038994801 | AE13: =GobFed!BF95 -> -0.82863951 | AG13: 1941 | AH13: 6.583225 | AI13: 9232 | AJ13: 62.21693 | AK13: =GobFed!AT26 -> -41.5 | AL13: =GobFed!BF26 -> -76.5 | AM13: =GobFed!AT95 -> -0.4495234 | AN13: =(AL13/AI13)*100 -> -0.82863951 | AP13: 1941 | AQ13: 9232 | AR13: =GobFed!AU26 -> -24 | AS13: =GobFed!BF26 -> -76.5 | AT13: =GobFed!AU95 -> -0.25996534 | AU13: =GobFed!BF95 -> -0.82863951 | AV13: =ABS(AT13-AU13) -> 0.56867418
B14: 1942 | C14: =GobFed!J96 -> 8.8072278 | D14: =GobFed!K96 -> 7.0751802 | E14: =GobFed!L96 -> 4.1906189 | F14: =GobFed!M96 -> 6.9843648 | G14: =GobFed!N96 -> 6.9843648 | H14: =GobFed!AG96 -> 9.415785 | I14: =GobFed!AH96 -> 6.5340324 | J14: =GobFed!AI96 -> 2.8817526 | L14: 1942 | M14: =GobFed!AA96 -> 9.415785 | N14: =GobFed!AB96 -> 8.0910027 | O14: =GobFed!AC96 -> 5.2092501 | P14: =GobFed!AD96 -> 7.9112443 | Q14: =GobFed!AE96 -> 7.9112443 | R14: =GobFed!AG96 -> 9.415785 | S14: =GobFed!AH96 -> 6.5340324 | T14: =GobFed!AI96 -> 2.8817526 | V14: 1942 | W14: =GobFed!AR96 -> -0.60855725 | X14: =GobFed!AS96 -> -1.0158225 | Y14: =GobFed!AT96 -> -1.0186312 | Z14: =GobFed!AU96 -> -0.92687951 | AA14: =GobFed!AV96 -> -0.92687951 | AB14: =GobFed!AX96 -> -0.60855725 | AC14: =GobFed!AY96 -> -0.61136598 | AD14: =GobFed!AZ96 -> 0.0028087258 | AE14: =GobFed!BF96 -> -1.8050744 | AG14: 1942 | AH14: 10.362971 | AI14: 10681 | AJ14: 65.414183 | AK14: =GobFed!AT27 -> -108.8 | AL14: =GobFed!BF27 -> -192.8 | AM14: =GobFed!AT96 -> -1.0186312 | AN14: =(AL14/AI14)*100 -> -1.8050744 | AP14: 1942 | AQ14: 10681 | AR14: =GobFed!AU27 -> -99 | AS14: =GobFed!BF27 -> -192.8 | AT14: =GobFed!AU96 -> -0.92687951 | AU14: =GobFed!BF96 -> -1.8050744 | AV14: =ABS(AT14-AU14) -> 0.87819493
B15: 1943 | C15: =GobFed!J97 -> 9.786728 | D15: =GobFed!K97 -> 8.3820483 | E15: =GobFed!L97 -> 5.6225547 | F15: =GobFed!M97 -> 8.3774453 | G15: =GobFed!N97 -> 8.3774453 | H15: =GobFed!AG97 -> 9.1714614 | I15: =GobFed!AH97 -> 6.7487534 | J15: =GobFed!AI97 -> 2.4227081 | L15: 1943 | M15: =GobFed!AA97 -> 9.1714614 | N15: =GobFed!AB97 -> 8.556962 | O15: =GobFed!AC97 -> 6.1342539 | P15: =GobFed!AD97 -> 8.3237438 | Q15: =GobFed!AE97 -> 8.3237438 | R15: =GobFed!AG97 -> 9.1714614 | S15: =GobFed!AH97 -> 6.7487534 | T15: =GobFed!AI97 -> 2.4227081 | V15: 1943 | W15: =GobFed!AR97 -> 0.61526659 | X15: =GobFed!AS97 -> -0.17491369 | Y15: =GobFed!AT97 -> -0.51169927 | Z15: =GobFed!AU97 -> 0.053701573 | AA15: =GobFed!AV97 -> 0.053701573 | AB15: =GobFed!AX97 -> 0.61526659 | AC15: =GobFed!AY97 -> 0.27848101 | AD15: =GobFed!AZ97 -> 0.33678558 | AE15: =GobFed!BF97 -> 0.20329881 | AG15: 1943 | AH15: 20.804256 | AI15: 13035 | AJ15: 68.815417 | AK15: =GobFed!AT28 -> -66.7 | AL15: =GobFed!BF28 -> 26.5 | AM15: =GobFed!AT97 -> -0.51169927 | AN15: =(AL15/AI15)*100 -> 0.20329881 | AP15: 1943 | AQ15: 13035 | AR15: =GobFed!AU28 -> 7 | AS15: =GobFed!BF28 -> 26.5 | AT15: =GobFed!AU97 -> 0.053701573 | AU15: =GobFed!BF97 -> 0.20329881 | AV15: =ABS(AT15-AU15) -> 0.14959724
B16: 1944 | C16: =GobFed!J98 -> 6.890059 | D16: =GobFed!K98 -> 6.8953779 | E16: =GobFed!L98 -> 5.8156481 | F16: =GobFed!M98 -> 6.8879315 | G16: =GobFed!N98 -> 6.8879315 | H16: =GobFed!AG98 -> 7.7857561 | I16: =GobFed!AH98 -> 5.7917132 | J16: =GobFed!AI98 -> 1.9940429 | L16: 1944 | M16: =GobFed!AA98 -> 7.7857561 | N16: =GobFed!AB98 -> 8.184671 | O16: =GobFed!AC98 -> 6.1906282 | P16: =GobFed!AD98 -> 8.0048934 | Q16: =GobFed!AE98 -> 8.0048934 | R16: =GobFed!AG98 -> 7.7857561 | S16: =GobFed!AH98 -> 5.7917132 | T16: =GobFed!AI98 -> 1.9940429 | V16: 1944 | W16: =GobFed!AR98 -> -0.89569704 | X16: =GobFed!AS98 -> -1.2892931 | Y16: =GobFed!AT98 -> -0.37498005 | Z16: =GobFed!AU98 -> -1.1169619 | AA16: =GobFed!AV98 -> -1.1169619 | AB16: =GobFed!AX98 -> -0.79995745 | AC16: =GobFed!AY98 -> 0.11435562 | AD16: =GobFed!AZ98 -> -0.91431307 | AE16: =GobFed!BF98 -> -0.22605181 | AG16: 1944 | AH16: 22.512011 | AI16: 18801 | AJ16: 72.425412 | AK16: =GobFed!AT29 -> -70.5 | AL16: =GobFed!BF29 -> -42.5 | AM16: =GobFed!AT98 -> -0.37498005 | AN16: =(AL16/AI16)*100 -> -0.22605181 | AP16: 1944 | AQ16: 18801 | AR16: =GobFed!AU29 -> -210 | AS16: =GobFed!BF29 -> -42.5 | AT16: =GobFed!AU98 -> -1.1169619 | AU16: =GobFed!BF98 -> -0.22605181 | AV16: =ABS(AT16-AU16) -> 0.89091006
B17: 1945 | C17: =GobFed!J99 -> 7.7068949 | D17: =GobFed!K99 -> 7.0645726 | E17: =GobFed!L99 -> 5.1191287 | F17: =GobFed!M99 -> 6.8268015 | G17: =GobFed!N99 -> 6.8268015 | H17: =GobFed!AG99 -> 8.0720607 | I17: =GobFed!AH99 -> 6.4028007 | J17: =GobFed!AI99 -> 1.6692599 | L17: 1945 | M17: =GobFed!AA99 -> 8.0720607 | N17: =GobFed!AB99 -> 8.2028591 | O17: =GobFed!AC99 -> 6.5335991 | P17: =GobFed!AD99 -> 7.6485461 | Q17: =GobFed!AE99 -> 7.9402898 | R17: =GobFed!AG99 -> 8.0720607 | S17: =GobFed!AH99 -> 6.4028007 | T17: =GobFed!AI99 -> 1.6692599 | V17: 1945 | W17: =GobFed!AR99 -> -0.36516581 | X17: =GobFed!AS99 -> -1.1382865 | Y17: =GobFed!AT99 -> -1.4144705 | Z17: =GobFed!AU99 -> -0.82174463 | AA17: =GobFed!AV99 -> -1.1134883 | AB17: =GobFed!AX99 -> -0.36516581 | AC17: =GobFed!AY99 -> -0.6413498 | AD17: =GobFed!AZ99 -> 0.27618399 | AE17: =GobFed!BF99 -> -0.72352426 | AG17: 1945 | AH17: 11.30719 | AI17: 20566 | AJ17: 76.271708 | AK17: =GobFed!AT30 -> -290.9 | AL17: =GobFed!BF30 -> -148.8 | AM17: =GobFed!AT99 -> -1.4144705 | AN17: =(AL17/AI17)*100 -> -0.72352426 | AP17: 1945 | AQ17: 20566 | AR17: =GobFed!AU30 -> -169 | AS17: =GobFed!BF30 -> -148.8 | AT17: =GobFed!AU99 -> -0.82174463 | AU17: =GobFed!BF99 -> -0.72352426 | AV17: =ABS(AT17-AU17) -> 0.098220364
B18: 1946 | C18: =GobFed!J100 -> 7.2198353 | D18: =GobFed!K100 -> 7.3408521 | E18: =GobFed!L100 -> 5.2878625 | F18: =GobFed!M100 -> 7.2037236 | G18: =GobFed!N100 -> 7.2037236 | H18: =GobFed!AG100 -> 6.877193 | I18: =GobFed!AH100 -> 4.8596491 | J18: =GobFed!AI100 -> 2.0175439 | L18: 1946 | M18: =GobFed!AA100 -> 6.3390619 | N18: =GobFed!AB100 -> 6.9305406 | O18: =GobFed!AC100 -> 4.9129968 | P18: =GobFed!AD100 -> 6.5485141 | Q18: =GobFed!AE100 -> 6.5485141 | R18: =GobFed!AG100 -> 6.877193 | S18: =GobFed!AH100 -> 4.8596491 | T18: =GobFed!AI100 -> 2.0175439 | V18: 1946 | W18: =GobFed!AR100 -> 0.88077336 | X18: =GobFed!AS100 -> 0.41031149 | Y18: =GobFed!AT100 -> 0.37486574 | Z18: =GobFed!AU100 -> 0.65520945 | AA18: =GobFed!AV100 -> 0.65520945 | AB18: =GobFed!AX100 -> 1.0995346 | AC18: =GobFed!AY100 -> 1.0640888 | AD18: =GobFed!AZ100 -> 0.035445757 | AE18: =GobFed!BF100 -> 0.014321518 | AG18: 1946 | AH18: 15.099404 | AI18: 27930 | AJ18: 80.369632 | AK18: =GobFed!AT31 -> 104.7 | AL18: =GobFed!BF31 -> 4 | AM18: =GobFed!AT100 -> 0.37486574 | AN18: =(AL18/AI18)*100 -> 0.014321518 | AP18: 1946 | AQ18: 27930 | AR18: =GobFed!AU31 -> 183 | AS18: =GobFed!BF31 -> 4 | AT18: =GobFed!AU100 -> 0.65520945 | AU18: =GobFed!BF100 -> 0.014321518 | AV18: =ABS(AT18-AU18) -> 0.64088793
... B30: 1958 | C30: =GobFed!J112 -> 10.034709 | D30: =GobFed!K112 -> 9.893132 | E30: =GobFed!L112 -> 6.5579972 | F30: =GobFed!M112 -> 10.034481 | G30: =GobFed!N112 -> 10.034481 | H30: =GobFed!AG112 -> 10.114175 | I30: =GobFed!AH112 -> 7.2639046 | J30: =GobFed!AI112 -> 2.8502706 | L30: 1958 | M30: =GobFed!AA112 -> 10.114175 | N30: =GobFed!AB112 -> 10.543094 | O30: =GobFed!AC112 -> 7.6928229 | P30: =GobFed!AD112 -> 9.1484811 | Q30: =GobFed!AE112 -> 9.1484811 | R30: =GobFed!AG112 -> 10.114175 | S30: =GobFed!AH112 -> 7.2639046 | T30: =GobFed!AI112 -> 2.8502706 | V30: 1958 | W30: =GobFed!AR112 -> -0.079465964 | X30: =GobFed!AS112 -> -0.64996156 | Y30: =GobFed!AT112 -> -1.1348257 | Z30: =GobFed!AU112 -> 0.88599983 | AA30: =GobFed!AV112 -> 0.88599983 | AB30: =GobFed!AX112 -> -0.079465964 | AC30: =GobFed!AY112 -> -0.56433013 | AD30: =GobFed!AZ112 -> 0.48486417 | AE30: =GobFed!BF112 -> -0.66602221 | AG30: 1958 | AH30: 4.4336961 | AI30: 131377 | AJ30: 160.13535 | AK30: =GobFed!AT43 -> -1490.9 | AL30: =GobFed!BF43 -> -875 | AM30: =GobFed!AT112 -> -1.1348257 | AN30: =(AL30/AI30)*100 -> -0.66602221 | AP30: 1958 | AQ30: 131377 | AR30: =GobFed!AU43 -> 1164 | AS30: =GobFed!BF43 -> -875 | AT30: =GobFed!AU112 -> 0.88599983 | AU30: =GobFed!BF112 -> -0.66602221 | AV30: =ABS(AT30-AU30) -> 1.552022
B31: 1959 | C31: =GobFed!J113 -> - | D31: =GobFed!K113 -> - | E31: =GobFed!L113 -> - | F31: =GobFed!M113 -> 10.06095 | G31: =GobFed!N113 -> 10.06095 | H31: =GobFed!AG113 -> 10.057185 | I31: =GobFed!AH113 -> 6.9942886 | J31: =GobFed!AI113 -> 3.062896 | L31: 1959 | M31: =GobFed!AA113 -> - | N31: =GobFed!AB113 -> - | O31: =GobFed!AC113 -> - | P31: =GobFed!AD113 -> 10.057398 | Q31: =GobFed!AE113 -> 10.057398 | R31: =GobFed!AG113 -> 10.057185 | S31: =GobFed!AH113 -> 6.9942886 | T31: =GobFed!AI113 -> 3.062896 | V31: 1959 | W31: =GobFed!AR113 -> - | X31: =GobFed!AS113 -> - | Y31: =GobFed!AT113 -> - | Z31: =GobFed!AU113 -> 0.0035518427 | AA31: =GobFed!AV113 -> - | AB31: =GobFed!AX113 -> 0.0040491007 | AC31: =GobFed!AY113 -> -0.4560566 | AD31: =GobFed!AZ113 -> 0.4601057 | AE31: - | AG31: 1959 | AH31: 1.1514216 | AI31: 140772 | AJ31: 170.10832 | AK31: - | AL31: - | AM31: - | AN31: - | AP31: 1959 | AQ31: 140772 | AR31: =GobFed!AU44 -> 5 | AS31: - | AT31: - | AU31: - | AV31: -
B32: 1960 | C32: =GobFed!J114 -> - | D32: =GobFed!K114 -> - | E32: =GobFed!L114 -> - | F32: =GobFed!M114 -> 12.183866 | G32: =GobFed!N114 -> 12.183866 | H32: =GobFed!AG114 -> 12.617358 | I32: =GobFed!AH114 -> 7.3854593 | J32: =GobFed!AI114 -> 5.2318992 | L32: 1960 | M32: =GobFed!AA114 -> - | N32: =GobFed!AB114 -> - | O32: =GobFed!AC114 -> - | P32: =GobFed!AD114 -> 12.617171 | Q32: =GobFed!AE114 -> 12.617171 | R32: =GobFed!AG114 -> 12.617358 | S32: =GobFed!AH114 -> 7.3854593 | T32: =GobFed!AI114 -> 5.2318992 | V32: 1960 | W32: =GobFed!AR114 -> - | X32: =GobFed!AS114 -> - | Y32: =GobFed!AT114 -> - | Z32: =GobFed!AU114 -> -0.43330432 | AA32: =GobFed!AV114 -> - | AB32: =GobFed!AX114 -> -0.43374263 | AC32: =GobFed!AY114 -> -0.51858763 | AD32: =GobFed!AZ114 -> 0.084844994 | AE32: - | AG32: 1960 | AH32: 4.90938 | AI32: 159703 | AJ32: 180.82043 | AK32: - | AL32: - | AM32: - | AN32: - | AP32: 1960 | AQ32: 159703 | AR32: =GobFed!AU45 -> -692 | AS32: - | AT32: - | AU32: - | AV32: -
B33: 1961 | C33: =GobFed!J115 -> - | D33: =GobFed!K115 -> - | E33: =GobFed!L115 -> - | F33: =GobFed!M115 -> 11.510887 | G33: =GobFed!N115 -> - | H33: =GobFed!AG115 -> 11.52578 | I33: =GobFed!AH115 -> 7.4578032 | J33: =GobFed!AI115 -> 4.0679766 | L33: 1961 | M33: =GobFed!AA115 -> - | N33: =GobFed!AB115 -> - | O33: =GobFed!AC115 -> - | P33: =GobFed!AD115 -> 11.753908 | Q33: - | R33: =GobFed!AG115 -> 11.52578 | S33: =GobFed!AH115 -> 7.4578032 | T33: =GobFed!AI115 -> 4.0679766 | V33: 1961 | W33: =GobFed!AR115 -> - | X33: =GobFed!AS115 -> - | Y33: =GobFed!AT115 -> - | Z33: =GobFed!AU115 -> -0.24302108 | AA33: =GobFed!AV115 -> - | AB33: =GobFed!AX115 -> -0.48748528 | AC33: =GobFed!AY115 -> -0.94483826 | AD33: =GobFed!AZ115 -> 0.45735298 | AE33: - | AG33: 1961 | AH33: 0.9638116 | AI33: 173236 | AJ33: 192.42012 | AK33: - | AL33: - | AM33: - | AN33: - | AP33: 1961 | AQ33: 173236 | AR33: =GobFed!AU46 -> -421 | AS33: - | AT33: - | AU33: - | AV33: -
B34: 1962 | C34: =GobFed!J116 -> - | D34: =GobFed!K116 -> - | E34: =GobFed!L116 -> - | F34: =GobFed!M116 -> 10.920811 | G34: =GobFed!N116 -> - | H34: =GobFed!N116 -> - | I34: - | J34: =GobFed!P116 -> - | L34: 1962 | M34: =GobFed!AA116 -> - | N34: =GobFed!AB116 -> - | O34: =GobFed!AC116 -> - | P34: =GobFed!AD116 -> 10.824977 | Q34: - | R34: - | S34: - | T34: - | V34: 1962 | W34: =GobFed!AR116 -> - | X34: =GobFed!AS116 -> - | Y34: =GobFed!AT116 -> - | Z34: =GobFed!AU116 -> 0.095834159 | AA34: =GobFed!AV116 -> - | AB34: =GobFed!AX116 -> - | AC34: =GobFed!AX116 -> - | AD34: =GobFed!AY116 -> - | AE34: - | AG34: 1962 | AH34: 1.8011527 | AI34: 186781 | AJ34: 205.01234 | AK34: - | AL34: - | AM34: - | AN34: - | AP34: 1962 | AQ34: 186781 | AR34: =GobFed!AU47 -> 179 | AS34: - | AT34: - | AU34: - | AV34: -
B35: 1963 | C35: =GobFed!J117 -> - | D35: =GobFed!K117 -> - | E35: =GobFed!L117 -> - | F35: =GobFed!M117 -> 9.4752635 | G35: =GobFed!N117 -> - | H35: =GobFed!O117 -> - | I35: - | J35: =GobFed!Q117 -> - | L35: 1963 | M35: =GobFed!AA117 -> - | N35: =GobFed!AB117 -> - | O35: =GobFed!AC117 -> - | P35: =GobFed!AD117 -> 9.7594637 | Q35: - | R35: - | S35: - | T35: - | V35: 1963 | W35: =GobFed!AR117 -> - | X35: =GobFed!AS117 -> - | Y35: =GobFed!AT117 -> - | Z35: =GobFed!AU117 -> -0.2842002 | AA35: =GobFed!AV117 -> - | AB35: =GobFed!AX117 -> - | AC35: =GobFed!AX117 -> - | AD35: =GobFed!AY117 -> - | AE35: - | AG35: 1963 | AH35: 0.5779665 | AI35: 207952 | AJ35: 218.72266 | AK35: - | AL35: - | AM35: - | AN35: - | AP35: 1963 | AQ35: 207952 | AR35: =GobFed!AU48 -> -591 | AS35: - | AT35: - | AU35: - | AV35: -
B36: 1964 | C36: =GobFed!J118 -> - | D36: =GobFed!K118 -> - | E36: =GobFed!L118 -> - | F36: =GobFed!M118 -> 11.802803 | G36: =GobFed!N118 -> - | H36: =GobFed!O118 -> - | I36: - | J36: =GobFed!Q118 -> - | L36: 1964 | M36: =GobFed!AA118 -> - | N36: =GobFed!AB118 -> - | O36: =GobFed!AC118 -> - | P36: =GobFed!AD118 -> 11.521745 | Q36: - | R36: - | S36: - | T36: - | V36: 1964 | W36: =GobFed!AR118 -> - | X36: =GobFed!AS118 -> - | Y36: =GobFed!AT118 -> - | Z36: =GobFed!AU118 -> 0.28105792 | AA36: =GobFed!AV118 -> - | AB36: =GobFed!AX118 -> - | AC36: =GobFed!AX118 -> - | AD36: =GobFed!AY118 -> - | AE36: - | AG36: 1964 | AH36: 4.2394746 | AI36: 245501 | AJ36: 233.55354 | AK36: - | AL36: - | AM36: - | AN36: - | AP36: 1964 | AQ36: 245501 | AR36: =GobFed!AU49 -> 690 | AS36: - | AT36: - | AU36: - | AV36: -
B37: 1965 | C37: =GobFed!J119 -> - | D37: =GobFed!K119 -> - | E37: =GobFed!L119 -> - | F37: =GobFed!M119 -> 24.038217 | G37: =GobFed!N119 -> - | H37: =GobFed!O119 -> - | I37: - | J37: =GobFed!Q119 -> - | L37: 1965 | M37: =GobFed!AA119 -> - | N37: =GobFed!AB119 -> - | O37: =GobFed!AC119 -> - | P37: =GobFed!AD119 -> 23.93987 | Q37: - | R37: - | S37: - | T37: - | V37: 1965 | W37: =GobFed!AR119 -> - | X37: =GobFed!AS119 -> - | Y37: =GobFed!AT119 -> - | Z37: =GobFed!AU119 -> 0.098347169 | AA37: =GobFed!AV119 -> - | AB37: =GobFed!AX119 -> - | AC37: =GobFed!AX119 -> - | AD37: =GobFed!AY119 -> - | AE37: - | AG37: 1965 | AH37: 1.828205 | AI37: 267420 | AJ37: 249.42662 | AK37: - | AL37: - | AM37: - | AN37: - | AP37: 1965 | AQ37: 267420 | AR37: =GobFed!AU50 -> 263 | AS37: - | AT37: - | AU37: - | AV37: -
B38: 1966 | C38: =GobFed!J120 -> - | D38: =GobFed!K120 -> - | E38: =GobFed!L120 -> - | F38: =GobFed!M120 -> 22.415847 | G38: =GobFed!N120 -> - | H38: =GobFed!O120 -> - | I38: - | J38: =GobFed!Q120 -> - | L38: 1966 | M38: =GobFed!AA120 -> - | N38: =GobFed!AB120 -> - | O38: =GobFed!AC120 -> - | P38: =GobFed!AD120 -> 22.225737 | Q38: - | R38: - | S38: - | T38: - | V38: 1966 | W38: =GobFed!AR120 -> - | X38: =GobFed!AS120 -> - | Y38: =GobFed!AT120 -> - | Z38: =GobFed!AU120 -> 0.19011023 | AA38: =GobFed!AV120 -> - | AB38: =GobFed!AX120 -> - | AC38: =GobFed!AX120 -> - | AD38: =GobFed!AY120 -> - | AE38: - | AG38: 1966 | AH38: 1.3092476 | AI38: 297196 | AJ38: 266.24841 | AK38: - | AL38: - | AM38: - | AN38: - | AP38: 1966 | AQ38: 297196 | AR38: =GobFed!AU51 -> 565 | AS38: - | AT38: - | AU38: - | AV38: -
B39: 1967 | C39: =GobFed!J121 -> - | D39: =GobFed!K121 -> - | E39: =GobFed!L121 -> - | F39: =GobFed!M121 -> 24.447043 | G39: =GobFed!N121 -> - | H39: =GobFed!O121 -> - | I39: - | J39: =GobFed!Q121 -> - | L39: 1967 | M39: =GobFed!AA121 -> - | N39: =GobFed!AB121 -> - | O39: =GobFed!AC121 -> - | P39: =GobFed!AD121 -> 24.444889 | Q39: - | R39: - | S39: - | T39: - | V39: 1967 | W39: =GobFed!AR121 -> - | X39: =GobFed!AS121 -> - | Y39: =GobFed!AT121 -> - | Z39: =GobFed!AU121 -> 0.0021536805 | AA39: =GobFed!AV121 -> - | AB39: =GobFed!AX121 -> - | AC39: =GobFed!AX121 -> - | AD39: =GobFed!AY121 -> - | AE39: - | AG39: 1967 | AH39: 2.8518458 | AI39: 325025 | AJ39: 284.00864 | AK39: - | AL39: - | AM39: - | AN39: - | AP39: 1967 | AQ39: 325025 | AR39: =GobFed!AU52 -> 7 | AS39: - | AT39: - | AU39: - | AV39: -
B40: 1968 | C40: =GobFed!J122 -> - | D40: =GobFed!K122 -> - | E40: =GobFed!L122 -> - | F40: =GobFed!M122 -> 23.697959 | G40: =GobFed!N122 -> - | H40: =GobFed!O122 -> - | I40: - | J40: =GobFed!Q122 -> - | L40: 1968 | M40: =GobFed!AA122 -> - | N40: =GobFed!AB122 -> - | O40: =GobFed!AC122 -> - | P40: =GobFed!AD122 -> 23.181922 | Q40: - | R40: - | S40: - | T40: - | V40: 1968 | W40: =GobFed!AR122 -> - | X40: =GobFed!AS122 -> - | Y40: =GobFed!AT122 -> - | Z40: =GobFed!AU122 -> 0.51603688 | AA40: =GobFed!AV122 -> - | AB40: =GobFed!AX122 -> - | AC40: =GobFed!AX122 -> - | AD40: =GobFed!AY122 -> - | AE40: - | AG40: 1968 | AH40: 1.9351076 | AI40: 359858 | AJ40: 302.61718 | AK40: - | AL40: - | AM40: - | AN40: - | AP40: 1968 | AQ40: 359858 | AR40: =GobFed!AU53 -> 1857 | AS40: - | AT40: - | AU40: - | AV40: -
B41: 1969 | C41: =GobFed!J123 -> - | D41: =GobFed!K123 -> - | E41: =GobFed!L123 -> - | F41: =GobFed!M123 -> 24.512313 | G41: =GobFed!N123 -> - | H41: =GobFed!O123 -> - | I41: - | J41: =GobFed!Q123 -> - | L41: 1969 | M41: =GobFed!AA123 -> - | N41: =GobFed!AB123 -> - | O41: =GobFed!AC123 -> - | P41: =GobFed!AD123 -> 24.635994 | Q41: - | R41: - | S41: - | T41: - | V41: 1969 | W41: =GobFed!AR123 -> - | X41: =GobFed!AS123 -> - | Y41: =GobFed!AT123 -> - | Z41: =GobFed!AU123 -> -0.12368148 | AA41: =GobFed!AV123 -> - | AB41: =GobFed!AX123 -> - | AC41: =GobFed!AX123 -> - | AD41: =GobFed!AY123 -> - | AE41: - | AG41: 1969 | AH41: 2.5268086 | AI41: 397796 | AJ41: 321.99481 | AK41: - | AL41: - | AM41: - | AN41: - | AP41: 1969 | AQ41: 397796 | AR41: =GobFed!AU54 -> -492 | AS41: - | AT41: - | AU41: - | AV41: -
B42: 1970 | C42: =GobFed!J124 -> - | D42: =GobFed!K124 -> - | E42: =GobFed!L124 -> - | F42: =GobFed!M124 -> 24.547378 | G42: =GobFed!N124 -> - | H42: =GobFed!O124 -> - | I42: - | J42: =GobFed!Q124 -> - | L42: 1970 | M42: =GobFed!AA124 -> - | N42: =GobFed!AB124 -> - | O42: =GobFed!AC124 -> - | P42: =GobFed!AD124 -> 24.591717 | Q42: - | R42: - | S42: - | T42: - | V42: 1970 | W42: =GobFed!AR124 -> - | X42: =GobFed!AS124 -> - | Y42: =GobFed!AT124 -> - | Z42: =GobFed!AU124 -> -0.04433941 | AA42: =GobFed!AV124 -> - | AB42: =GobFed!AX124 -> - | AC42: =GobFed!AX124 -> - | AD42: =GobFed!AY124 -> - | AE42: - | AG42: 1970 | AH42: 5.0033969 | AI42: 444300 | AJ42: 342.20828 | AK42: - | AL42: - | AM42: - | AN42: - | AP42: 1970 | AQ42: 444300 | AR42: =GobFed!AU55 -> -197 | AS42: - | AT42: - | AU42: - | AV42: -
B43: 1971 | C43: =GobFed!J125 -> - | D43: =GobFed!K125 -> - | E43: =GobFed!L125 -> - | F43: =GobFed!M125 -> 24.601284 | G43: =GobFed!N125 -> - | H43: =GobFed!O125 -> - | I43: - | J43: =GobFed!Q125 -> - | L43: 1971 | M43: =GobFed!AA125 -> - | N43: =GobFed!AB125 -> - | O43: =GobFed!AC125 -> - | P43: =GobFed!AD125 -> 24.766791 | Q43: - | R43: - | S43: - | T43: - | V43: 1971 | W43: =GobFed!AR125 -> - | X43: =GobFed!AS125 -> - | Y43: =GobFed!AT125 -> - | Z43: =GobFed!AU125 -> -0.16550649 | AA43: =GobFed!AV125 -> - | AB43: =GobFed!AX125 -> - | AC43: =GobFed!AX125 -> - | AD43: =GobFed!AY125 -> - | AE43: - | AG43: 1971 | AH43: 5.469021 | AI43: 490011 | AJ43: 363.29488 | AK43: - | AL43: - | AM43: - | AN43: - | AP43: 1971 | AQ43: 490011 | AR43: =GobFed!AU56 -> -811 | AS43: - | AT43: - | AU43: - | AV43: -
B44: 1972 | C44: =GobFed!J126 -> - | D44: =GobFed!K126 -> - | E44: =GobFed!L126 -> - | F44: =GobFed!M126 -> 26.286199 | G44: =GobFed!N126 -> - | H44: =GobFed!O126 -> - | I44: - | J44: =GobFed!Q126 -> - | L44: 1972 | M44: =GobFed!AA126 -> - | N44: =GobFed!AB126 -> - | O44: =GobFed!AC126 -> - | P44: =GobFed!AD126 -> 26.350124 | Q44: - | R44: - | S44: - | T44: - | V44: 1972 | W44: =GobFed!AR126 -> - | X44: =GobFed!AS126 -> - | Y44: =GobFed!AT126 -> - | Z44: =GobFed!AU126 -> -0.063924806 | AA44: =GobFed!AV126 -> - | AB44: =GobFed!AX126 -> - | AC44: =GobFed!AX126 -> - | AD44: =GobFed!AY126 -> - | AE44: - | AG44: 1972 | AH44: 4.9436884 | AI44: 564726 | AJ44: 385.40167 | AK44: - | AL44: - | AM44: - | AN44: - | AP44: 1972 | AQ44: 564726 | AR44: =GobFed!AU57 -> -361 | AS44: - | AT44: - | AU44: - | AV44: -
B45: 1973 | C45: =GobFed!J127 -> - | D45: =GobFed!K127 -> - | E45: =GobFed!L127 -> - | F45: =GobFed!M127 -> 29.767503 | G45: =GobFed!N127 -> - | H45: =GobFed!O127 -> - | I45: - | J45: =GobFed!Q127 -> - | L45: 1973 | M45: =GobFed!AA127 -> - | N45: =GobFed!AB127 -> - | O45: =GobFed!AC127 -> - | P45: =GobFed!AD127 -> 29.539102 | Q45: - | R45: - | S45: - | T45: - | V45: 1973 | W45: =GobFed!AR127 -> - | X45: =GobFed!AS127 -> - | Y45: =GobFed!AT127 -> - | Z45: =GobFed!AU127 -> 0.22840072 | AA45: =GobFed!AV127 -> - | AB45: =GobFed!AX127 -> - | AC45: =GobFed!AX127 -> - | AD45: =GobFed!AY127 -> - | AE45: - | AG45: 1973 | AH45: 12.081945 | AI45: 690891 | AJ45: 408.57309 | AK45: - | AL45: - | AM45: - | AN45: - | AP45: 1973 | AQ45: 690891 | AR45: =GobFed!AU58 -> 1578 | AS45: - | AT45: - | AU45: - | AV45: -
B46: 1974 | C46: =GobFed!J128 -> - | D46: =GobFed!K128 -> - | E46: =GobFed!L128 -> - | F46: =GobFed!M128 -> 31.301968 | G46: =GobFed!N128 -> - | H46: =GobFed!O128 -> - | I46: - | J46: =GobFed!Q128 -> - | L46: 1974 | M46: =GobFed!AA128 -> - | N46: =GobFed!AB128 -> - | O46: =GobFed!AC128 -> - | P46: =GobFed!AD128 -> 30.736451 | Q46: - | R46: - | S46: - | T46: - | V46: 1974 | W46: =GobFed!AR128 -> - | X46: =GobFed!AS128 -> - | Y46: =GobFed!AT128 -> - | Z46: =GobFed!AU128 -> 0.56551744 | AA46: =GobFed!AV128 -> - | AB46: =GobFed!AX128 -> - | AC46: =GobFed!AX128 -> - | AD46: =GobFed!AY128 -> - | AE46: - | AG46: 1974 | AH46: 23.784025 | AI46: 899707 | AJ46: 432.89221 | AK46: - | AL46: - | AM46: - | AN46: - | AP46: 1974 | AQ46: 899707 | AR46: =GobFed!AU59 -> 5088 | AS46: - | AT46: - | AU46: - | AV46: -
... B51: 1979 | C51: =GobFed!J133 -> - | D51: =GobFed!K133 -> - | E51: =GobFed!L133 -> - | F51: =GobFed!M133 -> 42.153612 | G51: =GobFed!N133 -> - | H51: =GobFed!O133 -> - | I51: - | J51: =GobFed!Q133 -> - | L51: 1979 | M51: =GobFed!AA133 -> - | N51: =GobFed!AB133 -> - | O51: =GobFed!AC133 -> - | P51: =GobFed!AD133 -> - | Q51: - | R51: - | S51: - | T51: - | V51: 1979 | W51: =GobFed!AR133 -> - | X51: =GobFed!AS133 -> - | Y51: =GobFed!AT133 -> - | Z51: =GobFed!AU133 -> - | AA51: =GobFed!AV133 -> - | AB51: =GobFed!AX133 -> - | AC51: =GobFed!AX133 -> - | AD51: =GobFed!AY133 -> - | AE51: - | AG51: 1979 | AH51: 18.19125 | AI51: 3067526 | AJ51: 585.6411 | AK51: - | AL51: - | AM51: - | AN51: - | AP51: 1979 | AQ51: 3067526 | AR51: =GobFed!AU64 -> 122277 | AS51: - | AT51: - | AU51: - | AV51: -
B52: 1980 | C52: - | D52: - | E52: - | F52: - | G52: - | H52: - | I52: - | J52: - | L52: 1980 | M52: =GobFed!AA134 -> - | N52: =GobFed!AB134 -> - | O52: =GobFed!AC134 -> - | P52: =GobFed!AD134 -> - | Q52: - | R52: - | S52: - | T52: - | V52: 1980 | W52: =GobFed!AR134 -> - | X52: =GobFed!AS134 -> - | Y52: =GobFed!AT134 -> - | Z52: =GobFed!AU134 -> - | AA52: =GobFed!AV134 -> - | AB52: =GobFed!AX134 -> - | AC52: =GobFed!AX134 -> - | AD52: =GobFed!AY134 -> - | AE52: - | AG52: 1980 | AH52: 26.351647 | AI52: 4391907 | AJ52: 625.07312 | AK52: - | AL52: - | AM52: - | AN52: - | AP52: 1980 | AQ52: 4391907 | AR52: - | AS52: - | AT52: - | AU52: - | AV52: -
B53: 1981 | C53: - | D53: - | E53: - | F53: - | G53: - | H53: - | I53: - | J53: - | L53: 1981 | M53: =GobFed!AA135 -> - | N53: =GobFed!AB135 -> - | O53: =GobFed!AC135 -> - | P53: =GobFed!AD135 -> - | Q53: - | R53: - | S53: - | T53: - | V53: 1981 | W53: =GobFed!AR135 -> - | X53: =GobFed!AS135 -> - | Y53: =GobFed!AT135 -> - | Z53: =GobFed!AU135 -> - | AA53: =GobFed!AV135 -> - | AB53: =GobFed!AX135 -> - | AC53: =GobFed!AX135 -> - | AD53: =GobFed!AY135 -> - | AE53: - | AG53: 1981 | AH53: 27.933761 | AI53: 6032265.5 | AJ53: 667.46657 | AK53: - | AL53: - | AM53: - | AN53: - | AP53: 1981 | AQ53: 6032265.5 | AR53: - | AS53: - | AT53: - | AU53: - | AV53: -
B54: 1982 | C54: - | D54: - | E54: - | F54: - | G54: - | H54: - | I54: - | J54: - | L54: 1982 | M54: =GobFed!AA136 -> - | N54: =GobFed!AB136 -> - | O54: =GobFed!AC136 -> - | P54: =GobFed!AD136 -> - | Q54: - | R54: - | S54: - | T54: - | V54: 1982 | W54: =GobFed!AR136 -> - | X54: =GobFed!AS136 -> - | Y54: =GobFed!AT136 -> - | Z54: =GobFed!AU136 -> - | AA54: =GobFed!AV136 -> - | AB54: =GobFed!AX136 -> - | AC54: =GobFed!AX136 -> - | AD54: =GobFed!AY136 -> - | AE54: - | AG54: 1982 | AH54: 58.913427 | AI54: 9595751.5 | AJ54: 711.65926 | AK54: - | AL54: - | AM54: - | AN54: - | AP54: 1982 | AQ54: 9595751.5 | AR54: - | AS54: - | AT54: - | AU54: - | AV54: -
B55: Fuentes: Secretaría de Hacienda (varios años), Cuenta de la Hacienda Pública Federal, inicial, revisada, neta y bruta; INEGI (2020), Estadísticas Históricas; Cárdenas (1994); Santillán y Rosas (1962), bruta y neta; y el Rubro financiero se estima con base en Santillán y Rosas (1962). | L55: Fuentes: Vease Cuadro 1 | V55: Fuentes: Vease Cuadro 1; y Banco de México, Informe Anual (varios años). | AG55: Fuentes: Vease Cuadro 1; INEGI (2020), inflación y PIB; Estimación propia,PIB potencial. | AP55: Fuentes: Vease Cuadro 1; INEGI (2020), inflación y PIB.
L56: Unidades: En porcentaje del PIB | V56: Unidades: En porcentaje del PIB | AG56: Unidades: millones de pesos (mp) y porcentaje del PIB (% PIB) | AP56: Unidades: millones de pesos (mp) y porcentaje del PIB (% PIB)
AG57: * Variables informativas* *En porcentaje del PIB | AP57: * En porcentaje del PIB. *** La diferencia se expresa en términos absolutos.
B58: Unidades: En porcentaje del PIB

Sheet Deuda Ext
A2: Tipo de cambio fin | B2: Deuda Pública del Gobierno Federal | C2: Externa INEGI (2015) en m/p | D2: Deuda externa del GF INEGI (2015) en m/d | E2: Deuda externa Raúl Ortiz Mena (1998) en m/d | F2: Deuda externa Antonio Ortiz Mena (1998) en m/d | G2: Deuda externa del SP Total NAFINSA (1986) en m/d | H2: Deuda externa SP Total Gurría (1993) en m/d | I2: Deuda externa SP Gurría (1993) LP en m/d | J2: Deuda externa SP Gurría (1993) CP en m/d | K2: Deuda externa fusión em m/d
B4: Año | C4: Deuda interna
B5: 1920 | C5: - | D5: - | E5: - | F5: - | G5: - | H5: - | I5: - | J5: - | K5: -
A6: =GobFed!G6 -> 2.04 | B6: 1921 | C6: 571831 | D6: =(C6/A6)/1000 -> 280.30931 | E6: - | F6: - | G6: - | H6: - | I6: - | J6: - | K6: =D6 -> 280.30931
A7: =GobFed!G7 -> 2.05 | B7: 1922 | C7: 1485080 | D7: =(C7/A7)/1000 -> 724.42927 | E7: - | F7: - | G7: - | H7: - | I7: - | J7: - | K7: =D7 -> 724.42927
A8: =GobFed!G8 -> 2.06 | B8: 1923 | C8: 1520587 | D8: =(C8/A8)/1000 -> 738.14903 | E8: - | F8: - | G8: - | H8: - | I8: - | J8: - | K8: =D8 -> 738.14903
A9: =GobFed!G9 -> 2.07 | B9: 1924 | C9: 1599953 | D9: =(C9/A9)/1000 -> 772.92415 | E9: - | F9: - | G9: - | H9: - | I9: - | J9: - | K9: =D9 -> 772.92415
A10: =GobFed!G10 -> 2.0483333 | B10: 1925 | C10: 856940 | D10: =(C10/A10)/1000 -> 418.35964 | E10: - | F10: - | G10: - | H10: - | I10: - | J10: - | K10: =D10 -> 418.35964
A11: =GobFed!G11 -> 2.1308333 | B11: 1926 | C11: 875764 | D11: =(C11/A11)/1000 -> 410.99601 | E11: - | F11: - | G11: - | H11: - | I11: - | J11: - | K11: =D11 -> 410.99601
A12: =GobFed!G12 -> 2.2883333 | B12: 1927 | C12: 960741 | D12: =(C12/A12)/1000 -> 419.84312 | E12: - | F12: - | G12: - | H12: - | I12: - | J12: - | K12: =D12 -> 419.84312
A13: =GobFed!G13 -> 2.1541667 | B13: 1928 | C13: 987620 | D13: =(C13/A13)/1000 -> 458.46963 | E13: - | F13: - | G13: - | H13: - | I13: - | J13: - | K13: =D13 -> 458.46963
A14: =GobFed!G14 -> 2.1458333 | B14: 1929 | C14: 1012844 | D14: =(C14/A14)/1000 -> 472.00497 | E14: - | F14: - | G14: - | H14: - | I14: - | J14: - | K14: =D14 -> 472.00497
A15: =GobFed!G15 -> 2.2483333 | B15: 1930 | C15: 1037706 | D15: =(C15/A15)/1000 -> 461.54455 | E15: - | F15: - | G15: - | H15: - | I15: - | J15: - | K15: =D15 -> 461.54455
A16: =GobFed!G16 -> 2.6933333 | B16: 1931 | C16: 1062258 | D16: =(C16/A16)/1000 -> 394.40272 | E16: - | F16: - | G16: - | H16: - | I16: - | J16: - | K16: =D16 -> 394.40272
A17: =GobFed!G17 -> 3.1625 | B17: 1932 | C17: 1077100 | D17: =(C17/A17)/1000 -> 340.58498 | E17: - | F17: - | G17: - | H17: - | I17: - | J17: - | K17: =D17 -> 340.58498
... A32: =GobFed!G32 -> 4.86 | B32: 1947 | C32: 240632 | D32: =(C32/A32)/1000 -> 49.512757 | E32: - | F32: - | G32: - | H32: - | I32: - | J32: - | K32: =D32 -> 49.512757
A33: =GobFed!G33 -> 5.6641667 | B33: 1948 | C33: 240632 | D33: =(C33/A33)/1000 -> 42.483213 | E33: - | F33: - | G33: - | H33: - | I33: - | J33: - | K33: -
A34: =GobFed!G34 -> 7.9918333 | B34: 1949 | C34: 240632 | D34: =(C34/A34)/1000 -> 30.109737 | E34: - | F34: - | G34: - | H34: - | I34: - | J34: - | K34: -
A35: =GobFed!G35 -> 8.6416667 | B35: 1950 | C35: 240632 | D35: =(C35/A35)/1000 -> 27.845554 | E35: - | F35: - | G35: - | H35: - | I35: - | J35: - | K35: -
A36: =GobFed!G36 -> 8.6283333 | B36: 1951 | C36: 391641 | D36: =(C36/A36)/1000 -> 45.39011 | E36: 506.2 | F36: - | G36: - | H36: - | I36: - | J36: - | K36: =E36 -> 506.2
A37: =GobFed!G37 -> 8.6083333 | B37: 1952 | C37: 382243 | D37: =(C37/A37)/1000 -> 44.403833 | E37: - | F37: - | G37: - | H37: - | I37: - | J37: - | K37: -
A38: =GobFed!G38 -> 8.6083333 | B38: 1953 | C38: 676678 | D38: =(C38/A38)/1000 -> 78.607318 | E38: - | F38: - | G38: - | H38: - | I38: - | J38: - | K38: -
A39: =GobFed!G39 -> 11.661667 | B39: 1954 | C39: 949990 | D39: =(C39/A39)/1000 -> 81.462627 | E39: - | F39: - | G39: - | H39: - | I39: - | J39: - | K39: -
A40: =GobFed!G40 -> 12.5 | B40: 1955 | C40: 925027 | D40: =(C40/A40)/1000 -> 74.00216 | E40: - | F40: - | G40: - | H40: - | I40: - | J40: - | K40: -
A41: =GobFed!G41 -> 12.5 | B41: 1956 | C41: 883974 | D41: =(C41/A41)/1000 -> 70.71792 | E41: - | F41: - | G41: - | H41: - | I41: - | J41: - | K41: -
A42: =GobFed!G42 -> 12.5 | B42: 1957 | C42: 845965 | D42: =(C42/A42)/1000 -> 67.6772 | E42: - | F42: - | G42: - | H42: - | I42: - | J42: - | K42: -
A43: =GobFed!G43 -> 12.5 | B43: 1958 | C43: 798005 | D43: =(C43/A43)/1000 -> 63.8404 | E43: - | F43: 602.7 | G43: - | H43: - | I43: - | J43: - | K43: =F43 -> 602.7
A44: =GobFed!G44 -> 12.5 | B44: 1959 | C44: 771456 | D44: =(C44/A44)/1000 -> 61.71648 | E44: - | F44: 649.1 | G44: - | H44: - | I44: - | J44: - | K44: =F44 -> 649.1
A45: =GobFed!G45 -> 12.5 | B45: 1960 | C45: 274647 | D45: =(C45/A45)/1000 -> 21.97176 | E45: - | F45: 813.3 | G45: - | H45: - | I45: - | J45: - | K45: =F45 -> 813.3
A46: =GobFed!G46 -> 12.5 | B46: 1961 | C46: 251526 | D46: =(C46/A46)/1000 -> 20.12208 | E46: - | F46: 983.3 | G46: - | H46: - | I46: - | J46: - | K46: =F46 -> 983.3
A47: =GobFed!G47 -> 12.5 | B47: 1962 | C47: 230413 | D47: =(C47/A47)/1000 -> 18.43304 | E47: - | F47: 1126.5 | G47: - | H47: - | I47: - | J47: - | K47: =F47 -> 1126.5
A48: =GobFed!G48 -> 12.5 | B48: 1963 | C48: 209718 | D48: =(C48/A48)/1000 -> 16.77744 | E48: - | F48: 1315.4 | G48: - | H48: - | I48: - | J48: - | K48: =F48 -> 1315.4
A49: =GobFed!G49 -> 12.5 | B49: 1964 | C49: 25700000 | D49: =(C49/A49)/1000 -> 2056 | E49: - | F49: 1723.5 | G49: - | H49: - | I49: - | J49: - | K49: =F49 -> 1723.5
A50: =GobFed!G50 -> 12.5 | B50: 1965 | C50: 26425000 | D50: =(C50/A50)/1000 -> 2114 | E50: - | F50: 1808.4 | G50: - | H50: 2140.4 | I50: 1771 | J50: =H50-I50 -> 369.4 | K50: =I50 -> 1771
A51: =GobFed!G51 -> 12.5 | B51: 1966 | C51: 28250000 | D51: =(C51/A51)/1000 -> 2260 | E51: - | F51: 1886.8 | G51: - | H51: 2343 | I51: 1891.8 | J51: =H51-I51 -> 451.2 | K51: =I51 -> 1891.8
A52: =GobFed!G52 -> 12.5 | B52: 1967 | C52: 33037500 | D52: =(C52/A52)/1000 -> 2643 | E52: - | F52: 2176.1 | G52: - | H52: 2804.2 | I52: 2176.1 | J52: =H52-I52 -> 628.1 | K52: =I52 -> 2176.1
A53: =GobFed!G53 -> 12.5 | B53: 1968 | C53: 39425000 | D53: =(C53/A53)/1000 -> 3154 | E53: - | F53: 2482.9 | G53: - | H53: 3174.3 | I53: 2483.3 | J53: =H53-I53 -> 691 | K53: =I53 -> 2483.3
A54: =GobFed!G54 -> 12.5 | B54: 1969 | C54: 42900000 | D54: =(C54/A54)/1000 -> 3432 | E54: - | F54: 2943.3 | G54: - | H54: 3778 | I54: 2914.8 | J54: =H54-I54 -> 863.2 | K54: =I54 -> 2914.8
A55: =GobFed!G55 -> 12.5 | B55: 1970 | C55: 53285000 | D55: =(C55/A55)/1000 -> 4262.8 | E55: - | F55: 3280.5 | G55: 4262.8 | H55: 4262.7 | I55: 3259.9 | J55: =H55-I55 -> 1002.8 | K55: =I55 -> 3259.9
A56: =GobFed!G56 -> 12.5 | B56: 1971 | C56: 56822500 | D56: =(C56/A56)/1000 -> 4545.8 | E56: - | F56: - | G56: 4545.8 | H56: 4545.8 | I56: 3554.4 | J56: =H56-I56 -> 991.4 | K56: =I56 -> 3554.4
A57: =GobFed!G57 -> 12.5 | B57: 1972 | C57: 63307500 | D57: =(C57/A57)/1000 -> 5064.6 | E57: - | F57: - | G57: 5064.6 | H57: 5064.6 | I57: 4322.2 | J57: =H57-I57 -> 742.4 | K57: =I57 -> 4322.2
A58: =GobFed!G58 -> 12.5 | B58: 1973 | C58: 88380000 | D58: =(C58/A58)/1000 -> 7070.4 | E58: - | F58: - | G58: 7070.4 | H58: 7070.4 | I58: 5731.8 | J58: =H58-I58 -> 1338.6 | K58: =I58 -> 5731.8
A59: =GobFed!G59 -> 12.5 | B59: 1974 | C59: 124687500 | D59: =(C59/A59)/1000 -> 9975 | E59: - | F59: - | G59: 9975 | H59: 9975 | I59: 7980.8 | J59: =H59-I59 -> 1994.2 | K59: =I59 -> 7980.8
A60: =GobFed!G60 -> 12.5 | B60: 1975 | C60: 180612500 | D60: =(C60/A60)/1000 -> 14449 | E60: - | F60: - | G60: 14449 | H60: 14449 | I60: 11612 | J60: =H60-I60 -> 2837 | K60: =I60 -> 11612
A61: =GobFed!G61 -> 15.4 | B61: 1976 | C61: 307527138 | D61: =(C61/A61)/1000 -> 19969.295 | E61: - | F61: - | G61: 19600.2 | H61: 19600.2 | I61: 15923 | J61: =H61-I61 -> 3677.2 | K61: =I61 -> 15923
A62: =GobFed!G62 -> 22.566667 | B62: 1977 | C62: 519875549 | D62: =(C62/A62)/1000 -> 23037.321 | E62: - | F62: - | G62: 22912.1 | H62: 22912.1 | I62: 20185.3 | J62: =H62-I62 -> 2726.8 | K62: =I62 -> 20185.3
A63: =GobFed!G63 -> 22.7 | B63: 1978 | C63: 597775468 | D63: =(C63/A63)/1000 -> 26333.721 | E63: - | F63: - | G63: 26264.3 | H63: 26264.3 | I63: 25027.7 | J63: =H63-I63 -> 1236.6 | K63: =I63 -> 25027.7
A64: =GobFed!G64 -> 22.766667 | B64: 1979 | C64: 679059304 | D64: =(C64/A64)/1000 -> 29826.909 | E64: - | F64: - | G64: 29757.2 | H64: 29757.2 | I64: 28315 | J64: =H64-I64 -> 1442.2 | K64: =I64 -> 28315
A65: =GobFed!G65 -> 22.941667 | B65: 1980 | E65: - | F65: - | G65: 33812.8 | H65: 33812.8 | I65: 32322 | J65: =H65-I65 -> 1490.8 | K65: =I65 -> 32322
A66: =GobFed!G66 -> 24.483333 | B66: 1981 | E66: - | F66: - | G66: 52960.6 | H66: 52960.6 | I66: 42206.7 | J66: =H66-I66 -> 10753.9 | K66: =I66 -> 42206.7
A67: =GobFed!G67 -> 54.316667 | B67: 1982 | G67: 58874.2 | H67: 58874.2 | I67: 49548.7 | J67: =H67-I67 -> 9325.5 | K67: =I67 -> 49548.7

Sheet Presupuesto
A1: Porcentaje promedio de los gastos del presupuesto federal según clasificación funcional Años seleccionados de 1900 a 2012
A3: Periodo | B3: Presidente | C3: Porcentaje del presupuesto federal a
C4: Total | D4: Económicos | E4: Sociales | F4: Administrativos
A5: 1900-1911 b | B5: Porfirio Díaz | C5: 100 | D5: 16 | E5: 7 | F5: 77
A6: 1911-1912 | B6: Francisco I. Madero | C6: 100 | D6: 18 | E6: 10 | F6: 73
A7: 1912-1913 | B7: Victoriano Huerta | C7: 100 | D7: 15 | E7: 9 | F7: 76
A8: 1917-1919 | B8: Venustiano Carranza | C8: 100 | D8: 16 | E8: 2 | F8: 82
A9: 1920 | B9: Adolfo de la Huerta | C9: 100 | D9: 17 | E9: 2 | F9: 81
A10: 1921-1924 | B10: Álvaro Obregón | C10: 100 | D10: 18 | E10: 10 | F10: 72
A11: 1925-1928 | B11: Plutarco Elías Calles | C11: 100 | D11: 25 | E11: 10 | F11: 65
A12: 1929 | B12: Emilio Portes Gil | C12: 100 | D12: 23 | E12: 13 | F12: 64
A13: 1930-1932 | B13: Pascual Ortiz Rubio | C13: 100 | D13: 28 | E13: 16 | F13: 56
A14: 1933-1934 | B14: Abelardo L. Rodríguez | C14: 100 | D14: 22 | E14: 15 | F14: 63
A15: 1935-1940 | B15: Lázaro Cárdenas | C15: 100 | D15: 38 | E15: 18 | F15: 44
A16: 1941-1946 | B16: Manuel Ávila Camacho | C16: 100 | D16: 39 | E16: 17 | F16: 44
A17: 1947-1952 | B17: Miguel Alemán Valdés | C17: 100 | D17: 52 | E17: 13 | F17: 35
A18: 1953-1958 | B18: Adolfo Ruiz Cortines | C18: 100 | D18: 53 | E18: 14 | F18: 33
A19: 1959-1964 | B19: Adolfo López Mateos | C19: 100 | D19: 39 | E19: 19 | F19: 42
A20: 1965-1970 | B20: Gustavo Díaz Ordaz | C20: 100 | D20: 55 | E20: 32 | F20: 13
A21: 1971-1976 | B21: Luis Echeverría Álvarez | C21: 100 | D21: 62 | E21: 29 | F21: 9
A22: 1977-1982 | B22: José López Portillo | C22: 100 | D22: 41 | E22: 33 | F22: 26
A23: 1983-1988 | B23: Miguel de la Madrid Hurtado | C23: 100 | D23: 39 | E23: 41 | F23: 20
A24: 1989-1994 c | B24: Carlos Salinas de Gortari | C24: 100 | D24: 32.6 | E24: 50 | F24: 17.4
... A27: 2007-2012 | B27: Felipe Calderón Hinojosa | C27: 100 | D27: 17.590926 | E27: 69.820252 | F27: 12.588822
A28: Nota:
A29: a Los porcentajes fueron estimados a partir de los egresos brutos de la federación de acuerdo a la siguiente agrupación: Gastos económicos:
A31: Agricultura y Recursos Hidráulicos, Industria y Comercio, Pesca, Patrimonio y Fomento industrial, Turismo, Inversiones, Erogaciones Adicionales y Promoción Regional.
A33: Gastos sociales: Comunicaciones y Transportes, Educación Pública, Salubridad y Asistencia, Trabajo y Previsión Social, Reforma Agraria, Asentamientos Humanos y Obras Públicas y Aportaciones a Seguridad Social.
A35: Gastos administrativos: Legislativo, Presidencia de la República, Judicial, Gobernación, Relaciones Exteriores, Hacienda y Crédito Público, Defensa Nacional, Marina, Procuraduría General de la República, Industria Militar, Programación y Presupuesto y Contraloría General de la Federación. No incluye lo correspondiente a Deuda Pública.
A38: b 1900-1901 y 1910-1911.
A39: c A partir de 1989, los porcentajes fueron estimados del gasto neto del Gobierno Federal según clasificación administrativa de acuerdo con la siguiente agrupación:
A41: Gastos económicos: Agricultura, Ganadería y Desarrollo Rural, Comunicaciones y Transportes, Comercio y Fomento Industrial, Reforma Agraria, Medio Ambiente, Recursos Naturales y Pesca, Energía, Turismo, Provisiones Salariales y Económicas, Erogaciones para Saneamiento Financiero y Tribunales Agrarios.
A44: Gastos Sociales: Educación Pública, Salud, Trabajo y Previsión Social, Aportaciones a Seguridad Social, Aportaciones para Educación Básica en los Estados, Desarrollo Social y Solidaridad y Desarrollo Regional.
A46: Gastos Administrativos: Legislativo, Presidencia de la República, Judicial, Gobernación, Relaciones Exteriores, Hacienda y Crédito Público, Defensa Nacional, Marina, Procuraduría General de la República, Contraloría y Desarrollo Administrativo, Órganos Electorales y Tribunal Fiscal de la Federación. No incluye lo correspondiente a la deuda pública.
A50: d A partir de 1995, los Gastos de Desarrollo Social consideran: Educación, Salud, Seguridad Social, Urbanización, Vivienda y Desarrollo Regional, Agua Potable y Alcantarillado, y Asistencia Social.
A52: Gastos Económicos: Energía, Comunicaciones y Transportes, Desarrollo Agropecuario y Forestal, Temas Laborales, Temas Empresariales, Servicios Financieros, Turismo, Ciencia y Tecnología, Temas Agrarios, y Desarrollo Sustentable.
... A64: Para 2007 a 2012: INEGI. El ingreso y el gasto público en México, 2013.

Sheet Fomento Gob
A1: Destino de la inversión pública federal realizada | L1: Destino de la inversión pública federal realizada en % del PIB
A2: Año | B2: Total | D2: Fomento agropecuario | E2: Fomento industrial | F2: Comunicaciones y transportes | G2: Beneficio social | H2: Administración y defensa | I2: Comercio y turismo | J2: Otros | L2: Año | M2: Total | O2: Fomento agropecuario | P2: Fomento industrial | Q2: Comunicaciones y transportes | R2: Beneficio social | S2: Administración y defensa | T2: Comercio y turismo | U2: Otros
B3: Total | D3: Fomento | E3: Fomento | F3: Fomento | G3: Beneficio | H3: Administra- | I3: Comercio | J3: Convenios | M3: Total | O3: Fomento | P3: Fomento | Q3: Fomento | R3: Beneficio | S3: Administra- | T3: Comercio | U3: Convenios
D4: agropecuario a | E4: agropecuario a | F4: agropecuario a | G4: social d | H4: ción y defensa e | I4: y turismo | J4: de coor- | O4: agropecuario a | P4: agropecuario a | Q4: agropecuario a | R4: social d | S4: ción y defensa e | T4: y turismo | U4: de coor-
A5: 1920 | B5: - | D5: - | E5: - | F5: - | G5: - | H5: - | I5: - | J5: - | L5: 1920 | M5: nd | O5: - | P5: - | Q5: - | R5: - | S5: - | T5: - | U5: -
A6: 1921 | B6: - | D6: - | E6: - | F6: - | G6: - | H6: - | I6: - | J6: - | L6: 1921 | M6: nd | O6: - | P6: - | Q6: - | R6: - | S6: - | T6: - | U6: -
A7: 1922 | B7: - | D7: - | E7: - | F7: - | G7: - | H7: - | I7: - | J7: - | L7: 1922 | M7: nd | O7: - | P7: - | Q7: - | R7: - | S7: - | T7: - | U7: -
A8: 1923 | B8: - | D8: - | E8: - | F8: - | G8: - | H8: - | I8: - | J8: - | L8: 1923 | M8: nd | O8: - | P8: - | Q8: - | R8: - | S8: - | T8: - | U8: -
A9: 1924 | B9: - | D9: - | E9: - | F9: - | G9: - | H9: - | I9: - | J9: - | L9: 1924 | M9: nd | O9: - | P9: - | Q9: - | R9: - | S9: - | T9: - | U9: -
A10: 1925 | B10: 82 | D10: - | E10: - | F10: 77 | G10: 5 | H10: - | I10: - | J10: - | L10: 1925 | M10: =(B10/GobFed!D10)*100 -> 1.5651842 | O10: - | P10: - | Q10: =(F10/GobFed!$D10)*100 -> 1.4697461 | R10: =(G10/GobFed!$D10)*100 -> 0.095438061 | S10: - | T10: - | U10: -
A11: 1926 | B11: 102 | D11: 20 | E11: nd | F11: 77 | G11: 5 | H11: - | I11: - | J11: - | L11: 1926 | M11: =(B11/GobFed!$D11)*100 -> 1.8650576 | O11: =(D11/GobFed!$D11)*100 -> 0.36569757 | P11: - | Q11: =(F11/GobFed!$D11)*100 -> 1.4079356 | R11: =(G11/GobFed!$D11)*100 -> 0.091424392 | S11: - | T11: - | U11: -
A12: 1927 | B12: 97 | D12: 20 | E12: nd | F12: 72 | G12: 5 | H12: - | I12: - | J12: - | L12: 1927 | M12: =(B12/GobFed!D12)*100 -> 1.9450571 | O12: =(D12/GobFed!$D12)*100 -> 0.40104271 | P12: - | Q12: =(F12/GobFed!$D12)*100 -> 1.4437538 | R12: =(G12/GobFed!$D12)*100 -> 0.10026068 | S12: - | T12: - | U12: -
A13: 1928 | B13: 99 | D13: 20 | E13: nd | F13: 72 | G13: 7 | H13: - | I13: - | J13: - | L13: 1928 | M13: =(B13/GobFed!D13)*100 -> 1.9728976 | O13: =(D13/GobFed!$D13)*100 -> 0.39856517 | P13: - | Q13: =(F13/GobFed!$D13)*100 -> 1.4348346 | R13: =(G13/GobFed!$D13)*100 -> 0.13949781 | S13: - | T13: - | U13: -
A14: 1929 | B14: 98 | D14: 10 | E14: nd | F14: 72 | G14: 16 | H14: - | I14: - | J14: - | L14: 1929 | M14: =(B14/GobFed!D14)*100 -> 2.0152169 | O14: =(D14/GobFed!$D14)*100 -> 0.20563438 | P14: - | Q14: =(F14/GobFed!$D14)*100 -> 1.4805676 | R14: =(G14/GobFed!$D14)*100 -> 0.32901501 | S14: - | T14: - | U14: -
A15: 1930 | B15: 103 | D15: 10 | E15: nd | F15: 80 | G15: 13 | H15: - | I15: - | J15: - | L15: 1930 | M15: =(B15/GobFed!D15)*100 -> 2.2065124 | O15: =(D15/GobFed!$D15)*100 -> 0.21422451 | P15: - | Q15: =(F15/GobFed!$D15)*100 -> 1.7137961 | R15: =(G15/GobFed!$D15)*100 -> 0.27849186 | S15: - | T15: - | U15: -
A16: 1931 | B16: 91 | D16: 10 | E16: nd | F16: 70 | G16: 11 | H16: - | I16: - | J16: - | L16: 1931 | M16: =(B16/GobFed!D16)*100 -> 2.1574206 | O16: =(D16/GobFed!$D16)*100 -> 0.23707918 | P16: - | Q16: =(F16/GobFed!$D16)*100 -> 1.6595543 | R16: =(G16/GobFed!$D16)*100 -> 0.2607871 | S16: - | T16: - | U16: -
A17: 1932 | B17: 73 | D17: 10 | E17: nd | F17: 55 | G17: 8 | H17: - | I17: - | J17: - | L17: 1932 | M17: =(B17/GobFed!D17)*100 -> 2.2769807 | O17: =(D17/GobFed!$D17)*100 -> 0.31191516 | P17: - | Q17: =(F17/GobFed!$D17)*100 -> 1.7155334 | R17: =(G17/GobFed!$D17)*100 -> 0.24953213 | S17: - | T17: - | U17: -
A18: 1933 | B18: 85 | D18: 10 | E18: nd | F18: 64 | G18: 11 | H18: - | I18: - | J18: - | L18: 1933 | M18: =(B18/GobFed!D18)*100 -> 2.2474881 | O18: =(D18/GobFed!$D18)*100 -> 0.26441036 | P18: - | Q18: =(F18/GobFed!$D18)*100 -> 1.6922263 | R18: =(G18/GobFed!$D18)*100 -> 0.2908514 | S18: - | T18: - | U18: -
A19: 1934 | B19: 98 | D19: 10 | E19: nd | F19: 75 | G19: 13 | H19: - | I19: - | J19: - | L19: 1934 | M19: =(B19/GobFed!D19)*100 -> 2.3608769 | O19: =(D19/GobFed!$D19)*100 -> 0.24090581 | P19: - | Q19: =(F19/GobFed!$D19)*100 -> 1.8067935 | R19: =(G19/GobFed!$D19)*100 -> 0.31317755 | S19: - | T19: - | U19: -
A20: 1935 | B20: 137 | D20: 30 | E20: nd | F20: 93 | G20: 14 | H20: - | I20: - | J20: - | L20: 1935 | M20: =(B20/GobFed!D20)*100 -> 3.0176211 | O20: =(D20/GobFed!$D20)*100 -> 0.66079295 | P20: - | Q20: =(F20/GobFed!$D20)*100 -> 2.0484581 | R20: =(G20/GobFed!$D20)*100 -> 0.30837004 | S20: - | T20: - | U20: -
A21: 1936 | B21: 168 | D21: 32 | E21: nd | F21: 122 | G21: 14 | H21: - | I21: - | J21: - | L21: 1936 | M21: =(B21/GobFed!D21)*100 -> 3.1425365 | O21: =(D21/GobFed!$D21)*100 -> 0.59857838 | P21: - | Q21: =(F21/GobFed!$D21)*100 -> 2.2820801 | R21: =(G21/GobFed!$D21)*100 -> 0.26187804 | S21: - | T21: - | U21: -
A22: 1937 | B22: 192 | D22: 34 | E22: nd | F22: 140 | G22: 18 | H22: - | I22: - | J22: - | L22: 1937 | M22: =(B22/GobFed!D22)*100 -> 2.8235294 | O22: =(D22/GobFed!$D22)*100 -> 0.5 | P22: - | Q22: =(F22/GobFed!$D22)*100 -> 2.0588235 | R22: =(G22/GobFed!$D22)*100 -> 0.26470588 | S22: - | T22: - | U22: -
A23: 1938 | B23: 198 | D23: 36 | E23: 3 | F23: 139 | G23: 20 | H23: - | I23: - | J23: - | L23: 1938 | M23: =(B23/GobFed!D23)*100 -> 2.7194067 | O23: =(D23/GobFed!$D23)*100 -> 0.49443758 | P23: =(E23/GobFed!$D23)*100 -> 0.041203131 | Q23: =(F23/GobFed!$D23)*100 -> 1.9090784 | R23: =(G23/GobFed!$D23)*100 -> 0.27468754 | S23: - | T23: - | U23: -
A24: 1939 | B24: 233 | D24: 39 | E24: 27 | F24: 144 | G24: 22 | H24: 1 | I24: - | J24: - | L24: 1939 | M24: =(B24/GobFed!D24)*100 -> 2.9929351 | O24: =(D24/GobFed!$D24)*100 -> 0.50096339 | P24: =(E24/GobFed!$D24)*100 -> 0.34682081 | Q24: =(F24/GobFed!$D24)*100 -> 1.849711 | R24: =(G24/GobFed!$D24)*100 -> 0.28259473 | S24: =(H24/GobFed!$D24)*100 -> 0.012845215 | T24: - | U24: -
A25: 1940 | B25: 290 | D25: 45 | E25: 60 | F25: 152 | G25: 29 | H25: 4 | I25: - | J25: - | L25: 1940 | M25: =(B25/GobFed!D25)*100 -> 3.5155776 | O25: =(D25/GobFed!$D25)*100 -> 0.54552067 | P25: =(E25/GobFed!$D25)*100 -> 0.72736089 | Q25: =(F25/GobFed!$D25)*100 -> 1.8426476 | R25: =(G25/GobFed!$D25)*100 -> 0.35155776 | S25: =(H25/GobFed!$D25)*100 -> 0.048490726 | T25: - | U25: -
A26: 1941 | B26: 337 | D26: 59 | E26: 28 | F26: 189 | G26: 54 | H26: 7 | I26: - | J26: - | L26: 1941 | M26: =(B26/GobFed!D26)*100 -> 3.6503466 | O26: =(D26/GobFed!$D26)*100 -> 0.63908146 | P26: =(E26/GobFed!$D26)*100 -> 0.30329289 | Q26: =(F26/GobFed!$D26)*100 -> 2.047227 | R26: =(G26/GobFed!$D26)*100 -> 0.58492201 | S26: =(H26/GobFed!$D26)*100 -> 0.075823224 | T26: - | U26: -
A27: 1942 | B27: 464 | D27: 65 | E27: 38 | F27: 300 | G27: 54 | H27: 7 | I27: - | J27: - | L27: 1942 | M27: =(B27/GobFed!D27)*100 -> 4.3441625 | O27: =(D27/GobFed!$D27)*100 -> 0.60855725 | P27: =(E27/GobFed!$D27)*100 -> 0.35577193 | Q27: =(F27/GobFed!$D27)*100 -> 2.8087258 | R27: =(G27/GobFed!$D27)*100 -> 0.50557064 | S27: =(H27/GobFed!$D27)*100 -> 0.065536935 | T27: - | U27: -
A28: 1943 | B28: 568 | D28: 86 | E28: 36 | F28: 387 | G28: 51 | H28: 8 | I28: - | J28: - | L28: 1943 | M28: =(B28/GobFed!D28)*100 -> 4.357499 | O28: =(D28/GobFed!$D28)*100 -> 0.65976218 | P28: =(E28/GobFed!$D28)*100 -> 0.27617952 | Q28: =(F28/GobFed!$D28)*100 -> 2.9689298 | R28: =(G28/GobFed!$D28)*100 -> 0.39125432 | S28: =(H28/GobFed!$D28)*100 -> 0.061373226 | T28: - | U28: -
A29: 1944 | B29: 657 | D29: 124 | E29: 63 | F29: 388 | G29: 71 | H29: 11 | I29: - | J29: - | L29: 1944 | M29: =(B29/GobFed!D29)*100 -> 3.494495 | O29: =(D29/GobFed!$D29)*100 -> 0.65953939 | P29: =(E29/GobFed!$D29)*100 -> 0.33508856 | Q29: =(F29/GobFed!$D29)*100 -> 2.06372 | R29: =(G29/GobFed!$D29)*100 -> 0.37763949 | S29: =(H29/GobFed!$D29)*100 -> 0.058507526 | T29: - | U29: -
A30: 1945 | B30: 848 | D30: 146 | E30: 132 | F30: 460 | G30: 91 | H30: 19 | I30: - | J30: - | L30: 1945 | M30: =(B30/GobFed!D30)*100 -> 4.1233103 | O30: =(D30/GobFed!$D30)*100 -> 0.70990956 | P30: =(E30/GobFed!$D30)*100 -> 0.64183604 | Q30: =(F30/GobFed!$D30)*100 -> 2.2367014 | R30: =(G30/GobFed!$D30)*100 -> 0.44247788 | S30: =(H30/GobFed!$D30)*100 -> 0.092385491 | T30: - | U30: -
A31: 1946 | B31: 999 | D31: 194 | E31: 153 | F31: 526 | G31: 106 | H31: 20 | I31: - | J31: - | L31: 1946 | M31: =(B31/GobFed!D31)*100 -> 3.5767991 | O31: =(D31/GobFed!$D31)*100 -> 0.69459363 | P31: =(E31/GobFed!$D31)*100 -> 0.54779807 | Q31: =(F31/GobFed!$D31)*100 -> 1.8832796 | R31: =(G31/GobFed!$D31)*100 -> 0.37952023 | S31: =(H31/GobFed!$D31)*100 -> 0.07160759 | T31: - | U31: -
A32: 1947 | B32: 1310 | D32: 261 | E32: 168 | F32: 674 | G32: 181 | H32: 26 | I32: - | J32: - | L32: 1947 | M32: =(B32/GobFed!D32)*100 -> 4.2226735 | O32: =(D32/GobFed!$D32)*100 -> 0.84131129 | P32: =(E32/GobFed!$D32)*100 -> 0.5415337 | Q32: =(F32/GobFed!$D32)*100 -> 2.1725816 | R32: =(G32/GobFed!$D32)*100 -> 0.58343809 | S32: =(H32/GobFed!$D32)*100 -> 0.083808787 | T32: - | U32: -
A33: 1948 | B33: 1539 | D33: 320 | E33: 279 | F33: 681 | G33: 241 | H33: 18 | I33: - | J33: - | L33: 1948 | M33: =(B33/GobFed!D33)*100 -> 4.6494064 | O33: =(D33/GobFed!$D33)*100 -> 0.96673817 | P33: =(E33/GobFed!$D33)*100 -> 0.84287484 | Q33: =(F33/GobFed!$D33)*100 -> 2.0573397 | R33: =(G33/GobFed!$D33)*100 -> 0.72807468 | S33: =(H33/GobFed!$D33)*100 -> 0.054379022 | T33: - | U33: -
A34: 1949 | B34: 1956 | D34: 459 | E34: 472 | F34: 758 | G34: 236 | H34: 31 | I34: - | J34: - | L34: 1949 | M34: =(B34/GobFed!D34)*100 -> 5.3718554 | O34: =(D34/GobFed!$D34)*100 -> 1.2605734 | P34: =(E34/GobFed!$D34)*100 -> 1.296276 | Q34: =(F34/GobFed!$D34)*100 -> 2.0817313 | R34: =(G34/GobFed!$D34)*100 -> 0.64813798 | S34: =(H34/GobFed!$D34)*100 -> 0.085136768 | T34: - | U34: -
A35: 1950 | B35: 2672 | D35: 516 | E35: 796 | F35: 1079 | G35: 256 | H35: 25 | I35: - | J35: - | L35: 1950 | M35: =(B35/GobFed!D35)*100 -> 6.33731 | O35: =(D35/GobFed!$D35)*100 -> 1.2238218 | P35: =(E35/GobFed!$D35)*100 -> 1.8879112 | Q35: =(F35/GobFed!$D35)*100 -> 2.5591158 | R35: =(G35/GobFed!$D35)*100 -> 0.60716742 | S35: =(H35/GobFed!$D35)*100 -> 0.059293694 | T35: - | U35: -
... A55: 1970 | B55: 29205 | D55: 3921 | E55: 11097 | F55: 5525 | G55: 8196 | H55: 466 | I55: - | J55: - | L55: 1970 | M55: =(B55/GobFed!D55)*100 -> 6.5732613 | O55: =(D55/GobFed!$D55)*100 -> 0.88251182 | P55: =(E55/GobFed!$D55)*100 -> 2.4976367 | Q55: =(F55/GobFed!$D55)*100 -> 1.2435291 | R55: =(G55/GobFed!$D55)*100 -> 1.8446995 | S55: =(H55/GobFed!$D55)*100 -> 0.10488409 | T55: - | U55: -
A56: 1971 | B56: 22398 | D56: 3264 | E56: 9328 | F56: 4589 | G56: 4854 | H56: 307 | I56: 56 | J56: - | L56: 1971 | M56: =(B56/GobFed!D56)*100 -> 4.5709178 | O56: =(D56/GobFed!$D56)*100 -> 0.6661075 | P56: =(E56/GobFed!$D56)*100 -> 1.9036307 | Q56: =(F56/GobFed!$D56)*100 -> 0.93650959 | R56: =(G56/GobFed!$D56)*100 -> 0.99059001 | S56: =(H56/GobFed!$D56)*100 -> 0.062651655 | T56: =(I56/GobFed!$D56)*100 -> 0.011428315 | U56: -
A57: 1972 | B57: 33298 | D57: 4948 | E57: 11481 | F57: 7877 | G57: 7682 | H57: 1170 | I57: 140 | J57: - | L57: 1972 | M57: =(B57/GobFed!D57)*100 -> 5.8963108 | O57: =(D57/GobFed!$D57)*100 -> 0.87617712 | P57: =(E57/GobFed!$D57)*100 -> 2.0330213 | Q57: =(F57/GobFed!$D57)*100 -> 1.3948357 | R57: =(G57/GobFed!$D57)*100 -> 1.3603057 | S57: =(H57/GobFed!$D57)*100 -> 0.20718012 | T57: =(I57/GobFed!$D57)*100 -> 0.024790783 | U57: -
A58: 1973 | B58: 49838 | D58: 7044 | E58: 16222 | F58: 12651 | G58: 12835 | H58: 865 | I58: 221 | J58: - | L58: 1973 | M58: =(B58/GobFed!D58)*100 -> 7.2135836 | O58: =(D58/GobFed!$D58)*100 -> 1.019553 | P58: =(E58/GobFed!$D58)*100 -> 2.3479825 | Q58: =(F58/GobFed!$D58)*100 -> 1.8311137 | R58: =(G58/GobFed!$D58)*100 -> 1.857746 | S58: =(H58/GobFed!$D58)*100 -> 0.12520065 | T58: =(I58/GobFed!$D58)*100 -> 0.03198768 | U58: -
A59: 1974 | B59: 64818 | D59: 10969 | E59: 23346 | F59: 15541 | G59: 13451 | H59: 1117 | I59: 394 | J59: - | L59: 1974 | M59: =(B59/GobFed!D59)*100 -> 7.2043454 | O59: =(D59/GobFed!$D59)*100 -> 1.2191747 | P59: =(E59/GobFed!$D59)*100 -> 2.5948448 | Q59: =(F59/GobFed!$D59)*100 -> 1.7273401 | R59: =(G59/GobFed!$D59)*100 -> 1.4950423 | S59: =(H59/GobFed!$D59)*100 -> 0.12415153 | T59: =(I59/GobFed!$D59)*100 -> 0.043792035 | U59: -
A60: 1975 | B60: 95767 | D60: 17322 | E60: 39754 | F60: 19827 | G60: 15776 | H60: 2058 | I60: 1030 | J60: - | L60: 1975 | M60: =(B60/GobFed!D60)*100 -> 8.7056952 | O60: =(D60/GobFed!$D60)*100 -> 1.5746557 | P60: =(E60/GobFed!$D60)*100 -> 3.6138357 | Q60: =(F60/GobFed!$D60)*100 -> 1.8023726 | R60: =(G60/GobFed!$D60)*100 -> 1.4341166 | S60: =(H60/GobFed!$D60)*100 -> 0.18708241 | T60: =(I60/GobFed!$D60)*100 -> 0.093632108 | U60: -
A61: 1976 | B61: 108611 | D61: 15095 | E61: 49955 | F61: 20826 | G61: 15760 | H61: 4621 | I61: 2354 | J61: - | L61: 1976 | M61: =(B61/GobFed!D61)*100 -> 7.9222126 | O61: =(D61/GobFed!$D61)*100 -> 1.1010469 | P61: =(E61/GobFed!$D61)*100 -> 3.6437758 | Q61: =(F61/GobFed!$D61)*100 -> 1.5190727 | R61: =(G61/GobFed!$D61)*100 -> 1.1495527 | S61: =(H61/GobFed!$D61)*100 -> 0.33706111 | T61: =(I61/GobFed!$D61)*100 -> 0.1717035 | U61: -
A62: 1977 | B62: 140102 | D62: 25774 | E62: 63293 | F62: 26570 | G62: 19375 | H62: 3885 | I62: 1205 | J62: - | L62: 1977 | M62: =(B62/GobFed!D62)*100 -> 7.5760992 | O62: =(D62/GobFed!$D62)*100 -> 1.3937444 | P62: =(E62/GobFed!$D62)*100 -> 3.4226067 | Q62: =(F62/GobFed!$D62)*100 -> 1.4367886 | R62: =(G62/GobFed!$D62)*100 -> 1.0477147 | S62: =(H62/GobFed!$D62)*100 -> 0.21008369 | T62: =(I62/GobFed!$D62)*100 -> 0.065161094 | U62: -
A63: 1978 | B63: 217382 | D63: 41002 | E63: 104454 | F63: 31556 | G63: 34846 | H63: 3591 | I63: 1933 | J63: - | L63: 1978 | M63: =(B63/GobFed!D63)*100 -> 9.3001705 | O63: =(D63/GobFed!$D63)*100 -> 1.7541728 | P63: =(E63/GobFed!$D63)*100 -> 4.4688153 | Q63: =(F63/GobFed!$D63)*100 -> 1.3500482 | R63: =(G63/GobFed!$D63)*100 -> 1.490803 | S63: =(H63/GobFed!$D63)*100 -> 0.15363237 | T63: =(I63/GobFed!$D63)*100 -> 0.082698796 | U63: -
A64: 1979 | B64: 313751 | D64: 47030 | E64: 145509 | F64: 44268 | G64: 53834 | H64: 7358 | I64: 3295 | J64: 12457 | L64: 1979 | M64: =(B64/GobFed!D64)*100 -> 10.228145 | O64: =(D64/GobFed!$D64)*100 -> 1.5331573 | P64: =(E64/GobFed!$D64)*100 -> 4.7435295 | Q64: =(F64/GobFed!$D64)*100 -> 1.4431174 | R64: =(G64/GobFed!$D64)*100 -> 1.7549648 | S64: =(H64/GobFed!$D64)*100 -> 0.23986757 | T64: =(I64/GobFed!$D64)*100 -> 0.10741555 | U64: =(J64/GobFed!$D64)*100 -> 0.40609273
A65: 1980 | B65: 486178 | C65: f | D65: 76863 | E65: 221744 | F65: 58586 | G65: 81606 | H65: 15800 | I65: 6598 | J65: 15385 | L65: 1980 | M65: =(B65/GobFed!D65)*100 -> 11.069861 | N65: f | O65: =(D65/GobFed!$D65)*100 -> 1.7501054 | P65: =(E65/GobFed!$D65)*100 -> 5.0489229 | Q65: =(F65/GobFed!$D65)*100 -> 1.3339536 | R65: =(G65/GobFed!$D65)*100 -> 1.8580995 | S65: =(H65/GobFed!$D65)*100 -> 0.35975261 | T65: =(I65/GobFed!$D65)*100 -> 0.15023087 | U65: =(J65/GobFed!$D65)*100 -> 0.35030341
A66: 1981 | B66: 758495 | D66: 104951 | E66: 375297 | F66: 103874 | G66: 117417 | H66: 26777 | I66: 9112 | J66: 21067 | L66: 1981 | M66: =(B66/GobFed!D66)*100 -> 12.573966 | O66: =(D66/GobFed!$D66)*100 -> 1.7398273 | P66: =(E66/GobFed!$D66)*100 -> 6.2214934 | Q66: =(F66/GobFed!$D66)*100 -> 1.7219733 | R66: =(G66/GobFed!$D66)*100 -> 1.9464826 | S66: =(H66/GobFed!$D66)*100 -> 0.44389624 | T66: =(I66/GobFed!$D66)*100 -> 0.15105436 | U66: =(J66/GobFed!$D66)*100 -> 0.34923861
A67: 1982 | B67: 1016042 | C67: g | D67: 154962 | E67: 524611 | F67: 148628 | G67: 90276 | H67: 23724 | I67: 15442 | J67: - | L67: 1982 | M67: =(B67/GobFed!D67)*100 -> 10.588457 | N67: g | O67: =(D67/GobFed!$D67)*100 -> 1.6149022 | P67: =(E67/GobFed!$D67)*100 -> 5.4671174 | Q67: =(F67/GobFed!$D67)*100 -> 1.5488938 | R67: =(G67/GobFed!$D67)*100 -> 0.94079135 | S67: =(H67/GobFed!$D67)*100 -> 0.24723441 | T67: =(I67/GobFed!$D67)*100 -> 0.16092538 | U67: -
A68: 1983 | B68: 1365427 | C68: h | D68: 124435 | E68: 659780 | F68: 288551 | G68: 106303 | H68: 38234 | I68: 23066 | J68: - | L68: 1983 | M68: nd | N68: h | O68: - | P68: - | Q68: - | R68: - | S68: - | T68: - | U68: -
A69: 1984 | B69: 2262391 | C69: i | D69: 229700 | E69: 901878 | F69: 535620 | G69: 201096 | H69: 82492 | I69: 52773 | J69: - | L69: 1984 | M69: nd | N69: i | O69: - | P69: - | Q69: - | R69: - | S69: - | T69: - | U69: -
A71: a Comprende: agricultura (grande y pequeña irrigación y otras inversiones agrícolas); ganadería, forestal, almacenes, rastros y pesca.
A72: b Comprende: energía y combustibles (electricidad, petróleo y gas), siderurgia (hierro, acero, carbón y coque); minería y otras industrias.
A73: c Comprende: terrestres (carreteras, ferrocarriles y ductos); marítimas, aéreas y tele comunicaciones.
A74: d Comprende: servicios públicos, urbanos y rurales; hospitales y centros asistenciales; educación e investigación y habitación.
A75: e Comprende: defensa y edificios públicos.
A76: f Incluye 9 mil 596 millones pesos de Coplamar.
A77: g Incluye 58 mil 399 millones de pesos de Promoción Regional.
A78: h Incluye 125 mil 058 millones de pesos de Desarrollo Regional y Ecología.
A79: i Incluye 258 mil 832 millones de pesos de Desarrollo Regional y Ecología.
A80: Fuente: Para 1925 a 1970: Secretaría de la Presidencia. Dirección de Inversiones Públicas.
A81: Para 1971 a 1984: Presidencia de la República, II Informe de Gobierno de Miguel de La Madrid.

Sheet Reparto tierra
A2: Dotación de tierras según tipo de tierra
A3: Periodo | B3: Total | C3: Riego | D3: Temporal | E3: Agostadero | F3: Monte | G3: Desértica | H3: Indefinida
A4: 1900-1914 | B4: 194495 | C4: 27194 | D4: 17976 | E4: 58749 | F4: 18399 | G4: 16987 | H4: 55190
A5: 1915-1934 | B5: 11580833 | C5: 247645 | D5: 1387258 | E5: 2046772 | F5: 1509623 | G5: 189376 | H5: 6200159
A6: 1935-1940 | B6: 18786131 | C6: 937401 | D6: 3382696 | E6: 9438337 | F6: 3692972 | G6: 302539 | H6: 1032186
A7: 1941-1946 | B7: 7287697 | C7: 95844 | D7: 1007955 | E7: 3925151 | F7: 1410933 | G7: 9480 | H7: 838334
A8: 1947-1952 | B8: 4633321 | C8: 62212 | D8: 738268 | E8: 2665085 | F8: 834491 | G8: 36733 | H8: 296532
A9: 1953-1958 | B9: 6056773 | C9: 78618 | D9: 902624 | E9: 2973597 | F9: 632685 | G9: 898 | H9: 1468351
A10: 1959-1964 | B10: 8870430 | C10: 158985 | D10: 1354374 | E10: 5527498 | F10: 579247 | G10: 17612 | H10: 1232714
A11: 1965-1970 | B11: 24738199 | C11: 71821 | D11: 2039807 | E11: 16124843 | F11: 1773604 | G11: 82153 | H11: 4645971
A12: 1971-1976 | B12: 12773888 | C12: 111098 | D12: 657243 | E12: 7533326 | F12: 343605 | G12: 171699 | H12: 3956917
A13: 1977-1982 | B13: 6397595 | C13: 79654 | D13: 871084 | E13: 4012597 | F13: 220677 | G13: 42502 | H13: 1171081
A14: Suma | B14: =SUM(B4:B13) -> 101319362 | C14: =SUM(C4:C13) -> 1870472 | D14: =SUM(D4:D13) -> 12359285 | E14: =SUM(E4:E13) -> 54305955 | F14: =SUM(F4:F13) -> 11016236 | G14: =SUM(G4:G13) -> 869979 | H14: =SUM(H4:H13) -> 20897435
A15: Fuente: Secretaría de la Reforma Agraria, Dirección General de Información y Documentación Agraria.
